Workbook

Sheet Summary
A1: Self Storage Pro Forma Summary
A2: Calculated indicators for Cedar Lantern Storage - Lake Briar (Fictional).
A3: Facility | B3: =IFERROR('Assumptions'!$B$4,"") | D3: Projection Year | E3: Average Occupancy | F3: Scheduled Rental Income | G3: Effective Gross Income | H3: Net Operating Income | I3: Cash Flow After Debt Service
A4: Projection Start | B4: =IFERROR('Assumptions'!$B$5,"") | D4: =IF(COUNT('Monthly Pro Forma'!$A$5:$A$16)=0,"","Year 1") | E4: =IFERROR(AVERAGE('Monthly Pro Forma'!$E$5:$E$16),"") | F4: =IF(COUNT('Monthly Pro Forma'!$A$5:$A$16)=0,"",IFERROR(SUM('Monthly Pro Forma'!$G$5:$G$16),"")) | G4: =IF(COUNT('Monthly Pro Forma'!$A$5:$A$16)=0,"",IFERROR(SUM('Monthly Pro Forma'!$J$5:$J$16),"")) | H4: =IF(COUNT('Monthly Pro Forma'!$A$5:$A$16)=0,"",IFERROR(SUM('Monthly Pro Forma'!$N$5:$N$16),"")) | I4: =IF(COUNT('Monthly Pro Forma'!$A$5:$A$16)=0,"",IFERROR(SUM('Monthly Pro Forma'!$P$5:$P$16),""))
A5: Projection Months | B5: =IFERROR('Assumptions'!$B$6,"") | D5: =IF(COUNT('Monthly Pro Forma'!$A$17:$A$28)=0,"","Year 2") | E5: =IFERROR(AVERAGE('Monthly Pro Forma'!$E$17:$E$28),"") | F5: =IF(COUNT('Monthly Pro Forma'!$A$17:$A$28)=0,"",IFERROR(SUM('Monthly Pro Forma'!$G$17:$G$28),"")) | G5: =IF(COUNT('Monthly Pro Forma'!$A$17:$A$28)=0,"",IFERROR(SUM('Monthly Pro Forma'!$J$17:$J$28),"")) | H5: =IF(COUNT('Monthly Pro Forma'!$A$17:$A$28)=0,"",IFERROR(SUM('Monthly Pro Forma'!$N$17:$N$28),"")) | I5: =IF(COUNT('Monthly Pro Forma'!$A$17:$A$28)=0,"",IFERROR(SUM('Monthly Pro Forma'!$P$17:$P$28),""))
A6: Included Unit Types | B6: =IFERROR(COUNTIFS('Unit Mix'!$A$5:$A$104,'Assumptions'!$B$4,'Unit Mix'!$I$5:$I$104,"Included"),"") | D6: =IF(COUNT('Monthly Pro Forma'!$A$29:$A$40)=0,"","Year 3") | E6: =IFERROR(AVERAGE('Monthly Pro Forma'!$E$29:$E$40),"") | F6: =IF(COUNT('Monthly Pro Forma'!$A$29:$A$40)=0,"",IFERROR(SUM('Monthly Pro Forma'!$G$29:$G$40),"")) | G6: =IF(COUNT('Monthly Pro Forma'!$A$29:$A$40)=0,"",IFERROR(SUM('Monthly Pro Forma'!$J$29:$J$40),"")) | H6: =IF(COUNT('Monthly Pro Forma'!$A$29:$A$40)=0,"",IFERROR(SUM('Monthly Pro Forma'!$N$29:$N$40),"")) | I6: =IF(COUNT('Monthly Pro Forma'!$A$29:$A$40)=0,"",IFERROR(SUM('Monthly Pro Forma'!$P$29:$P$40),""))
A7: Available Units | B7: =IF(COUNT('Monthly Pro Forma'!$A$5:$A$104)=0,"",IFERROR(INDEX('Monthly Pro Forma'!$C$5:$C$104,1),"")) | D7: =IF(COUNT('Monthly Pro Forma'!$A$41:$A$52)=0,"","Year 4") | E7: =IFERROR(AVERAGE('Monthly Pro Forma'!$E$41:$E$52),"") | F7: =IF(COUNT('Monthly Pro Forma'!$A$41:$A$52)=0,"",IFERROR(SUM('Monthly Pro Forma'!$G$41:$G$52),"")) | G7: =IF(COUNT('Monthly Pro Forma'!$A$41:$A$52)=0,"",IFERROR(SUM('Monthly Pro Forma'!$J$41:$J$52),"")) | H7: =IF(COUNT('Monthly Pro Forma'!$A$41:$A$52)=0,"",IFERROR(SUM('Monthly Pro Forma'!$N$41:$N$52),"")) | I7: =IF(COUNT('Monthly Pro Forma'!$A$41:$A$52)=0,"",IFERROR(SUM('Monthly Pro Forma'!$P$41:$P$52),""))
A8: Rentable Square Feet | B8: =IFERROR(SUMIFS('Unit Mix'!$K$5:$K$104,'Unit Mix'!$A$5:$A$104,'Assumptions'!$B$4,'Unit Mix'!$I$5:$I$104,"Included"),"") | D8: =IF(COUNT('Monthly Pro Forma'!$A$53:$A$64)=0,"","Year 5") | E8: =IFERROR(AVERAGE('Monthly Pro Forma'!$E$53:$E$64),"") | F8: =IF(COUNT('Monthly Pro Forma'!$A$53:$A$64)=0,"",IFERROR(SUM('Monthly Pro Forma'!$G$53:$G$64),"")) | G8: =IF(COUNT('Monthly Pro Forma'!$A$53:$A$64)=0,"",IFERROR(SUM('Monthly Pro Forma'!$J$53:$J$64),"")) | H8: =IF(COUNT('Monthly Pro Forma'!$A$53:$A$64)=0,"",IFERROR(SUM('Monthly Pro Forma'!$N$53:$N$64),"")) | I8: =IF(COUNT('Monthly Pro Forma'!$A$53:$A$64)=0,"",IFERROR(SUM('Monthly Pro Forma'!$P$53:$P$64),""))
A9: Month 1 Occupancy | B9: =IFERROR(INDEX('Monthly Pro Forma'!$E$5:$E$104,1),"")
A10: Final Projected Month Occupancy | B10: =IFERROR(INDEX('Monthly Pro Forma'!$E$5:$E$104,'Assumptions'!$B$6),"")
A11: Five-Year Effective Gross Income | B11: =IF(COUNT('Monthly Pro Forma'!$J$5:$J$104)=0,"",SUM('Monthly Pro Forma'!$J$5:$J$104))
A12: Five-Year Net Operating Income | B12: =IF(COUNT('Monthly Pro Forma'!$N$5:$N$104)=0,"",SUM('Monthly Pro Forma'!$N$5:$N$104))
A13: Five-Year Cash Flow After Debt Service | B13: =IF(COUNT('Monthly Pro Forma'!$P$5:$P$104)=0,"",SUM('Monthly Pro Forma'!$P$5:$P$104))
A14: Unit Mix Rows Marked Review | B14: =IFERROR(COUNTIFS('Unit Mix'!$A$5:$A$104,'Assumptions'!$B$4,'Unit Mix'!$I$5:$I$104,"Review"),"")
A15: Monthly Periods Marked Review | B15: =IFERROR(COUNTIF('Monthly Pro Forma'!$Q$5:$Q$104,"Review"),"")

Sheet Unit Mix
A1: Self Storage Pro Forma Unit Mix
A2: Yellow cells are editable inputs. Rows marked Review are excluded from the monthly scenario until reviewed.
A4: Facility | B4: Unit Type | C4: Size (Square Feet) | D4: Units | E4: Monthly Rent per Unit | F4: Starting Occupancy | G4: Stabilized Occupancy | H4: Owner | I4: Status | J4: Notes | K4: Rentable Square Feet | L4: Stabilized Monthly Rent
A5: Cedar Lantern Storage - Lake Briar (Fictional) | B5: 5 x 5 Climate-Controlled | C5: 25 | D5: 24 | E5: 59 | F5: 0.62 | G5: 0.9 | H5: Facility Manager | I5: Included | J5: Interior climate-controlled wing. | K5: =IF(OR($A5="",$C5="",$D5=""),"",IFERROR($C5*$D5,"")) | L5: =IF(OR($A5="",$D5="",$E5="",$G5="",$I5<>"Included"),"",IFERROR($D5*$E5*$G5,""))
A6: Cedar Lantern Storage - Lake Briar (Fictional) | B6: 5 x 10 Climate-Controlled | C6: 50 | D6: 40 | E6: 89 | F6: 0.65 | G6: 0.92 | H6: Facility Manager | I6: Included | J6: Near the fictional office corridor. | K6: =IF(OR($A6="",$C6="",$D6=""),"",IFERROR($C6*$D6,"")) | L6: =IF(OR($A6="",$D6="",$E6="",$G6="",$I6<>"Included"),"",IFERROR($D6*$E6*$G6,""))
A7: Cedar Lantern Storage - Lake Briar (Fictional) | B7: 10 x 10 Climate-Controlled | C7: 100 | D7: 48 | E7: 149 | F7: 0.7 | G7: 0.94 | H7: Regional Operator | I7: Included | J7: Core climate-controlled unit type. | K7: =IF(OR($A7="",$C7="",$D7=""),"",IFERROR($C7*$D7,"")) | L7: =IF(OR($A7="",$D7="",$E7="",$G7="",$I7<>"Included"),"",IFERROR($D7*$E7*$G7,""))
A8: Cedar Lantern Storage - Lake Briar (Fictional) | B8: 10 x 15 Climate-Controlled | C8: 150 | D8: 28 | E8: 199 | F8: 0.72 | G8: 0.94 | H8: Regional Operator | I8: Included | J8: Interior large-unit category. | K8: =IF(OR($A8="",$C8="",$D8=""),"",IFERROR($C8*$D8,"")) | L8: =IF(OR($A8="",$D8="",$E8="",$G8="",$I8<>"Included"),"",IFERROR($D8*$E8*$G8,""))
A9: Cedar Lantern Storage - Lake Briar (Fictional) | B9: 10 x 20 Climate-Controlled | C9: 200 | D9: 18 | E9: 259 | F9: 0.68 | G9: 0.92 | H9: Asset Manager | I9: Included | J9: Limited large climate-controlled inventory. | K9: =IF(OR($A9="",$C9="",$D9=""),"",IFERROR($C9*$D9,"")) | L9: =IF(OR($A9="",$D9="",$E9="",$G9="",$I9<>"Included"),"",IFERROR($D9*$E9*$G9,""))
A10: Cedar Lantern Storage - Lake Briar (Fictional) | B10: 5 x 10 Drive-Up | C10: 50 | D10: 32 | E10: 79 | F10: 0.58 | G10: 0.88 | H10: Facility Manager | I10: Included | J10: Fictional east drive aisle. | K10: =IF(OR($A10="",$C10="",$D10=""),"",IFERROR($C10*$D10,"")) | L10: =IF(OR($A10="",$D10="",$E10="",$G10="",$I10<>"Included"),"",IFERROR($D10*$E10*$G10,""))
A11: Cedar Lantern Storage - Lake Briar (Fictional) | B11: 10 x 10 Drive-Up | C11: 100 | D11: 54 | E11: 129 | F11: 0.66 | G11: 0.93 | H11: Facility Manager | I11: Included | J11: Largest drive-up category. | K11: =IF(OR($A11="",$C11="",$D11=""),"",IFERROR($C11*$D11,"")) | L11: =IF(OR($A11="",$D11="",$E11="",$G11="",$I11<>"Included"),"",IFERROR($D11*$E11*$G11,""))
A12: Cedar Lantern Storage - Lake Briar (Fictional) | B12: 10 x 20 Drive-Up | C12: 200 | D12: 26 | E12: 219 | F12: 0.64 | G12: 0.91 | H12: Regional Operator | I12: Included | J12: Fictional west drive aisle. | K12: =IF(OR($A12="",$C12="",$D12=""),"",IFERROR($C12*$D12,"")) | L12: =IF(OR($A12="",$D12="",$E12="",$G12="",$I12<>"Included"),"",IFERROR($D12*$E12*$G12,""))
A13: Cedar Lantern Storage - Lake Briar (Fictional) | B13: 10 x 20 Parking | C13: 200 | D13: 20 | E13: 95 | F13: 0.5 | G13: 0.85 | H13: Asset Manager | I13: Included | J13: Open parking scenario area. | K13: =IF(OR($A13="",$C13="",$D13=""),"",IFERROR($C13*$D13,"")) | L13: =IF(OR($A13="",$D13="",$E13="",$G13="",$I13<>"Included"),"",IFERROR($D13*$E13*$G13,""))
A14: Cedar Lantern Storage - Lake Briar (Fictional) | B14: 12 x 30 Parking | C14: 360 | D14: 12 | E14: 145 | F14: 0.42 | G14: 0.8 | H14: Acquisition Analyst | I14: Review | J14: Confirm whether this fictional parking area belongs in the modeled mix. | K14: =IF(OR($A14="",$C14="",$D14=""),"",IFERROR($C14*$D14,"")) | L14: =IF(OR($A14="",$D14="",$E14="",$G14="",$I14<>"Included"),"",IFERROR($D14*$E14*$G14,""))
K15: =IF(OR($A15="",$C15="",$D15=""),"",IFERROR($C15*$D15,"")) | L15: =IF(OR($A15="",$D15="",$E15="",$G15="",$I15<>"Included"),"",IFERROR($D15*$E15*$G15,""))
K16: =IF(OR($A16="",$C16="",$D16=""),"",IFERROR($C16*$D16,"")) | L16: =IF(OR($A16="",$D16="",$E16="",$G16="",$I16<>"Included"),"",IFERROR($D16*$E16*$G16,""))
K17: =IF(OR($A17="",$C17="",$D17=""),"",IFERROR($C17*$D17,"")) | L17: =IF(OR($A17="",$D17="",$E17="",$G17="",$I17<>"Included"),"",IFERROR($D17*$E17*$G17,""))
K18: =IF(OR($A18="",$C18="",$D18=""),"",IFERROR($C18*$D18,"")) | L18: =IF(OR($A18="",$D18="",$E18="",$G18="",$I18<>"Included"),"",IFERROR($D18*$E18*$G18,""))
K19: =IF(OR($A19="",$C19="",$D19=""),"",IFERROR($C19*$D19,"")) | L19: =IF(OR($A19="",$D19="",$E19="",$G19="",$I19<>"Included"),"",IFERROR($D19*$E19*$G19,""))
K20: =IF(OR($A20="",$C20="",$D20=""),"",IFERROR($C20*$D20,"")) | L20: =IF(OR($A20="",$D20="",$E20="",$G20="",$I20<>"Included"),"",IFERROR($D20*$E20*$G20,""))
K21: =IF(OR($A21="",$C21="",$D21=""),"",IFERROR($C21*$D21,"")) | L21: =IF(OR($A21="",$D21="",$E21="",$G21="",$I21<>"Included"),"",IFERROR($D21*$E21*$G21,""))
K22: =IF(OR($A22="",$C22="",$D22=""),"",IFERROR($C22*$D22,"")) | L22: =IF(OR($A22="",$D22="",$E22="",$G22="",$I22<>"Included"),"",IFERROR($D22*$E22*$G22,""))
K23: =IF(OR($A23="",$C23="",$D23=""),"",IFERROR($C23*$D23,"")) | L23: =IF(OR($A23="",$D23="",$E23="",$G23="",$I23<>"Included"),"",IFERROR($D23*$E23*$G23,""))
K24: =IF(OR($A24="",$C24="",$D24=""),"",IFERROR($C24*$D24,"")) | L24: =IF(OR($A24="",$D24="",$E24="",$G24="",$I24<>"Included"),"",IFERROR($D24*$E24*$G24,""))
K25: =IF(OR($A25="",$C25="",$D25=""),"",IFERROR($C25*$D25,"")) | L25: =IF(OR($A25="",$D25="",$E25="",$G25="",$I25<>"Included"),"",IFERROR($D25*$E25*$G25,""))
K26: =IF(OR($A26="",$C26="",$D26=""),"",IFERROR($C26*$D26,"")) | L26: =IF(OR($A26="",$D26="",$E26="",$G26="",$I26<>"Included"),"",IFERROR($D26*$E26*$G26,""))
... K104: =IF(OR($A104="",$C104="",$D104=""),"",IFERROR($C104*$D104,"")) | L104: =IF(OR($A104="",$D104="",$E104="",$G104="",$I104<>"Included"),"",IFERROR($D104*$E104*$G104,""))

Sheet Monthly Pro Forma
A1: Five-Year Monthly Self Storage Pro Forma
A2: Calculated monthly results link the fictional unit mix to the editable assumptions. Review warnings require human evaluation.
A4: Period | B4: Month | C4: Available Units | D4: Occupied Units | E4: Occupancy | F4: Gross Potential Rent | G4: Scheduled Rental Income | H4: Ancillary Income | I4: Other Income | J4: Effective Gross Income | K4: Variable Operating Expense | L4: Fixed Operating Expense | M4: Replacement Reserve | N4: Net Operating Income | O4: Debt Service | P4: Cash Flow After Debt Service | Q4: Review Status
A5: =IF(1<='Assumptions'!$B$6,1,"") | B5: =IF($A5="","",IFERROR(EDATE('Assumptions'!$B$5,$A5-1),"")) | C5: =IF($A5="","",IFERROR(SUMIFS('Unit Mix'!$D$5:$D$104,'Unit Mix'!$A$5:$A$104,'Assumptions'!$B$4,'Unit Mix'!$I$5:$I$104,"Included"),"")) | D5: =IF(OR($A5="",$C5=0),"",IFERROR(SUMPRODUCT(('Unit Mix'!$A$5:$A$104='Assumptions'!$B$4)*('Unit Mix'!$I$5:$I$104="Included")*'Unit Mix'!$D$5:$D$104*('Unit Mix'!$F$5:$F$104+MIN(1,IFERROR(($A5-1)/'Assumptions'!$B$8,0))*('Unit Mix'!$G$5:$G$104-'Unit Mix'!$F$5:$F$104))),"")) | E5: =IF(OR($A5="",$C5=0),"",IFERROR($D5/$C5,"")) | F5: =IF(OR($A5="",$C5=0),"",IFERROR(SUMPRODUCT(('Unit Mix'!$A$5:$A$104='Assumptions'!$B$4)*('Unit Mix'!$I$5:$I$104="Included")*'Unit Mix'!$D$5:$D$104*'Unit Mix'!$E$5:$E$104)*(1+'Assumptions'!$B$7)^(($A5-1)/12),"")) | G5: =IF(OR($A5="",$C5=0),"",IFERROR(SUMPRODUCT(('Unit Mix'!$A$5:$A$104='Assumptions'!$B$4)*('Unit Mix'!$I$5:$I$104="Included")*'Unit Mix'!$D$5:$D$104*'Unit Mix'!$E$5:$E$104*('Unit Mix'!$F$5:$F$104+MIN(1,IFERROR(($A5-1)/'Assumptions'!$B$8,0))*('Unit Mix'!$G$5:$G$104-'Unit Mix'!$F$5:$F$104)))*(1+'Assumptions'!$B$7)^(($A5-1)/12),"")) | H5: =IF($G5="","",IFERROR($D5*'Assumptions'!$B$9*(1+'Assumptions'!$B$10)^(($A5-1)/12),"")) | I5: =IF($G5="","",IFERROR($G5*'Assumptions'!$B$11,"")) | J5: =IF($G5="","",IFERROR(SUM($G5:$I5),"")) | K5: =IF($J5="","",IFERROR($J5*'Assumptions'!$B$12,"")) | L5: =IF($J5="","",IFERROR('Assumptions'!$B$13*(1+'Assumptions'!$B$14)^(($A5-1)/12),"")) | M5: =IF($J5="","",IFERROR('Assumptions'!$B$15,"")) | N5: =IF($J5="","",IFERROR($J5-SUM($K5:$M5),"")) | O5: =IF($N5="","",IFERROR('Assumptions'!$B$16,"")) | P5: =IF($N5="","",IFERROR($N5-$O5,"")) | Q5: =IF($A5="","",IF($C5=0,"Review",IF(OR($E5<'Assumptions'!$B$18,$P5<'Assumptions'!$B$17),"Review","OK")))
A6: =IF(2<='Assumptions'!$B$6,2,"") | B6: =IF($A6="","",IFERROR(EDATE('Assumptions'!$B$5,$A6-1),"")) | C6: =IF($A6="","",IFERROR(SUMIFS('Unit Mix'!$D$5:$D$104,'Unit Mix'!$A$5:$A$104,'Assumptions'!$B$4,'Unit Mix'!$I$5:$I$104,"Included"),"")) | D6: =IF(OR($A6="",$C6=0),"",IFERROR(SUMPRODUCT(('Unit Mix'!$A$5:$A$104='Assumptions'!$B$4)*('Unit Mix'!$I$5:$I$104="Included")*'Unit Mix'!$D$5:$D$104*('Unit Mix'!$F$5:$F$104+MIN(1,IFERROR(($A6-1)/'Assumptions'!$B$8,0))*('Unit Mix'!$G$5:$G$104-'Unit Mix'!$F$5:$F$104))),"")) | E6: =IF(OR($A6="",$C6=0),"",IFERROR($D6/$C6,"")) | F6: =IF(OR($A6="",$C6=0),"",IFERROR(SUMPRODUCT(('Unit Mix'!$A$5:$A$104='Assumptions'!$B$4)*('Unit Mix'!$I$5:$I$104="Included")*'Unit Mix'!$D$5:$D$104*'Unit Mix'!$E$5:$E$104)*(1+'Assumptions'!$B$7)^(($A6-1)/12),"")) | G6: =IF(OR($A6="",$C6=0),"",IFERROR(SUMPRODUCT(('Unit Mix'!$A$5:$A$104='Assumptions'!$B$4)*('Unit Mix'!$I$5:$I$104="Included")*'Unit Mix'!$D$5:$D$104*'Unit Mix'!$E$5:$E$104*('Unit Mix'!$F$5:$F$104+MIN(1,IFERROR(($A6-1)/'Assumptions'!$B$8,0))*('Unit Mix'!$G$5:$G$104-'Unit Mix'!$F$5:$F$104)))*(1+'Assumptions'!$B$7)^(($A6-1)/12),"")) | H6: =IF($G6="","",IFERROR($D6*'Assumptions'!$B$9*(1+'Assumptions'!$B$10)^(($A6-1)/12),"")) | I6: =IF($G6="","",IFERROR($G6*'Assumptions'!$B$11,"")) | J6: =IF($G6="","",IFERROR(SUM($G6:$I6),"")) | K6: =IF($J6="","",IFERROR($J6*'Assumptions'!$B$12,"")) | L6: =IF($J6="","",IFERROR('Assumptions'!$B$13*(1+'Assumptions'!$B$14)^(($A6-1)/12),"")) | M6: =IF($J6="","",IFERROR('Assumptions'!$B$15,"")) | N6: =IF($J6="","",IFERROR($J6-SUM($K6:$M6),"")) | O6: =IF($N6="","",IFERROR('Assumptions'!$B$16,"")) | P6: =IF($N6="","",IFERROR($N6-$O6,"")) | Q6: =IF($A6="","",IF($C6=0,"Review",IF(OR($E6<'Assumptions'!$B$18,$P6<'Assumptions'!$B$17),"Review","OK")))
A7: =IF(3<='Assumptions'!$B$6,3,"") | B7: =IF($A7="","",IFERROR(EDATE('Assumptions'!$B$5,$A7-1),"")) | C7: =IF($A7="","",IFERROR(SUMIFS('Unit Mix'!$D$5:$D$104,'Unit Mix'!$A$5:$A$104,'Assumptions'!$B$4,'Unit Mix'!$I$5:$I$104,"Included"),"")) | D7: =IF(OR($A7="",$C7=0),"",IFERROR(SUMPRODUCT(('Unit Mix'!$A$5:$A$104='Assumptions'!$B$4)*('Unit Mix'!$I$5:$I$104="Included")*'Unit Mix'!$D$5:$D$104*('Unit Mix'!$F$5:$F$104+MIN(1,IFERROR(($A7-1)/'Assumptions'!$B$8,0))*('Unit Mix'!$G$5:$G$104-'Unit Mix'!$F$5:$F$104))),"")) | E7: =IF(OR($A7="",$C7=0),"",IFERROR($D7/$C7,"")) | F7: =IF(OR($A7="",$C7=0),"",IFERROR(SUMPRODUCT(('Unit Mix'!$A$5:$A$104='Assumptions'!$B$4)*('Unit Mix'!$I$5:$I$104="Included")*'Unit Mix'!$D$5:$D$104*'Unit Mix'!$E$5:$E$104)*(1+'Assumptions'!$B$7)^(($A7-1)/12),"")) | G7: =IF(OR($A7="",$C7=0),"",IFERROR(SUMPRODUCT(('Unit Mix'!$A$5:$A$104='Assumptions'!$B$4)*('Unit Mix'!$I$5:$I$104="Included")*'Unit Mix'!$D$5:$D$104*'Unit Mix'!$E$5:$E$104*('Unit Mix'!$F$5:$F$104+MIN(1,IFERROR(($A7-1)/'Assumptions'!$B$8,0))*('Unit Mix'!$G$5:$G$104-'Unit Mix'!$F$5:$F$104)))*(1+'Assumptions'!$B$7)^(($A7-1)/12),"")) | H7: =IF($G7="","",IFERROR($D7*'Assumptions'!$B$9*(1+'Assumptions'!$B$10)^(($A7-1)/12),"")) | I7: =IF($G7="","",IFERROR($G7*'Assumptions'!$B$11,"")) | J7: =IF($G7="","",IFERROR(SUM($G7:$I7),"")) | K7: =IF($J7="","",IFERROR($J7*'Assumptions'!$B$12,"")) | L7: =IF($J7="","",IFERROR('Assumptions'!$B$13*(1+'Assumptions'!$B$14)^(($A7-1)/12),"")) | M7: =IF($J7="","",IFERROR('Assumptions'!$B$15,"")) | N7: =IF($J7="","",IFERROR($J7-SUM($K7:$M7),"")) | O7: =IF($N7="","",IFERROR('Assumptions'!$B$16,"")) | P7: =IF($N7="","",IFERROR($N7-$O7,"")) | Q7: =IF($A7="","",IF($C7=0,"Review",IF(OR($E7<'Assumptions'!$B$18,$P7<'Assumptions'!$B$17),"Review","OK")))
A8: =IF(4<='Assumptions'!$B$6,4,"") | B8: =IF($A8="","",IFERROR(EDATE('Assumptions'!$B$5,$A8-1),"")) | C8: =IF($A8="","",IFERROR(SUMIFS('Unit Mix'!$D$5:$D$104,'Unit Mix'!$A$5:$A$104,'Assumptions'!$B$4,'Unit Mix'!$I$5:$I$104,"Included"),"")) | D8: =IF(OR($A8="",$C8=0),"",IFERROR(SUMPRODUCT(('Unit Mix'!$A$5:$A$104='Assumptions'!$B$4)*('Unit Mix'!$I$5:$I$104="Included")*'Unit Mix'!$D$5:$D$104*('Unit Mix'!$F$5:$F$104+MIN(1,IFERROR(($A8-1)/'Assumptions'!$B$8,0))*('Unit Mix'!$G$5:$G$104-'Unit Mix'!$F$5:$F$104))),"")) | E8: =IF(OR($A8="",$C8=0),"",IFERROR($D8/$C8,"")) | F8: =IF(OR($A8="",$C8=0),"",IFERROR(SUMPRODUCT(('Unit Mix'!$A$5:$A$104='Assumptions'!$B$4)*('Unit Mix'!$I$5:$I$104="Included")*'Unit Mix'!$D$5:$D$104*'Unit Mix'!$E$5:$E$104)*(1+'Assumptions'!$B$7)^(($A8-1)/12),"")) | G8: =IF(OR($A8="",$C8=0),"",IFERROR(SUMPRODUCT(('Unit Mix'!$A$5:$A$104='Assumptions'!$B$4)*('Unit Mix'!$I$5:$I$104="Included")*'Unit Mix'!$D$5:$D$104*'Unit Mix'!$E$5:$E$104*('Unit Mix'!$F$5:$F$104+MIN(1,IFERROR(($A8-1)/'Assumptions'!$B$8,0))*('Unit Mix'!$G$5:$G$104-'Unit Mix'!$F$5:$F$104)))*(1+'Assumptions'!$B$7)^(($A8-1)/12),"")) | H8: =IF($G8="","",IFERROR($D8*'Assumptions'!$B$9*(1+'Assumptions'!$B$10)^(($A8-1)/12),"")) | I8: =IF($G8="","",IFERROR($G8*'Assumptions'!$B$11,"")) | J8: =IF($G8="","",IFERROR(SUM($G8:$I8),"")) | K8: =IF($J8="","",IFERROR($J8*'Assumptions'!$B$12,"")) | L8: =IF($J8="","",IFERROR('Assumptions'!$B$13*(1+'Assumptions'!$B$14)^(($A8-1)/12),"")) | M8: =IF($J8="","",IFERROR('Assumptions'!$B$15,"")) | N8: =IF($J8="","",IFERROR($J8-SUM($K8:$M8),"")) | O8: =IF($N8="","",IFERROR('Assumptions'!$B$16,"")) | P8: =IF($N8="","",IFERROR($N8-$O8,"")) | Q8: =IF($A8="","",IF($C8=0,"Review",IF(OR($E8<'Assumptions'!$B$18,$P8<'Assumptions'!$B$17),"Review","OK")))
A9: =IF(5<='Assumptions'!$B$6,5,"") | B9: =IF($A9="","",IFERROR(EDATE('Assumptions'!$B$5,$A9-1),"")) | C9: =IF($A9="","",IFERROR(SUMIFS('Unit Mix'!$D$5:$D$104,'Unit Mix'!$A$5:$A$104,'Assumptions'!$B$4,'Unit Mix'!$I$5:$I$104,"Included"),"")) | D9: =IF(OR($A9="",$C9=0),"",IFERROR(SUMPRODUCT(('Unit Mix'!$A$5:$A$104='Assumptions'!$B$4)*('Unit Mix'!$I$5:$I$104="Included")*'Unit Mix'!$D$5:$D$104*('Unit Mix'!$F$5:$F$104+MIN(1,IFERROR(($A9-1)/'Assumptions'!$B$8,0))*('Unit Mix'!$G$5:$G$104-'Unit Mix'!$F$5:$F$104))),"")) | E9: =IF(OR($A9="",$C9=0),"",IFERROR($D9/$C9,"")) | F9: =IF(OR($A9="",$C9=0),"",IFERROR(SUMPRODUCT(('Unit Mix'!$A$5:$A$104='Assumptions'!$B$4)*('Unit Mix'!$I$5:$I$104="Included")*'Unit Mix'!$D$5:$D$104*'Unit Mix'!$E$5:$E$104)*(1+'Assumptions'!$B$7)^(($A9-1)/12),"")) | G9: =IF(OR($A9="",$C9=0),"",IFERROR(SUMPRODUCT(('Unit Mix'!$A$5:$A$104='Assumptions'!$B$4)*('Unit Mix'!$I$5:$I$104="Included")*'Unit Mix'!$D$5:$D$104*'Unit Mix'!$E$5:$E$104*('Unit Mix'!$F$5:$F$104+MIN(1,IFERROR(($A9-1)/'Assumptions'!$B$8,0))*('Unit Mix'!$G$5:$G$104-'Unit Mix'!$F$5:$F$104)))*(1+'Assumptions'!$B$7)^(($A9-1)/12),"")) | H9: =IF($G9="","",IFERROR($D9*'Assumptions'!$B$9*(1+'Assumptions'!$B$10)^(($A9-1)/12),"")) | I9: =IF($G9="","",IFERROR($G9*'Assumptions'!$B$11,"")) | J9: =IF($G9="","",IFERROR(SUM($G9:$I9),"")) | K9: =IF($J9="","",IFERROR($J9*'Assumptions'!$B$12,"")) | L9: =IF($J9="","",IFERROR('Assumptions'!$B$13*(1+'Assumptions'!$B$14)^(($A9-1)/12),"")) | M9: =IF($J9="","",IFERROR('Assumptions'!$B$15,"")) | N9: =IF($J9="","",IFERROR($J9-SUM($K9:$M9),"")) | O9: =IF($N9="","",IFERROR('Assumptions'!$B$16,"")) | P9: =IF($N9="","",IFERROR($N9-$O9,"")) | Q9: =IF($A9="","",IF($C9=0,"Review",IF(OR($E9<'Assumptions'!$B$18,$P9<'Assumptions'!$B$17),"Review","OK")))
A10: =IF(6<='Assumptions'!$B$6,6,"") | B10: =IF($A10="","",IFERROR(EDATE('Assumptions'!$B$5,$A10-1),"")) | C10: =IF($A10="","",IFERROR(SUMIFS('Unit Mix'!$D$5:$D$104,'Unit Mix'!$A$5:$A$104,'Assumptions'!$B$4,'Unit Mix'!$I$5:$I$104,"Included"),"")) | D10: =IF(OR($A10="",$C10=0),"",IFERROR(SUMPRODUCT(('Unit Mix'!$A$5:$A$104='Assumptions'!$B$4)*('Unit Mix'!$I$5:$I$104="Included")*'Unit Mix'!$D$5:$D$104*('Unit Mix'!$F$5:$F$104+MIN(1,IFERROR(($A10-1)/'Assumptions'!$B$8,0))*('Unit Mix'!$G$5:$G$104-'Unit Mix'!$F$5:$F$104))),"")) | E10: =IF(OR($A10="",$C10=0),"",IFERROR($D10/$C10,"")) | F10: =IF(OR($A10="",$C10=0),"",IFERROR(SUMPRODUCT(('Unit Mix'!$A$5:$A$104='Assumptions'!$B$4)*('Unit Mix'!$I$5:$I$104="Included")*'Unit Mix'!$D$5:$D$104*'Unit Mix'!$E$5:$E$104)*(1+'Assumptions'!$B$7)^(($A10-1)/12),"")) | G10: =IF(OR($A10="",$C10=0),"",IFERROR(SUMPRODUCT(('Unit Mix'!$A$5:$A$104='Assumptions'!$B$4)*('Unit Mix'!$I$5:$I$104="Included")*'Unit Mix'!$D$5:$D$104*'Unit Mix'!$E$5:$E$104*('Unit Mix'!$F$5:$F$104+MIN(1,IFERROR(($A10-1)/'Assumptions'!$B$8,0))*('Unit Mix'!$G$5:$G$104-'Unit Mix'!$F$5:$F$104)))*(1+'Assumptions'!$B$7)^(($A10-1)/12),"")) | H10: =IF($G10="","",IFERROR($D10*'Assumptions'!$B$9*(1+'Assumptions'!$B$10)^(($A10-1)/12),"")) | I10: =IF($G10="","",IFERROR($G10*'Assumptions'!$B$11,"")) | J10: =IF($G10="","",IFERROR(SUM($G10:$I10),"")) | K10: =IF($J10="","",IFERROR($J10*'Assumptions'!$B$12,"")) | L10: =IF($J10="","",IFERROR('Assumptions'!$B$13*(1+'Assumptions'!$B$14)^(($A10-1)/12),"")) | M10: =IF($J10="","",IFERROR('Assumptions'!$B$15,"")) | N10: =IF($J10="","",IFERROR($J10-SUM($K10:$M10),"")) | O10: =IF($N10="","",IFERROR('Assumptions'!$B$16,"")) | P10: =IF($N10="","",IFERROR($N10-$O10,"")) | Q10: =IF($A10="","",IF($C10=0,"Review",IF(OR($E10<'Assumptions'!$B$18,$P10<'Assumptions'!$B$17),"Review","OK")))
A11: =IF(7<='Assumptions'!$B$6,7,"") | B11: =IF($A11="","",IFERROR(EDATE('Assumptions'!$B$5,$A11-1),"")) | C11: =IF($A11="","",IFERROR(SUMIFS('Unit Mix'!$D$5:$D$104,'Unit Mix'!$A$5:$A$104,'Assumptions'!$B$4,'Unit Mix'!$I$5:$I$104,"Included"),"")) | D11: =IF(OR($A11="",$C11=0),"",IFERROR(SUMPRODUCT(('Unit Mix'!$A$5:$A$104='Assumptions'!$B$4)*('Unit Mix'!$I$5:$I$104="Included")*'Unit Mix'!$D$5:$D$104*('Unit Mix'!$F$5:$F$104+MIN(1,IFERROR(($A11-1)/'Assumptions'!$B$8,0))*('Unit Mix'!$G$5:$G$104-'Unit Mix'!$F$5:$F$104))),"")) | E11: =IF(OR($A11="",$C11=0),"",IFERROR($D11/$C11,"")) | F11: =IF(OR($A11="",$C11=0),"",IFERROR(SUMPRODUCT(('Unit Mix'!$A$5:$A$104='Assumptions'!$B$4)*('Unit Mix'!$I$5:$I$104="Included")*'Unit Mix'!$D$5:$D$104*'Unit Mix'!$E$5:$E$104)*(1+'Assumptions'!$B$7)^(($A11-1)/12),"")) | G11: =IF(OR($A11="",$C11=0),"",IFERROR(SUMPRODUCT(('Unit Mix'!$A$5:$A$104='Assumptions'!$B$4)*('Unit Mix'!$I$5:$I$104="Included")*'Unit Mix'!$D$5:$D$104*'Unit Mix'!$E$5:$E$104*('Unit Mix'!$F$5:$F$104+MIN(1,IFERROR(($A11-1)/'Assumptions'!$B$8,0))*('Unit Mix'!$G$5:$G$104-'Unit Mix'!$F$5:$F$104)))*(1+'Assumptions'!$B$7)^(($A11-1)/12),"")) | H11: =IF($G11="","",IFERROR($D11*'Assumptions'!$B$9*(1+'Assumptions'!$B$10)^(($A11-1)/12),"")) | I11: =IF($G11="","",IFERROR($G11*'Assumptions'!$B$11,"")) | J11: =IF($G11="","",IFERROR(SUM($G11:$I11),"")) | K11: =IF($J11="","",IFERROR($J11*'Assumptions'!$B$12,"")) | L11: =IF($J11="","",IFERROR('Assumptions'!$B$13*(1+'Assumptions'!$B$14)^(($A11-1)/12),"")) | M11: =IF($J11="","",IFERROR('Assumptions'!$B$15,"")) | N11: =IF($J11="","",IFERROR($J11-SUM($K11:$M11),"")) | O11: =IF($N11="","",IFERROR('Assumptions'!$B$16,"")) | P11: =IF($N11="","",IFERROR($N11-$O11,"")) | Q11: =IF($A11="","",IF($C11=0,"Review",IF(OR($E11<'Assumptions'!$B$18,$P11<'Assumptions'!$B$17),"Review","OK")))
A12: =IF(8<='Assumptions'!$B$6,8,"") | B12: =IF($A12="","",IFERROR(EDATE('Assumptions'!$B$5,$A12-1),"")) | C12: =IF($A12="","",IFERROR(SUMIFS('Unit Mix'!$D$5:$D$104,'Unit Mix'!$A$5:$A$104,'Assumptions'!$B$4,'Unit Mix'!$I$5:$I$104,"Included"),"")) | D12: =IF(OR($A12="",$C12=0),"",IFERROR(SUMPRODUCT(('Unit Mix'!$A$5:$A$104='Assumptions'!$B$4)*('Unit Mix'!$I$5:$I$104="Included")*'Unit Mix'!$D$5:$D$104*('Unit Mix'!$F$5:$F$104+MIN(1,IFERROR(($A12-1)/'Assumptions'!$B$8,0))*('Unit Mix'!$G$5:$G$104-'Unit Mix'!$F$5:$F$104))),"")) | E12: =IF(OR($A12="",$C12=0),"",IFERROR($D12/$C12,"")) | F12: =IF(OR($A12="",$C12=0),"",IFERROR(SUMPRODUCT(('Unit Mix'!$A$5:$A$104='Assumptions'!$B$4)*('Unit Mix'!$I$5:$I$104="Included")*'Unit Mix'!$D$5:$D$104*'Unit Mix'!$E$5:$E$104)*(1+'Assumptions'!$B$7)^(($A12-1)/12),"")) | G12: =IF(OR($A12="",$C12=0),"",IFERROR(SUMPRODUCT(('Unit Mix'!$A$5:$A$104='Assumptions'!$B$4)*('Unit Mix'!$I$5:$I$104="Included")*'Unit Mix'!$D$5:$D$104*'Unit Mix'!$E$5:$E$104*('Unit Mix'!$F$5:$F$104+MIN(1,IFERROR(($A12-1)/'Assumptions'!$B$8,0))*('Unit Mix'!$G$5:$G$104-'Unit Mix'!$F$5:$F$104)))*(1+'Assumptions'!$B$7)^(($A12-1)/12),"")) | H12: =IF($G12="","",IFERROR($D12*'Assumptions'!$B$9*(1+'Assumptions'!$B$10)^(($A12-1)/12),"")) | I12: =IF($G12="","",IFERROR($G12*'Assumptions'!$B$11,"")) | J12: =IF($G12="","",IFERROR(SUM($G12:$I12),"")) | K12: =IF($J12="","",IFERROR($J12*'Assumptions'!$B$12,"")) | L12: =IF($J12="","",IFERROR('Assumptions'!$B$13*(1+'Assumptions'!$B$14)^(($A12-1)/12),"")) | M12: =IF($J12="","",IFERROR('Assumptions'!$B$15,"")) | N12: =IF($J12="","",IFERROR($J12-SUM($K12:$M12),"")) | O12: =IF($N12="","",IFERROR('Assumptions'!$B$16,"")) | P12: =IF($N12="","",IFERROR($N12-$O12,"")) | Q12: =IF($A12="","",IF($C12=0,"Review",IF(OR($E12<'Assumptions'!$B$18,$P12<'Assumptions'!$B$17),"Review","OK")))
A13: =IF(9<='Assumptions'!$B$6,9,"") | B13: =IF($A13="","",IFERROR(EDATE('Assumptions'!$B$5,$A13-1),"")) | C13: =IF($A13="","",IFERROR(SUMIFS('Unit Mix'!$D$5:$D$104,'Unit Mix'!$A$5:$A$104,'Assumptions'!$B$4,'Unit Mix'!$I$5:$I$104,"Included"),"")) | D13: =IF(OR($A13="",$C13=0),"",IFERROR(SUMPRODUCT(('Unit Mix'!$A$5:$A$104='Assumptions'!$B$4)*('Unit Mix'!$I$5:$I$104="Included")*'Unit Mix'!$D$5:$D$104*('Unit Mix'!$F$5:$F$104+MIN(1,IFERROR(($A13-1)/'Assumptions'!$B$8,0))*('Unit Mix'!$G$5:$G$104-'Unit Mix'!$F$5:$F$104))),"")) | E13: =IF(OR($A13="",$C13=0),"",IFERROR($D13/$C13,"")) | F13: =IF(OR($A13="",$C13=0),"",IFERROR(SUMPRODUCT(('Unit Mix'!$A$5:$A$104='Assumptions'!$B$4)*('Unit Mix'!$I$5:$I$104="Included")*'Unit Mix'!$D$5:$D$104*'Unit Mix'!$E$5:$E$104)*(1+'Assumptions'!$B$7)^(($A13-1)/12),"")) | G13: =IF(OR($A13="",$C13=0),"",IFERROR(SUMPRODUCT(('Unit Mix'!$A$5:$A$104='Assumptions'!$B$4)*('Unit Mix'!$I$5:$I$104="Included")*'Unit Mix'!$D$5:$D$104*'Unit Mix'!$E$5:$E$104*('Unit Mix'!$F$5:$F$104+MIN(1,IFERROR(($A13-1)/'Assumptions'!$B$8,0))*('Unit Mix'!$G$5:$G$104-'Unit Mix'!$F$5:$F$104)))*(1+'Assumptions'!$B$7)^(($A13-1)/12),"")) | H13: =IF($G13="","",IFERROR($D13*'Assumptions'!$B$9*(1+'Assumptions'!$B$10)^(($A13-1)/12),"")) | I13: =IF($G13="","",IFERROR($G13*'Assumptions'!$B$11,"")) | J13: =IF($G13="","",IFERROR(SUM($G13:$I13),"")) | K13: =IF($J13="","",IFERROR($J13*'Assumptions'!$B$12,"")) | L13: =IF($J13="","",IFERROR('Assumptions'!$B$13*(1+'Assumptions'!$B$14)^(($A13-1)/12),"")) | M13: =IF($J13="","",IFERROR('Assumptions'!$B$15,"")) | N13: =IF($J13="","",IFERROR($J13-SUM($K13:$M13),"")) | O13: =IF($N13="","",IFERROR('Assumptions'!$B$16,"")) | P13: =IF($N13="","",IFERROR($N13-$O13,"")) | Q13: =IF($A13="","",IF($C13=0,"Review",IF(OR($E13<'Assumptions'!$B$18,$P13<'Assumptions'!$B$17),"Review","OK")))
A14: =IF(10<='Assumptions'!$B$6,10,"") | B14: =IF($A14="","",IFERROR(EDATE('Assumptions'!$B$5,$A14-1),"")) | C14: =IF($A14="","",IFERROR(SUMIFS('Unit Mix'!$D$5:$D$104,'Unit Mix'!$A$5:$A$104,'Assumptions'!$B$4,'Unit Mix'!$I$5:$I$104,"Included"),"")) | D14: =IF(OR($A14="",$C14=0),"",IFERROR(SUMPRODUCT(('Unit Mix'!$A$5:$A$104='Assumptions'!$B$4)*('Unit Mix'!$I$5:$I$104="Included")*'Unit Mix'!$D$5:$D$104*('Unit Mix'!$F$5:$F$104+MIN(1,IFERROR(($A14-1)/'Assumptions'!$B$8,0))*('Unit Mix'!$G$5:$G$104-'Unit Mix'!$F$5:$F$104))),"")) | E14: =IF(OR($A14="",$C14=0),"",IFERROR($D14/$C14,"")) | F14: =IF(OR($A14="",$C14=0),"",IFERROR(SUMPRODUCT(('Unit Mix'!$A$5:$A$104='Assumptions'!$B$4)*('Unit Mix'!$I$5:$I$104="Included")*'Unit Mix'!$D$5:$D$104*'Unit Mix'!$E$5:$E$104)*(1+'Assumptions'!$B$7)^(($A14-1)/12),"")) | G14: =IF(OR($A14="",$C14=0),"",IFERROR(SUMPRODUCT(('Unit Mix'!$A$5:$A$104='Assumptions'!$B$4)*('Unit Mix'!$I$5:$I$104="Included")*'Unit Mix'!$D$5:$D$104*'Unit Mix'!$E$5:$E$104*('Unit Mix'!$F$5:$F$104+MIN(1,IFERROR(($A14-1)/'Assumptions'!$B$8,0))*('Unit Mix'!$G$5:$G$104-'Unit Mix'!$F$5:$F$104)))*(1+'Assumptions'!$B$7)^(($A14-1)/12),"")) | H14: =IF($G14="","",IFERROR($D14*'Assumptions'!$B$9*(1+'Assumptions'!$B$10)^(($A14-1)/12),"")) | I14: =IF($G14="","",IFERROR($G14*'Assumptions'!$B$11,"")) | J14: =IF($G14="","",IFERROR(SUM($G14:$I14),"")) | K14: =IF($J14="","",IFERROR($J14*'Assumptions'!$B$12,"")) | L14: =IF($J14="","",IFERROR('Assumptions'!$B$13*(1+'Assumptions'!$B$14)^(($A14-1)/12),"")) | M14: =IF($J14="","",IFERROR('Assumptions'!$B$15,"")) | N14: =IF($J14="","",IFERROR($J14-SUM($K14:$M14),"")) | O14: =IF($N14="","",IFERROR('Assumptions'!$B$16,"")) | P14: =IF($N14="","",IFERROR($N14-$O14,"")) | Q14: =IF($A14="","",IF($C14=0,"Review",IF(OR($E14<'Assumptions'!$B$18,$P14<'Assumptions'!$B$17),"Review","OK")))
A15: =IF(11<='Assumptions'!$B$6,11,"") | B15: =IF($A15="","",IFERROR(EDATE('Assumptions'!$B$5,$A15-1),"")) | C15: =IF($A15="","",IFERROR(SUMIFS('Unit Mix'!$D$5:$D$104,'Unit Mix'!$A$5:$A$104,'Assumptions'!$B$4,'Unit Mix'!$I$5:$I$104,"Included"),"")) | D15: =IF(OR($A15="",$C15=0),"",IFERROR(SUMPRODUCT(('Unit Mix'!$A$5:$A$104='Assumptions'!$B$4)*('Unit Mix'!$I$5:$I$104="Included")*'Unit Mix'!$D$5:$D$104*('Unit Mix'!$F$5:$F$104+MIN(1,IFERROR(($A15-1)/'Assumptions'!$B$8,0))*('Unit Mix'!$G$5:$G$104-'Unit Mix'!$F$5:$F$104))),"")) | E15: =IF(OR($A15="",$C15=0),"",IFERROR($D15/$C15,"")) | F15: =IF(OR($A15="",$C15=0),"",IFERROR(SUMPRODUCT(('Unit Mix'!$A$5:$A$104='Assumptions'!$B$4)*('Unit Mix'!$I$5:$I$104="Included")*'Unit Mix'!$D$5:$D$104*'Unit Mix'!$E$5:$E$104)*(1+'Assumptions'!$B$7)^(($A15-1)/12),"")) | G15: =IF(OR($A15="",$C15=0),"",IFERROR(SUMPRODUCT(('Unit Mix'!$A$5:$A$104='Assumptions'!$B$4)*('Unit Mix'!$I$5:$I$104="Included")*'Unit Mix'!$D$5:$D$104*'Unit Mix'!$E$5:$E$104*('Unit Mix'!$F$5:$F$104+MIN(1,IFERROR(($A15-1)/'Assumptions'!$B$8,0))*('Unit Mix'!$G$5:$G$104-'Unit Mix'!$F$5:$F$104)))*(1+'Assumptions'!$B$7)^(($A15-1)/12),"")) | H15: =IF($G15="","",IFERROR($D15*'Assumptions'!$B$9*(1+'Assumptions'!$B$10)^(($A15-1)/12),"")) | I15: =IF($G15="","",IFERROR($G15*'Assumptions'!$B$11,"")) | J15: =IF($G15="","",IFERROR(SUM($G15:$I15),"")) | K15: =IF($J15="","",IFERROR($J15*'Assumptions'!$B$12,"")) | L15: =IF($J15="","",IFERROR('Assumptions'!$B$13*(1+'Assumptions'!$B$14)^(($A15-1)/12),"")) | M15: =IF($J15="","",IFERROR('Assumptions'!$B$15,"")) | N15: =IF($J15="","",IFERROR($J15-SUM($K15:$M15),"")) | O15: =IF($N15="","",IFERROR('Assumptions'!$B$16,"")) | P15: =IF($N15="","",IFERROR($N15-$O15,"")) | Q15: =IF($A15="","",IF($C15=0,"Review",IF(OR($E15<'Assumptions'!$B$18,$P15<'Assumptions'!$B$17),"Review","OK")))
A16: =IF(12<='Assumptions'!$B$6,12,"") | B16: =IF($A16="","",IFERROR(EDATE('Assumptions'!$B$5,$A16-1),"")) | C16: =IF($A16="","",IFERROR(SUMIFS('Unit Mix'!$D$5:$D$104,'Unit Mix'!$A$5:$A$104,'Assumptions'!$B$4,'Unit Mix'!$I$5:$I$104,"Included"),"")) | D16: =IF(OR($A16="",$C16=0),"",IFERROR(SUMPRODUCT(('Unit Mix'!$A$5:$A$104='Assumptions'!$B$4)*('Unit Mix'!$I$5:$I$104="Included")*'Unit Mix'!$D$5:$D$104*('Unit Mix'!$F$5:$F$104+MIN(1,IFERROR(($A16-1)/'Assumptions'!$B$8,0))*('Unit Mix'!$G$5:$G$104-'Unit Mix'!$F$5:$F$104))),"")) | E16: =IF(OR($A16="",$C16=0),"",IFERROR($D16/$C16,"")) | F16: =IF(OR($A16="",$C16=0),"",IFERROR(SUMPRODUCT(('Unit Mix'!$A$5:$A$104='Assumptions'!$B$4)*('Unit Mix'!$I$5:$I$104="Included")*'Unit Mix'!$D$5:$D$104*'Unit Mix'!$E$5:$E$104)*(1+'Assumptions'!$B$7)^(($A16-1)/12),"")) | G16: =IF(OR($A16="",$C16=0),"",IFERROR(SUMPRODUCT(('Unit Mix'!$A$5:$A$104='Assumptions'!$B$4)*('Unit Mix'!$I$5:$I$104="Included")*'Unit Mix'!$D$5:$D$104*'Unit Mix'!$E$5:$E$104*('Unit Mix'!$F$5:$F$104+MIN(1,IFERROR(($A16-1)/'Assumptions'!$B$8,0))*('Unit Mix'!$G$5:$G$104-'Unit Mix'!$F$5:$F$104)))*(1+'Assumptions'!$B$7)^(($A16-1)/12),"")) | H16: =IF($G16="","",IFERROR($D16*'Assumptions'!$B$9*(1+'Assumptions'!$B$10)^(($A16-1)/12),"")) | I16: =IF($G16="","",IFERROR($G16*'Assumptions'!$B$11,"")) | J16: =IF($G16="","",IFERROR(SUM($G16:$I16),"")) | K16: =IF($J16="","",IFERROR($J16*'Assumptions'!$B$12,"")) | L16: =IF($J16="","",IFERROR('Assumptions'!$B$13*(1+'Assumptions'!$B$14)^(($A16-1)/12),"")) | M16: =IF($J16="","",IFERROR('Assumptions'!$B$15,"")) | N16: =IF($J16="","",IFERROR($J16-SUM($K16:$M16),"")) | O16: =IF($N16="","",IFERROR('Assumptions'!$B$16,"")) | P16: =IF($N16="","",IFERROR($N16-$O16,"")) | Q16: =IF($A16="","",IF($C16=0,"Review",IF(OR($E16<'Assumptions'!$B$18,$P16<'Assumptions'!$B$17),"Review","OK")))
A17: =IF(13<='Assumptions'!$B$6,13,"") | B17: =IF($A17="","",IFERROR(EDATE('Assumptions'!$B$5,$A17-1),"")) | C17: =IF($A17="","",IFERROR(SUMIFS('Unit Mix'!$D$5:$D$104,'Unit Mix'!$A$5:$A$104,'Assumptions'!$B$4,'Unit Mix'!$I$5:$I$104,"Included"),"")) | D17: =IF(OR($A17="",$C17=0),"",IFERROR(SUMPRODUCT(('Unit Mix'!$A$5:$A$104='Assumptions'!$B$4)*('Unit Mix'!$I$5:$I$104="Included")*'Unit Mix'!$D$5:$D$104*('Unit Mix'!$F$5:$F$104+MIN(1,IFERROR(($A17-1)/'Assumptions'!$B$8,0))*('Unit Mix'!$G$5:$G$104-'Unit Mix'!$F$5:$F$104))),"")) | E17: =IF(OR($A17="",$C17=0),"",IFERROR($D17/$C17,"")) | F17: =IF(OR($A17="",$C17=0),"",IFERROR(SUMPRODUCT(('Unit Mix'!$A$5:$A$104='Assumptions'!$B$4)*('Unit Mix'!$I$5:$I$104="Included")*'Unit Mix'!$D$5:$D$104*'Unit Mix'!$E$5:$E$104)*(1+'Assumptions'!$B$7)^(($A17-1)/12),"")) | G17: =IF(OR($A17="",$C17=0),"",IFERROR(SUMPRODUCT(('Unit Mix'!$A$5:$A$104='Assumptions'!$B$4)*('Unit Mix'!$I$5:$I$104="Included")*'Unit Mix'!$D$5:$D$104*'Unit Mix'!$E$5:$E$104*('Unit Mix'!$F$5:$F$104+MIN(1,IFERROR(($A17-1)/'Assumptions'!$B$8,0))*('Unit Mix'!$G$5:$G$104-'Unit Mix'!$F$5:$F$104)))*(1+'Assumptions'!$B$7)^(($A17-1)/12),"")) | H17: =IF($G17="","",IFERROR($D17*'Assumptions'!$B$9*(1+'Assumptions'!$B$10)^(($A17-1)/12),"")) | I17: =IF($G17="","",IFERROR($G17*'Assumptions'!$B$11,"")) | J17: =IF($G17="","",IFERROR(SUM($G17:$I17),"")) | K17: =IF($J17="","",IFERROR($J17*'Assumptions'!$B$12,"")) | L17: =IF($J17="","",IFERROR('Assumptions'!$B$13*(1+'Assumptions'!$B$14)^(($A17-1)/12),"")) | M17: =IF($J17="","",IFERROR('Assumptions'!$B$15,"")) | N17: =IF($J17="","",IFERROR($J17-SUM($K17:$M17),"")) | O17: =IF($N17="","",IFERROR('Assumptions'!$B$16,"")) | P17: =IF($N17="","",IFERROR($N17-$O17,"")) | Q17: =IF($A17="","",IF($C17=0,"Review",IF(OR($E17<'Assumptions'!$B$18,$P17<'Assumptions'!$B$17),"Review","OK")))
A18: =IF(14<='Assumptions'!$B$6,14,"") | B18: =IF($A18="","",IFERROR(EDATE('Assumptions'!$B$5,$A18-1),"")) | C18: =IF($A18="","",IFERROR(SUMIFS('Unit Mix'!$D$5:$D$104,'Unit Mix'!$A$5:$A$104,'Assumptions'!$B$4,'Unit Mix'!$I$5:$I$104,"Included"),"")) | D18: =IF(OR($A18="",$C18=0),"",IFERROR(SUMPRODUCT(('Unit Mix'!$A$5:$A$104='Assumptions'!$B$4)*('Unit Mix'!$I$5:$I$104="Included")*'Unit Mix'!$D$5:$D$104*('Unit Mix'!$F$5:$F$104+MIN(1,IFERROR(($A18-1)/'Assumptions'!$B$8,0))*('Unit Mix'!$G$5:$G$104-'Unit Mix'!$F$5:$F$104))),"")) | E18: =IF(OR($A18="",$C18=0),"",IFERROR($D18/$C18,"")) | F18: =IF(OR($A18="",$C18=0),"",IFERROR(SUMPRODUCT(('Unit Mix'!$A$5:$A$104='Assumptions'!$B$4)*('Unit Mix'!$I$5:$I$104="Included")*'Unit Mix'!$D$5:$D$104*'Unit Mix'!$E$5:$E$104)*(1+'Assumptions'!$B$7)^(($A18-1)/12),"")) | G18: =IF(OR($A18="",$C18=0),"",IFERROR(SUMPRODUCT(('Unit Mix'!$A$5:$A$104='Assumptions'!$B$4)*('Unit Mix'!$I$5:$I$104="Included")*'Unit Mix'!$D$5:$D$104*'Unit Mix'!$E$5:$E$104*('Unit Mix'!$F$5:$F$104+MIN(1,IFERROR(($A18-1)/'Assumptions'!$B$8,0))*('Unit Mix'!$G$5:$G$104-'Unit Mix'!$F$5:$F$104)))*(1+'Assumptions'!$B$7)^(($A18-1)/12),"")) | H18: =IF($G18="","",IFERROR($D18*'Assumptions'!$B$9*(1+'Assumptions'!$B$10)^(($A18-1)/12),"")) | I18: =IF($G18="","",IFERROR($G18*'Assumptions'!$B$11,"")) | J18: =IF($G18="","",IFERROR(SUM($G18:$I18),"")) | K18: =IF($J18="","",IFERROR($J18*'Assumptions'!$B$12,"")) | L18: =IF($J18="","",IFERROR('Assumptions'!$B$13*(1+'Assumptions'!$B$14)^(($A18-1)/12),"")) | M18: =IF($J18="","",IFERROR('Assumptions'!$B$15,"")) | N18: =IF($J18="","",IFERROR($J18-SUM($K18:$M18),"")) | O18: =IF($N18="","",IFERROR('Assumptions'!$B$16,"")) | P18: =IF($N18="","",IFERROR($N18-$O18,"")) | Q18: =IF($A18="","",IF($C18=0,"Review",IF(OR($E18<'Assumptions'!$B$18,$P18<'Assumptions'!$B$17),"Review","OK")))
A19: =IF(15<='Assumptions'!$B$6,15,"") | B19: =IF($A19="","",IFERROR(EDATE('Assumptions'!$B$5,$A19-1),"")) | C19: =IF($A19="","",IFERROR(SUMIFS('Unit Mix'!$D$5:$D$104,'Unit Mix'!$A$5:$A$104,'Assumptions'!$B$4,'Unit Mix'!$I$5:$I$104,"Included"),"")) | D19: =IF(OR($A19="",$C19=0),"",IFERROR(SUMPRODUCT(('Unit Mix'!$A$5:$A$104='Assumptions'!$B$4)*('Unit Mix'!$I$5:$I$104="Included")*'Unit Mix'!$D$5:$D$104*('Unit Mix'!$F$5:$F$104+MIN(1,IFERROR(($A19-1)/'Assumptions'!$B$8,0))*('Unit Mix'!$G$5:$G$104-'Unit Mix'!$F$5:$F$104))),"")) | E19: =IF(OR($A19="",$C19=0),"",IFERROR($D19/$C19,"")) | F19: =IF(OR($A19="",$C19=0),"",IFERROR(SUMPRODUCT(('Unit Mix'!$A$5:$A$104='Assumptions'!$B$4)*('Unit Mix'!$I$5:$I$104="Included")*'Unit Mix'!$D$5:$D$104*'Unit Mix'!$E$5:$E$104)*(1+'Assumptions'!$B$7)^(($A19-1)/12),"")) | G19: =IF(OR($A19="",$C19=0),"",IFERROR(SUMPRODUCT(('Unit Mix'!$A$5:$A$104='Assumptions'!$B$4)*('Unit Mix'!$I$5:$I$104="Included")*'Unit Mix'!$D$5:$D$104*'Unit Mix'!$E$5:$E$104*('Unit Mix'!$F$5:$F$104+MIN(1,IFERROR(($A19-1)/'Assumptions'!$B$8,0))*('Unit Mix'!$G$5:$G$104-'Unit Mix'!$F$5:$F$104)))*(1+'Assumptions'!$B$7)^(($A19-1)/12),"")) | H19: =IF($G19="","",IFERROR($D19*'Assumptions'!$B$9*(1+'Assumptions'!$B$10)^(($A19-1)/12),"")) | I19: =IF($G19="","",IFERROR($G19*'Assumptions'!$B$11,"")) | J19: =IF($G19="","",IFERROR(SUM($G19:$I19),"")) | K19: =IF($J19="","",IFERROR($J19*'Assumptions'!$B$12,"")) | L19: =IF($J19="","",IFERROR('Assumptions'!$B$13*(1+'Assumptions'!$B$14)^(($A19-1)/12),"")) | M19: =IF($J19="","",IFERROR('Assumptions'!$B$15,"")) | N19: =IF($J19="","",IFERROR($J19-SUM($K19:$M19),"")) | O19: =IF($N19="","",IFERROR('Assumptions'!$B$16,"")) | P19: =IF($N19="","",IFERROR($N19-$O19,"")) | Q19: =IF($A19="","",IF($C19=0,"Review",IF(OR($E19<'Assumptions'!$B$18,$P19<'Assumptions'!$B$17),"Review","OK")))
A20: =IF(16<='Assumptions'!$B$6,16,"") | B20: =IF($A20="","",IFERROR(EDATE('Assumptions'!$B$5,$A20-1),"")) | C20: =IF($A20="","",IFERROR(SUMIFS('Unit Mix'!$D$5:$D$104,'Unit Mix'!$A$5:$A$104,'Assumptions'!$B$4,'Unit Mix'!$I$5:$I$104,"Included"),"")) | D20: =IF(OR($A20="",$C20=0),"",IFERROR(SUMPRODUCT(('Unit Mix'!$A$5:$A$104='Assumptions'!$B$4)*('Unit Mix'!$I$5:$I$104="Included")*'Unit Mix'!$D$5:$D$104*('Unit Mix'!$F$5:$F$104+MIN(1,IFERROR(($A20-1)/'Assumptions'!$B$8,0))*('Unit Mix'!$G$5:$G$104-'Unit Mix'!$F$5:$F$104))),"")) | E20: =IF(OR($A20="",$C20=0),"",IFERROR($D20/$C20,"")) | F20: =IF(OR($A20="",$C20=0),"",IFERROR(SUMPRODUCT(('Unit Mix'!$A$5:$A$104='Assumptions'!$B$4)*('Unit Mix'!$I$5:$I$104="Included")*'Unit Mix'!$D$5:$D$104*'Unit Mix'!$E$5:$E$104)*(1+'Assumptions'!$B$7)^(($A20-1)/12),"")) | G20: =IF(OR($A20="",$C20=0),"",IFERROR(SUMPRODUCT(('Unit Mix'!$A$5:$A$104='Assumptions'!$B$4)*('Unit Mix'!$I$5:$I$104="Included")*'Unit Mix'!$D$5:$D$104*'Unit Mix'!$E$5:$E$104*('Unit Mix'!$F$5:$F$104+MIN(1,IFERROR(($A20-1)/'Assumptions'!$B$8,0))*('Unit Mix'!$G$5:$G$104-'Unit Mix'!$F$5:$F$104)))*(1+'Assumptions'!$B$7)^(($A20-1)/12),"")) | H20: =IF($G20="","",IFERROR($D20*'Assumptions'!$B$9*(1+'Assumptions'!$B$10)^(($A20-1)/12),"")) | I20: =IF($G20="","",IFERROR($G20*'Assumptions'!$B$11,"")) | J20: =IF($G20="","",IFERROR(SUM($G20:$I20),"")) | K20: =IF($J20="","",IFERROR($J20*'Assumptions'!$B$12,"")) | L20: =IF($J20="","",IFERROR('Assumptions'!$B$13*(1+'Assumptions'!$B$14)^(($A20-1)/12),"")) | M20: =IF($J20="","",IFERROR('Assumptions'!$B$15,"")) | N20: =IF($J20="","",IFERROR($J20-SUM($K20:$M20),"")) | O20: =IF($N20="","",IFERROR('Assumptions'!$B$16,"")) | P20: =IF($N20="","",IFERROR($N20-$O20,"")) | Q20: =IF($A20="","",IF($C20=0,"Review",IF(OR($E20<'Assumptions'!$B$18,$P20<'Assumptions'!$B$17),"Review","OK")))
A21: =IF(17<='Assumptions'!$B$6,17,"") | B21: =IF($A21="","",IFERROR(EDATE('Assumptions'!$B$5,$A21-1),"")) | C21: =IF($A21="","",IFERROR(SUMIFS('Unit Mix'!$D$5:$D$104,'Unit Mix'!$A$5:$A$104,'Assumptions'!$B$4,'Unit Mix'!$I$5:$I$104,"Included"),"")) | D21: =IF(OR($A21="",$C21=0),"",IFERROR(SUMPRODUCT(('Unit Mix'!$A$5:$A$104='Assumptions'!$B$4)*('Unit Mix'!$I$5:$I$104="Included")*'Unit Mix'!$D$5:$D$104*('Unit Mix'!$F$5:$F$104+MIN(1,IFERROR(($A21-1)/'Assumptions'!$B$8,0))*('Unit Mix'!$G$5:$G$104-'Unit Mix'!$F$5:$F$104))),"")) | E21: =IF(OR($A21="",$C21=0),"",IFERROR($D21/$C21,"")) | F21: =IF(OR($A21="",$C21=0),"",IFERROR(SUMPRODUCT(('Unit Mix'!$A$5:$A$104='Assumptions'!$B$4)*('Unit Mix'!$I$5:$I$104="Included")*'Unit Mix'!$D$5:$D$104*'Unit Mix'!$E$5:$E$104)*(1+'Assumptions'!$B$7)^(($A21-1)/12),"")) | G21: =IF(OR($A21="",$C21=0),"",IFERROR(SUMPRODUCT(('Unit Mix'!$A$5:$A$104='Assumptions'!$B$4)*('Unit Mix'!$I$5:$I$104="Included")*'Unit Mix'!$D$5:$D$104*'Unit Mix'!$E$5:$E$104*('Unit Mix'!$F$5:$F$104+MIN(1,IFERROR(($A21-1)/'Assumptions'!$B$8,0))*('Unit Mix'!$G$5:$G$104-'Unit Mix'!$F$5:$F$104)))*(1+'Assumptions'!$B$7)^(($A21-1)/12),"")) | H21: =IF($G21="","",IFERROR($D21*'Assumptions'!$B$9*(1+'Assumptions'!$B$10)^(($A21-1)/12),"")) | I21: =IF($G21="","",IFERROR($G21*'Assumptions'!$B$11,"")) | J21: =IF($G21="","",IFERROR(SUM($G21:$I21),"")) | K21: =IF($J21="","",IFERROR($J21*'Assumptions'!$B$12,"")) | L21: =IF($J21="","",IFERROR('Assumptions'!$B$13*(1+'Assumptions'!$B$14)^(($A21-1)/12),"")) | M21: =IF($J21="","",IFERROR('Assumptions'!$B$15,"")) | N21: =IF($J21="","",IFERROR($J21-SUM($K21:$M21),"")) | O21: =IF($N21="","",IFERROR('Assumptions'!$B$16,"")) | P21: =IF($N21="","",IFERROR($N21-$O21,"")) | Q21: =IF($A21="","",IF($C21=0,"Review",IF(OR($E21<'Assumptions'!$B$18,$P21<'Assumptions'!$B$17),"Review","OK")))
A22: =IF(18<='Assumptions'!$B$6,18,"") | B22: =IF($A22="","",IFERROR(EDATE('Assumptions'!$B$5,$A22-1),"")) | C22: =IF($A22="","",IFERROR(SUMIFS('Unit Mix'!$D$5:$D$104,'Unit Mix'!$A$5:$A$104,'Assumptions'!$B$4,'Unit Mix'!$I$5:$I$104,"Included"),"")) | D22: =IF(OR($A22="",$C22=0),"",IFERROR(SUMPRODUCT(('Unit Mix'!$A$5:$A$104='Assumptions'!$B$4)*('Unit Mix'!$I$5:$I$104="Included")*'Unit Mix'!$D$5:$D$104*('Unit Mix'!$F$5:$F$104+MIN(1,IFERROR(($A22-1)/'Assumptions'!$B$8,0))*('Unit Mix'!$G$5:$G$104-'Unit Mix'!$F$5:$F$104))),"")) | E22: =IF(OR($A22="",$C22=0),"",IFERROR($D22/$C22,"")) | F22: =IF(OR($A22="",$C22=0),"",IFERROR(SUMPRODUCT(('Unit Mix'!$A$5:$A$104='Assumptions'!$B$4)*('Unit Mix'!$I$5:$I$104="Included")*'Unit Mix'!$D$5:$D$104*'Unit Mix'!$E$5:$E$104)*(1+'Assumptions'!$B$7)^(($A22-1)/12),"")) | G22: =IF(OR($A22="",$C22=0),"",IFERROR(SUMPRODUCT(('Unit Mix'!$A$5:$A$104='Assumptions'!$B$4)*('Unit Mix'!$I$5:$I$104="Included")*'Unit Mix'!$D$5:$D$104*'Unit Mix'!$E$5:$E$104*('Unit Mix'!$F$5:$F$104+MIN(1,IFERROR(($A22-1)/'Assumptions'!$B$8,0))*('Unit Mix'!$G$5:$G$104-'Unit Mix'!$F$5:$F$104)))*(1+'Assumptions'!$B$7)^(($A22-1)/12),"")) | H22: =IF($G22="","",IFERROR($D22*'Assumptions'!$B$9*(1+'Assumptions'!$B$10)^(($A22-1)/12),"")) | I22: =IF($G22="","",IFERROR($G22*'Assumptions'!$B$11,"")) | J22: =IF($G22="","",IFERROR(SUM($G22:$I22),"")) | K22: =IF($J22="","",IFERROR($J22*'Assumptions'!$B$12,"")) | L22: =IF($J22="","",IFERROR('Assumptions'!$B$13*(1+'Assumptions'!$B$14)^(($A22-1)/12),"")) | M22: =IF($J22="","",IFERROR('Assumptions'!$B$15,"")) | N22: =IF($J22="","",IFERROR($J22-SUM($K22:$M22),"")) | O22: =IF($N22="","",IFERROR('Assumptions'!$B$16,"")) | P22: =IF($N22="","",IFERROR($N22-$O22,"")) | Q22: =IF($A22="","",IF($C22=0,"Review",IF(OR($E22<'Assumptions'!$B$18,$P22<'Assumptions'!$B$17),"Review","OK")))
A23: =IF(19<='Assumptions'!$B$6,19,"") | B23: =IF($A23="","",IFERROR(EDATE('Assumptions'!$B$5,$A23-1),"")) | C23: =IF($A23="","",IFERROR(SUMIFS('Unit Mix'!$D$5:$D$104,'Unit Mix'!$A$5:$A$104,'Assumptions'!$B$4,'Unit Mix'!$I$5:$I$104,"Included"),"")) | D23: =IF(OR($A23="",$C23=0),"",IFERROR(SUMPRODUCT(('Unit Mix'!$A$5:$A$104='Assumptions'!$B$4)*('Unit Mix'!$I$5:$I$104="Included")*'Unit Mix'!$D$5:$D$104*('Unit Mix'!$F$5:$F$104+MIN(1,IFERROR(($A23-1)/'Assumptions'!$B$8,0))*('Unit Mix'!$G$5:$G$104-'Unit Mix'!$F$5:$F$104))),"")) | E23: =IF(OR($A23="",$C23=0),"",IFERROR($D23/$C23,"")) | F23: =IF(OR($A23="",$C23=0),"",IFERROR(SUMPRODUCT(('Unit Mix'!$A$5:$A$104='Assumptions'!$B$4)*('Unit Mix'!$I$5:$I$104="Included")*'Unit Mix'!$D$5:$D$104*'Unit Mix'!$E$5:$E$104)*(1+'Assumptions'!$B$7)^(($A23-1)/12),"")) | G23: =IF(OR($A23="",$C23=0),"",IFERROR(SUMPRODUCT(('Unit Mix'!$A$5:$A$104='Assumptions'!$B$4)*('Unit Mix'!$I$5:$I$104="Included")*'Unit Mix'!$D$5:$D$104*'Unit Mix'!$E$5:$E$104*('Unit Mix'!$F$5:$F$104+MIN(1,IFERROR(($A23-1)/'Assumptions'!$B$8,0))*('Unit Mix'!$G$5:$G$104-'Unit Mix'!$F$5:$F$104)))*(1+'Assumptions'!$B$7)^(($A23-1)/12),"")) | H23: =IF($G23="","",IFERROR($D23*'Assumptions'!$B$9*(1+'Assumptions'!$B$10)^(($A23-1)/12),"")) | I23: =IF($G23="","",IFERROR($G23*'Assumptions'!$B$11,"")) | J23: =IF($G23="","",IFERROR(SUM($G23:$I23),"")) | K23: =IF($J23="","",IFERROR($J23*'Assumptions'!$B$12,"")) | L23: =IF($J23="","",IFERROR('Assumptions'!$B$13*(1+'Assumptions'!$B$14)^(($A23-1)/12),"")) | M23: =IF($J23="","",IFERROR('Assumptions'!$B$15,"")) | N23: =IF($J23="","",IFERROR($J23-SUM($K23:$M23),"")) | O23: =IF($N23="","",IFERROR('Assumptions'!$B$16,"")) | P23: =IF($N23="","",IFERROR($N23-$O23,"")) | Q23: =IF($A23="","",IF($C23=0,"Review",IF(OR($E23<'Assumptions'!$B$18,$P23<'Assumptions'!$B$17),"Review","OK")))
A24: =IF(20<='Assumptions'!$B$6,20,"") | B24: =IF($A24="","",IFERROR(EDATE('Assumptions'!$B$5,$A24-1),"")) | C24: =IF($A24="","",IFERROR(SUMIFS('Unit Mix'!$D$5:$D$104,'Unit Mix'!$A$5:$A$104,'Assumptions'!$B$4,'Unit Mix'!$I$5:$I$104,"Included"),"")) | D24: =IF(OR($A24="",$C24=0),"",IFERROR(SUMPRODUCT(('Unit Mix'!$A$5:$A$104='Assumptions'!$B$4)*('Unit Mix'!$I$5:$I$104="Included")*'Unit Mix'!$D$5:$D$104*('Unit Mix'!$F$5:$F$104+MIN(1,IFERROR(($A24-1)/'Assumptions'!$B$8,0))*('Unit Mix'!$G$5:$G$104-'Unit Mix'!$F$5:$F$104))),"")) | E24: =IF(OR($A24="",$C24=0),"",IFERROR($D24/$C24,"")) | F24: =IF(OR($A24="",$C24=0),"",IFERROR(SUMPRODUCT(('Unit Mix'!$A$5:$A$104='Assumptions'!$B$4)*('Unit Mix'!$I$5:$I$104="Included")*'Unit Mix'!$D$5:$D$104*'Unit Mix'!$E$5:$E$104)*(1+'Assumptions'!$B$7)^(($A24-1)/12),"")) | G24: =IF(OR($A24="",$C24=0),"",IFERROR(SUMPRODUCT(('Unit Mix'!$A$5:$A$104='Assumptions'!$B$4)*('Unit Mix'!$I$5:$I$104="Included")*'Unit Mix'!$D$5:$D$104*'Unit Mix'!$E$5:$E$104*('Unit Mix'!$F$5:$F$104+MIN(1,IFERROR(($A24-1)/'Assumptions'!$B$8,0))*('Unit Mix'!$G$5:$G$104-'Unit Mix'!$F$5:$F$104)))*(1+'Assumptions'!$B$7)^(($A24-1)/12),"")) | H24: =IF($G24="","",IFERROR($D24*'Assumptions'!$B$9*(1+'Assumptions'!$B$10)^(($A24-1)/12),"")) | I24: =IF($G24="","",IFERROR($G24*'Assumptions'!$B$11,"")) | J24: =IF($G24="","",IFERROR(SUM($G24:$I24),"")) | K24: =IF($J24="","",IFERROR($J24*'Assumptions'!$B$12,"")) | L24: =IF($J24="","",IFERROR('Assumptions'!$B$13*(1+'Assumptions'!$B$14)^(($A24-1)/12),"")) | M24: =IF($J24="","",IFERROR('Assumptions'!$B$15,"")) | N24: =IF($J24="","",IFERROR($J24-SUM($K24:$M24),"")) | O24: =IF($N24="","",IFERROR('Assumptions'!$B$16,"")) | P24: =IF($N24="","",IFERROR($N24-$O24,"")) | Q24: =IF($A24="","",IF($C24=0,"Review",IF(OR($E24<'Assumptions'!$B$18,$P24<'Assumptions'!$B$17),"Review","OK")))
A25: =IF(21<='Assumptions'!$B$6,21,"") | B25: =IF($A25="","",IFERROR(EDATE('Assumptions'!$B$5,$A25-1),"")) | C25: =IF($A25="","",IFERROR(SUMIFS('Unit Mix'!$D$5:$D$104,'Unit Mix'!$A$5:$A$104,'Assumptions'!$B$4,'Unit Mix'!$I$5:$I$104,"Included"),"")) | D25: =IF(OR($A25="",$C25=0),"",IFERROR(SUMPRODUCT(('Unit Mix'!$A$5:$A$104='Assumptions'!$B$4)*('Unit Mix'!$I$5:$I$104="Included")*'Unit Mix'!$D$5:$D$104*('Unit Mix'!$F$5:$F$104+MIN(1,IFERROR(($A25-1)/'Assumptions'!$B$8,0))*('Unit Mix'!$G$5:$G$104-'Unit Mix'!$F$5:$F$104))),"")) | E25: =IF(OR($A25="",$C25=0),"",IFERROR($D25/$C25,"")) | F25: =IF(OR($A25="",$C25=0),"",IFERROR(SUMPRODUCT(('Unit Mix'!$A$5:$A$104='Assumptions'!$B$4)*('Unit Mix'!$I$5:$I$104="Included")*'Unit Mix'!$D$5:$D$104*'Unit Mix'!$E$5:$E$104)*(1+'Assumptions'!$B$7)^(($A25-1)/12),"")) | G25: =IF(OR($A25="",$C25=0),"",IFERROR(SUMPRODUCT(('Unit Mix'!$A$5:$A$104='Assumptions'!$B$4)*('Unit Mix'!$I$5:$I$104="Included")*'Unit Mix'!$D$5:$D$104*'Unit Mix'!$E$5:$E$104*('Unit Mix'!$F$5:$F$104+MIN(1,IFERROR(($A25-1)/'Assumptions'!$B$8,0))*('Unit Mix'!$G$5:$G$104-'Unit Mix'!$F$5:$F$104)))*(1+'Assumptions'!$B$7)^(($A25-1)/12),"")) | H25: =IF($G25="","",IFERROR($D25*'Assumptions'!$B$9*(1+'Assumptions'!$B$10)^(($A25-1)/12),"")) | I25: =IF($G25="","",IFERROR($G25*'Assumptions'!$B$11,"")) | J25: =IF($G25="","",IFERROR(SUM($G25:$I25),"")) | K25: =IF($J25="","",IFERROR($J25*'Assumptions'!$B$12,"")) | L25: =IF($J25="","",IFERROR('Assumptions'!$B$13*(1+'Assumptions'!$B$14)^(($A25-1)/12),"")) | M25: =IF($J25="","",IFERROR('Assumptions'!$B$15,"")) | N25: =IF($J25="","",IFERROR($J25-SUM($K25:$M25),"")) | O25: =IF($N25="","",IFERROR('Assumptions'!$B$16,"")) | P25: =IF($N25="","",IFERROR($N25-$O25,"")) | Q25: =IF($A25="","",IF($C25=0,"Review",IF(OR($E25<'Assumptions'!$B$18,$P25<'Assumptions'!$B$17),"Review","OK")))
A26: =IF(22<='Assumptions'!$B$6,22,"") | B26: =IF($A26="","",IFERROR(EDATE('Assumptions'!$B$5,$A26-1),"")) | C26: =IF($A26="","",IFERROR(SUMIFS('Unit Mix'!$D$5:$D$104,'Unit Mix'!$A$5:$A$104,'Assumptions'!$B$4,'Unit Mix'!$I$5:$I$104,"Included"),"")) | D26: =IF(OR($A26="",$C26=0),"",IFERROR(SUMPRODUCT(('Unit Mix'!$A$5:$A$104='Assumptions'!$B$4)*('Unit Mix'!$I$5:$I$104="Included")*'Unit Mix'!$D$5:$D$104*('Unit Mix'!$F$5:$F$104+MIN(1,IFERROR(($A26-1)/'Assumptions'!$B$8,0))*('Unit Mix'!$G$5:$G$104-'Unit Mix'!$F$5:$F$104))),"")) | E26: =IF(OR($A26="",$C26=0),"",IFERROR($D26/$C26,"")) | F26: =IF(OR($A26="",$C26=0),"",IFERROR(SUMPRODUCT(('Unit Mix'!$A$5:$A$104='Assumptions'!$B$4)*('Unit Mix'!$I$5:$I$104="Included")*'Unit Mix'!$D$5:$D$104*'Unit Mix'!$E$5:$E$104)*(1+'Assumptions'!$B$7)^(($A26-1)/12),"")) | G26: =IF(OR($A26="",$C26=0),"",IFERROR(SUMPRODUCT(('Unit Mix'!$A$5:$A$104='Assumptions'!$B$4)*('Unit Mix'!$I$5:$I$104="Included")*'Unit Mix'!$D$5:$D$104*'Unit Mix'!$E$5:$E$104*('Unit Mix'!$F$5:$F$104+MIN(1,IFERROR(($A26-1)/'Assumptions'!$B$8,0))*('Unit Mix'!$G$5:$G$104-'Unit Mix'!$F$5:$F$104)))*(1+'Assumptions'!$B$7)^(($A26-1)/12),"")) | H26: =IF($G26="","",IFERROR($D26*'Assumptions'!$B$9*(1+'Assumptions'!$B$10)^(($A26-1)/12),"")) | I26: =IF($G26="","",IFERROR($G26*'Assumptions'!$B$11,"")) | J26: =IF($G26="","",IFERROR(SUM($G26:$I26),"")) | K26: =IF($J26="","",IFERROR($J26*'Assumptions'!$B$12,"")) | L26: =IF($J26="","",IFERROR('Assumptions'!$B$13*(1+'Assumptions'!$B$14)^(($A26-1)/12),"")) | M26: =IF($J26="","",IFERROR('Assumptions'!$B$15,"")) | N26: =IF($J26="","",IFERROR($J26-SUM($K26:$M26),"")) | O26: =IF($N26="","",IFERROR('Assumptions'!$B$16,"")) | P26: =IF($N26="","",IFERROR($N26-$O26,"")) | Q26: =IF($A26="","",IF($C26=0,"Review",IF(OR($E26<'Assumptions'!$B$18,$P26<'Assumptions'!$B$17),"Review","OK")))
A27: =IF(23<='Assumptions'!$B$6,23,"") | B27: =IF($A27="","",IFERROR(EDATE('Assumptions'!$B$5,$A27-1),"")) | C27: =IF($A27="","",IFERROR(SUMIFS('Unit Mix'!$D$5:$D$104,'Unit Mix'!$A$5:$A$104,'Assumptions'!$B$4,'Unit Mix'!$I$5:$I$104,"Included"),"")) | D27: =IF(OR($A27="",$C27=0),"",IFERROR(SUMPRODUCT(('Unit Mix'!$A$5:$A$104='Assumptions'!$B$4)*('Unit Mix'!$I$5:$I$104="Included")*'Unit Mix'!$D$5:$D$104*('Unit Mix'!$F$5:$F$104+MIN(1,IFERROR(($A27-1)/'Assumptions'!$B$8,0))*('Unit Mix'!$G$5:$G$104-'Unit Mix'!$F$5:$F$104))),"")) | E27: =IF(OR($A27="",$C27=0),"",IFERROR($D27/$C27,"")) | F27: =IF(OR($A27="",$C27=0),"",IFERROR(SUMPRODUCT(('Unit Mix'!$A$5:$A$104='Assumptions'!$B$4)*('Unit Mix'!$I$5:$I$104="Included")*'Unit Mix'!$D$5:$D$104*'Unit Mix'!$E$5:$E$104)*(1+'Assumptions'!$B$7)^(($A27-1)/12),"")) | G27: =IF(OR($A27="",$C27=0),"",IFERROR(SUMPRODUCT(('Unit Mix'!$A$5:$A$104='Assumptions'!$B$4)*('Unit Mix'!$I$5:$I$104="Included")*'Unit Mix'!$D$5:$D$104*'Unit Mix'!$E$5:$E$104*('Unit Mix'!$F$5:$F$104+MIN(1,IFERROR(($A27-1)/'Assumptions'!$B$8,0))*('Unit Mix'!$G$5:$G$104-'Unit Mix'!$F$5:$F$104)))*(1+'Assumptions'!$B$7)^(($A27-1)/12),"")) | H27: =IF($G27="","",IFERROR($D27*'Assumptions'!$B$9*(1+'Assumptions'!$B$10)^(($A27-1)/12),"")) | I27: =IF($G27="","",IFERROR($G27*'Assumptions'!$B$11,"")) | J27: =IF($G27="","",IFERROR(SUM($G27:$I27),"")) | K27: =IF($J27="","",IFERROR($J27*'Assumptions'!$B$12,"")) | L27: =IF($J27="","",IFERROR('Assumptions'!$B$13*(1+'Assumptions'!$B$14)^(($A27-1)/12),"")) | M27: =IF($J27="","",IFERROR('Assumptions'!$B$15,"")) | N27: =IF($J27="","",IFERROR($J27-SUM($K27:$M27),"")) | O27: =IF($N27="","",IFERROR('Assumptions'!$B$16,"")) | P27: =IF($N27="","",IFERROR($N27-$O27,"")) | Q27: =IF($A27="","",IF($C27=0,"Review",IF(OR($E27<'Assumptions'!$B$18,$P27<'Assumptions'!$B$17),"Review","OK")))
A28: =IF(24<='Assumptions'!$B$6,24,"") | B28: =IF($A28="","",IFERROR(EDATE('Assumptions'!$B$5,$A28-1),"")) | C28: =IF($A28="","",IFERROR(SUMIFS('Unit Mix'!$D$5:$D$104,'Unit Mix'!$A$5:$A$104,'Assumptions'!$B$4,'Unit Mix'!$I$5:$I$104,"Included"),"")) | D28: =IF(OR($A28="",$C28=0),"",IFERROR(SUMPRODUCT(('Unit Mix'!$A$5:$A$104='Assumptions'!$B$4)*('Unit Mix'!$I$5:$I$104="Included")*'Unit Mix'!$D$5:$D$104*('Unit Mix'!$F$5:$F$104+MIN(1,IFERROR(($A28-1)/'Assumptions'!$B$8,0))*('Unit Mix'!$G$5:$G$104-'Unit Mix'!$F$5:$F$104))),"")) | E28: =IF(OR($A28="",$C28=0),"",IFERROR($D28/$C28,"")) | F28: =IF(OR($A28="",$C28=0),"",IFERROR(SUMPRODUCT(('Unit Mix'!$A$5:$A$104='Assumptions'!$B$4)*('Unit Mix'!$I$5:$I$104="Included")*'Unit Mix'!$D$5:$D$104*'Unit Mix'!$E$5:$E$104)*(1+'Assumptions'!$B$7)^(($A28-1)/12),"")) | G28: =IF(OR($A28="",$C28=0),"",IFERROR(SUMPRODUCT(('Unit Mix'!$A$5:$A$104='Assumptions'!$B$4)*('Unit Mix'!$I$5:$I$104="Included")*'Unit Mix'!$D$5:$D$104*'Unit Mix'!$E$5:$E$104*('Unit Mix'!$F$5:$F$104+MIN(1,IFERROR(($A28-1)/'Assumptions'!$B$8,0))*('Unit Mix'!$G$5:$G$104-'Unit Mix'!$F$5:$F$104)))*(1+'Assumptions'!$B$7)^(($A28-1)/12),"")) | H28: =IF($G28="","",IFERROR($D28*'Assumptions'!$B$9*(1+'Assumptions'!$B$10)^(($A28-1)/12),"")) | I28: =IF($G28="","",IFERROR($G28*'Assumptions'!$B$11,"")) | J28: =IF($G28="","",IFERROR(SUM($G28:$I28),"")) | K28: =IF($J28="","",IFERROR($J28*'Assumptions'!$B$12,"")) | L28: =IF($J28="","",IFERROR('Assumptions'!$B$13*(1+'Assumptions'!$B$14)^(($A28-1)/12),"")) | M28: =IF($J28="","",IFERROR('Assumptions'!$B$15,"")) | N28: =IF($J28="","",IFERROR($J28-SUM($K28:$M28),"")) | O28: =IF($N28="","",IFERROR('Assumptions'!$B$16,"")) | P28: =IF($N28="","",IFERROR($N28-$O28,"")) | Q28: =IF($A28="","",IF($C28=0,"Review",IF(OR($E28<'Assumptions'!$B$18,$P28<'Assumptions'!$B$17),"Review","OK")))
A29: =IF(25<='Assumptions'!$B$6,25,"") | B29: =IF($A29="","",IFERROR(EDATE('Assumptions'!$B$5,$A29-1),"")) | C29: =IF($A29="","",IFERROR(SUMIFS('Unit Mix'!$D$5:$D$104,'Unit Mix'!$A$5:$A$104,'Assumptions'!$B$4,'Unit Mix'!$I$5:$I$104,"Included"),"")) | D29: =IF(OR($A29="",$C29=0),"",IFERROR(SUMPRODUCT(('Unit Mix'!$A$5:$A$104='Assumptions'!$B$4)*('Unit Mix'!$I$5:$I$104="Included")*'Unit Mix'!$D$5:$D$104*('Unit Mix'!$F$5:$F$104+MIN(1,IFERROR(($A29-1)/'Assumptions'!$B$8,0))*('Unit Mix'!$G$5:$G$104-'Unit Mix'!$F$5:$F$104))),"")) | E29: =IF(OR($A29="",$C29=0),"",IFERROR($D29/$C29,"")) | F29: =IF(OR($A29="",$C29=0),"",IFERROR(SUMPRODUCT(('Unit Mix'!$A$5:$A$104='Assumptions'!$B$4)*('Unit Mix'!$I$5:$I$104="Included")*'Unit Mix'!$D$5:$D$104*'Unit Mix'!$E$5:$E$104)*(1+'Assumptions'!$B$7)^(($A29-1)/12),"")) | G29: =IF(OR($A29="",$C29=0),"",IFERROR(SUMPRODUCT(('Unit Mix'!$A$5:$A$104='Assumptions'!$B$4)*('Unit Mix'!$I$5:$I$104="Included")*'Unit Mix'!$D$5:$D$104*'Unit Mix'!$E$5:$E$104*('Unit Mix'!$F$5:$F$104+MIN(1,IFERROR(($A29-1)/'Assumptions'!$B$8,0))*('Unit Mix'!$G$5:$G$104-'Unit Mix'!$F$5:$F$104)))*(1+'Assumptions'!$B$7)^(($A29-1)/12),"")) | H29: =IF($G29="","",IFERROR($D29*'Assumptions'!$B$9*(1+'Assumptions'!$B$10)^(($A29-1)/12),"")) | I29: =IF($G29="","",IFERROR($G29*'Assumptions'!$B$11,"")) | J29: =IF($G29="","",IFERROR(SUM($G29:$I29),"")) | K29: =IF($J29="","",IFERROR($J29*'Assumptions'!$B$12,"")) | L29: =IF($J29="","",IFERROR('Assumptions'!$B$13*(1+'Assumptions'!$B$14)^(($A29-1)/12),"")) | M29: =IF($J29="","",IFERROR('Assumptions'!$B$15,"")) | N29: =IF($J29="","",IFERROR($J29-SUM($K29:$M29),"")) | O29: =IF($N29="","",IFERROR('Assumptions'!$B$16,"")) | P29: =IF($N29="","",IFERROR($N29-$O29,"")) | Q29: =IF($A29="","",IF($C29=0,"Review",IF(OR($E29<'Assumptions'!$B$18,$P29<'Assumptions'!$B$17),"Review","OK")))
A30: =IF(26<='Assumptions'!$B$6,26,"") | B30: =IF($A30="","",IFERROR(EDATE('Assumptions'!$B$5,$A30-1),"")) | C30: =IF($A30="","",IFERROR(SUMIFS('Unit Mix'!$D$5:$D$104,'Unit Mix'!$A$5:$A$104,'Assumptions'!$B$4,'Unit Mix'!$I$5:$I$104,"Included"),"")) | D30: =IF(OR($A30="",$C30=0),"",IFERROR(SUMPRODUCT(('Unit Mix'!$A$5:$A$104='Assumptions'!$B$4)*('Unit Mix'!$I$5:$I$104="Included")*'Unit Mix'!$D$5:$D$104*('Unit Mix'!$F$5:$F$104+MIN(1,IFERROR(($A30-1)/'Assumptions'!$B$8,0))*('Unit Mix'!$G$5:$G$104-'Unit Mix'!$F$5:$F$104))),"")) | E30: =IF(OR($A30="",$C30=0),"",IFERROR($D30/$C30,"")) | F30: =IF(OR($A30="",$C30=0),"",IFERROR(SUMPRODUCT(('Unit Mix'!$A$5:$A$104='Assumptions'!$B$4)*('Unit Mix'!$I$5:$I$104="Included")*'Unit Mix'!$D$5:$D$104*'Unit Mix'!$E$5:$E$104)*(1+'Assumptions'!$B$7)^(($A30-1)/12),"")) | G30: =IF(OR($A30="",$C30=0),"",IFERROR(SUMPRODUCT(('Unit Mix'!$A$5:$A$104='Assumptions'!$B$4)*('Unit Mix'!$I$5:$I$104="Included")*'Unit Mix'!$D$5:$D$104*'Unit Mix'!$E$5:$E$104*('Unit Mix'!$F$5:$F$104+MIN(1,IFERROR(($A30-1)/'Assumptions'!$B$8,0))*('Unit Mix'!$G$5:$G$104-'Unit Mix'!$F$5:$F$104)))*(1+'Assumptions'!$B$7)^(($A30-1)/12),"")) | H30: =IF($G30="","",IFERROR($D30*'Assumptions'!$B$9*(1+'Assumptions'!$B$10)^(($A30-1)/12),"")) | I30: =IF($G30="","",IFERROR($G30*'Assumptions'!$B$11,"")) | J30: =IF($G30="","",IFERROR(SUM($G30:$I30),"")) | K30: =IF($J30="","",IFERROR($J30*'Assumptions'!$B$12,"")) | L30: =IF($J30="","",IFERROR('Assumptions'!$B$13*(1+'Assumptions'!$B$14)^(($A30-1)/12),"")) | M30: =IF($J30="","",IFERROR('Assumptions'!$B$15,"")) | N30: =IF($J30="","",IFERROR($J30-SUM($K30:$M30),"")) | O30: =IF($N30="","",IFERROR('Assumptions'!$B$16,"")) | P30: =IF($N30="","",IFERROR($N30-$O30,"")) | Q30: =IF($A30="","",IF($C30=0,"Review",IF(OR($E30<'Assumptions'!$B$18,$P30<'Assumptions'!$B$17),"Review","OK")))
A31: =IF(27<='Assumptions'!$B$6,27,"") | B31: =IF($A31="","",IFERROR(EDATE('Assumptions'!$B$5,$A31-1),"")) | C31: =IF($A31="","",IFERROR(SUMIFS('Unit Mix'!$D$5:$D$104,'Unit Mix'!$A$5:$A$104,'Assumptions'!$B$4,'Unit Mix'!$I$5:$I$104,"Included"),"")) | D31: =IF(OR($A31="",$C31=0),"",IFERROR(SUMPRODUCT(('Unit Mix'!$A$5:$A$104='Assumptions'!$B$4)*('Unit Mix'!$I$5:$I$104="Included")*'Unit Mix'!$D$5:$D$104*('Unit Mix'!$F$5:$F$104+MIN(1,IFERROR(($A31-1)/'Assumptions'!$B$8,0))*('Unit Mix'!$G$5:$G$104-'Unit Mix'!$F$5:$F$104))),"")) | E31: =IF(OR($A31="",$C31=0),"",IFERROR($D31/$C31,"")) | F31: =IF(OR($A31="",$C31=0),"",IFERROR(SUMPRODUCT(('Unit Mix'!$A$5:$A$104='Assumptions'!$B$4)*('Unit Mix'!$I$5:$I$104="Included")*'Unit Mix'!$D$5:$D$104*'Unit Mix'!$E$5:$E$104)*(1+'Assumptions'!$B$7)^(($A31-1)/12),"")) | G31: =IF(OR($A31="",$C31=0),"",IFERROR(SUMPRODUCT(('Unit Mix'!$A$5:$A$104='Assumptions'!$B$4)*('Unit Mix'!$I$5:$I$104="Included")*'Unit Mix'!$D$5:$D$104*'Unit Mix'!$E$5:$E$104*('Unit Mix'!$F$5:$F$104+MIN(1,IFERROR(($A31-1)/'Assumptions'!$B$8,0))*('Unit Mix'!$G$5:$G$104-'Unit Mix'!$F$5:$F$104)))*(1+'Assumptions'!$B$7)^(($A31-1)/12),"")) | H31: =IF($G31="","",IFERROR($D31*'Assumptions'!$B$9*(1+'Assumptions'!$B$10)^(($A31-1)/12),"")) | I31: =IF($G31="","",IFERROR($G31*'Assumptions'!$B$11,"")) | J31: =IF($G31="","",IFERROR(SUM($G31:$I31),"")) | K31: =IF($J31="","",IFERROR($J31*'Assumptions'!$B$12,"")) | L31: =IF($J31="","",IFERROR('Assumptions'!$B$13*(1+'Assumptions'!$B$14)^(($A31-1)/12),"")) | M31: =IF($J31="","",IFERROR('Assumptions'!$B$15,"")) | N31: =IF($J31="","",IFERROR($J31-SUM($K31:$M31),"")) | O31: =IF($N31="","",IFERROR('Assumptions'!$B$16,"")) | P31: =IF($N31="","",IFERROR($N31-$O31,"")) | Q31: =IF($A31="","",IF($C31=0,"Review",IF(OR($E31<'Assumptions'!$B$18,$P31<'Assumptions'!$B$17),"Review","OK")))
A32: =IF(28<='Assumptions'!$B$6,28,"") | B32: =IF($A32="","",IFERROR(EDATE('Assumptions'!$B$5,$A32-1),"")) | C32: =IF($A32="","",IFERROR(SUMIFS('Unit Mix'!$D$5:$D$104,'Unit Mix'!$A$5:$A$104,'Assumptions'!$B$4,'Unit Mix'!$I$5:$I$104,"Included"),"")) | D32: =IF(OR($A32="",$C32=0),"",IFERROR(SUMPRODUCT(('Unit Mix'!$A$5:$A$104='Assumptions'!$B$4)*('Unit Mix'!$I$5:$I$104="Included")*'Unit Mix'!$D$5:$D$104*('Unit Mix'!$F$5:$F$104+MIN(1,IFERROR(($A32-1)/'Assumptions'!$B$8,0))*('Unit Mix'!$G$5:$G$104-'Unit Mix'!$F$5:$F$104))),"")) | E32: =IF(OR($A32="",$C32=0),"",IFERROR($D32/$C32,"")) | F32: =IF(OR($A32="",$C32=0),"",IFERROR(SUMPRODUCT(('Unit Mix'!$A$5:$A$104='Assumptions'!$B$4)*('Unit Mix'!$I$5:$I$104="Included")*'Unit Mix'!$D$5:$D$104*'Unit Mix'!$E$5:$E$104)*(1+'Assumptions'!$B$7)^(($A32-1)/12),"")) | G32: =IF(OR($A32="",$C32=0),"",IFERROR(SUMPRODUCT(('Unit Mix'!$A$5:$A$104='Assumptions'!$B$4)*('Unit Mix'!$I$5:$I$104="Included")*'Unit Mix'!$D$5:$D$104*'Unit Mix'!$E$5:$E$104*('Unit Mix'!$F$5:$F$104+MIN(1,IFERROR(($A32-1)/'Assumptions'!$B$8,0))*('Unit Mix'!$G$5:$G$104-'Unit Mix'!$F$5:$F$104)))*(1+'Assumptions'!$B$7)^(($A32-1)/12),"")) | H32: =IF($G32="","",IFERROR($D32*'Assumptions'!$B$9*(1+'Assumptions'!$B$10)^(($A32-1)/12),"")) | I32: =IF($G32="","",IFERROR($G32*'Assumptions'!$B$11,"")) | J32: =IF($G32="","",IFERROR(SUM($G32:$I32),"")) | K32: =IF($J32="","",IFERROR($J32*'Assumptions'!$B$12,"")) | L32: =IF($J32="","",IFERROR('Assumptions'!$B$13*(1+'Assumptions'!$B$14)^(($A32-1)/12),"")) | M32: =IF($J32="","",IFERROR('Assumptions'!$B$15,"")) | N32: =IF($J32="","",IFERROR($J32-SUM($K32:$M32),"")) | O32: =IF($N32="","",IFERROR('Assumptions'!$B$16,"")) | P32: =IF($N32="","",IFERROR($N32-$O32,"")) | Q32: =IF($A32="","",IF($C32=0,"Review",IF(OR($E32<'Assumptions'!$B$18,$P32<'Assumptions'!$B$17),"Review","OK")))
A33: =IF(29<='Assumptions'!$B$6,29,"") | B33: =IF($A33="","",IFERROR(EDATE('Assumptions'!$B$5,$A33-1),"")) | C33: =IF($A33="","",IFERROR(SUMIFS('Unit Mix'!$D$5:$D$104,'Unit Mix'!$A$5:$A$104,'Assumptions'!$B$4,'Unit Mix'!$I$5:$I$104,"Included"),"")) | D33: =IF(OR($A33="",$C33=0),"",IFERROR(SUMPRODUCT(('Unit Mix'!$A$5:$A$104='Assumptions'!$B$4)*('Unit Mix'!$I$5:$I$104="Included")*'Unit Mix'!$D$5:$D$104*('Unit Mix'!$F$5:$F$104+MIN(1,IFERROR(($A33-1)/'Assumptions'!$B$8,0))*('Unit Mix'!$G$5:$G$104-'Unit Mix'!$F$5:$F$104))),"")) | E33: =IF(OR($A33="",$C33=0),"",IFERROR($D33/$C33,"")) | F33: =IF(OR($A33="",$C33=0),"",IFERROR(SUMPRODUCT(('Unit Mix'!$A$5:$A$104='Assumptions'!$B$4)*('Unit Mix'!$I$5:$I$104="Included")*'Unit Mix'!$D$5:$D$104*'Unit Mix'!$E$5:$E$104)*(1+'Assumptions'!$B$7)^(($A33-1)/12),"")) | G33: =IF(OR($A33="",$C33=0),"",IFERROR(SUMPRODUCT(('Unit Mix'!$A$5:$A$104='Assumptions'!$B$4)*('Unit Mix'!$I$5:$I$104="Included")*'Unit Mix'!$D$5:$D$104*'Unit Mix'!$E$5:$E$104*('Unit Mix'!$F$5:$F$104+MIN(1,IFERROR(($A33-1)/'Assumptions'!$B$8,0))*('Unit Mix'!$G$5:$G$104-'Unit Mix'!$F$5:$F$104)))*(1+'Assumptions'!$B$7)^(($A33-1)/12),"")) | H33: =IF($G33="","",IFERROR($D33*'Assumptions'!$B$9*(1+'Assumptions'!$B$10)^(($A33-1)/12),"")) | I33: =IF($G33="","",IFERROR($G33*'Assumptions'!$B$11,"")) | J33: =IF($G33="","",IFERROR(SUM($G33:$I33),"")) | K33: =IF($J33="","",IFERROR($J33*'Assumptions'!$B$12,"")) | L33: =IF($J33="","",IFERROR('Assumptions'!$B$13*(1+'Assumptions'!$B$14)^(($A33-1)/12),"")) | M33: =IF($J33="","",IFERROR('Assumptions'!$B$15,"")) | N33: =IF($J33="","",IFERROR($J33-SUM($K33:$M33),"")) | O33: =IF($N33="","",IFERROR('Assumptions'!$B$16,"")) | P33: =IF($N33="","",IFERROR($N33-$O33,"")) | Q33: =IF($A33="","",IF($C33=0,"Review",IF(OR($E33<'Assumptions'!$B$18,$P33<'Assumptions'!$B$17),"Review","OK")))
A34: =IF(30<='Assumptions'!$B$6,30,"") | B34: =IF($A34="","",IFERROR(EDATE('Assumptions'!$B$5,$A34-1),"")) | C34: =IF($A34="","",IFERROR(SUMIFS('Unit Mix'!$D$5:$D$104,'Unit Mix'!$A$5:$A$104,'Assumptions'!$B$4,'Unit Mix'!$I$5:$I$104,"Included"),"")) | D34: =IF(OR($A34="",$C34=0),"",IFERROR(SUMPRODUCT(('Unit Mix'!$A$5:$A$104='Assumptions'!$B$4)*('Unit Mix'!$I$5:$I$104="Included")*'Unit Mix'!$D$5:$D$104*('Unit Mix'!$F$5:$F$104+MIN(1,IFERROR(($A34-1)/'Assumptions'!$B$8,0))*('Unit Mix'!$G$5:$G$104-'Unit Mix'!$F$5:$F$104))),"")) | E34: =IF(OR($A34="",$C34=0),"",IFERROR($D34/$C34,"")) | F34: =IF(OR($A34="",$C34=0),"",IFERROR(SUMPRODUCT(('Unit Mix'!$A$5:$A$104='Assumptions'!$B$4)*('Unit Mix'!$I$5:$I$104="Included")*'Unit Mix'!$D$5:$D$104*'Unit Mix'!$E$5:$E$104)*(1+'Assumptions'!$B$7)^(($A34-1)/12),"")) | G34: =IF(OR($A34="",$C34=0),"",IFERROR(SUMPRODUCT(('Unit Mix'!$A$5:$A$104='Assumptions'!$B$4)*('Unit Mix'!$I$5:$I$104="Included")*'Unit Mix'!$D$5:$D$104*'Unit Mix'!$E$5:$E$104*('Unit Mix'!$F$5:$F$104+MIN(1,IFERROR(($A34-1)/'Assumptions'!$B$8,0))*('Unit Mix'!$G$5:$G$104-'Unit Mix'!$F$5:$F$104)))*(1+'Assumptions'!$B$7)^(($A34-1)/12),"")) | H34: =IF($G34="","",IFERROR($D34*'Assumptions'!$B$9*(1+'Assumptions'!$B$10)^(($A34-1)/12),"")) | I34: =IF($G34="","",IFERROR($G34*'Assumptions'!$B$11,"")) | J34: =IF($G34="","",IFERROR(SUM($G34:$I34),"")) | K34: =IF($J34="","",IFERROR($J34*'Assumptions'!$B$12,"")) | L34: =IF($J34="","",IFERROR('Assumptions'!$B$13*(1+'Assumptions'!$B$14)^(($A34-1)/12),"")) | M34: =IF($J34="","",IFERROR('Assumptions'!$B$15,"")) | N34: =IF($J34="","",IFERROR($J34-SUM($K34:$M34),"")) | O34: =IF($N34="","",IFERROR('Assumptions'!$B$16,"")) | P34: =IF($N34="","",IFERROR($N34-$O34,"")) | Q34: =IF($A34="","",IF($C34=0,"Review",IF(OR($E34<'Assumptions'!$B$18,$P34<'Assumptions'!$B$17),"Review","OK")))
A35: =IF(31<='Assumptions'!$B$6,31,"") | B35: =IF($A35="","",IFERROR(EDATE('Assumptions'!$B$5,$A35-1),"")) | C35: =IF($A35="","",IFERROR(SUMIFS('Unit Mix'!$D$5:$D$104,'Unit Mix'!$A$5:$A$104,'Assumptions'!$B$4,'Unit Mix'!$I$5:$I$104,"Included"),"")) | D35: =IF(OR($A35="",$C35=0),"",IFERROR(SUMPRODUCT(('Unit Mix'!$A$5:$A$104='Assumptions'!$B$4)*('Unit Mix'!$I$5:$I$104="Included")*'Unit Mix'!$D$5:$D$104*('Unit Mix'!$F$5:$F$104+MIN(1,IFERROR(($A35-1)/'Assumptions'!$B$8,0))*('Unit Mix'!$G$5:$G$104-'Unit Mix'!$F$5:$F$104))),"")) | E35: =IF(OR($A35="",$C35=0),"",IFERROR($D35/$C35,"")) | F35: =IF(OR($A35="",$C35=0),"",IFERROR(SUMPRODUCT(('Unit Mix'!$A$5:$A$104='Assumptions'!$B$4)*('Unit Mix'!$I$5:$I$104="Included")*'Unit Mix'!$D$5:$D$104*'Unit Mix'!$E$5:$E$104)*(1+'Assumptions'!$B$7)^(($A35-1)/12),"")) | G35: =IF(OR($A35="",$C35=0),"",IFERROR(SUMPRODUCT(('Unit Mix'!$A$5:$A$104='Assumptions'!$B$4)*('Unit Mix'!$I$5:$I$104="Included")*'Unit Mix'!$D$5:$D$104*'Unit Mix'!$E$5:$E$104*('Unit Mix'!$F$5:$F$104+MIN(1,IFERROR(($A35-1)/'Assumptions'!$B$8,0))*('Unit Mix'!$G$5:$G$104-'Unit Mix'!$F$5:$F$104)))*(1+'Assumptions'!$B$7)^(($A35-1)/12),"")) | H35: =IF($G35="","",IFERROR($D35*'Assumptions'!$B$9*(1+'Assumptions'!$B$10)^(($A35-1)/12),"")) | I35: =IF($G35="","",IFERROR($G35*'Assumptions'!$B$11,"")) | J35: =IF($G35="","",IFERROR(SUM($G35:$I35),"")) | K35: =IF($J35="","",IFERROR($J35*'Assumptions'!$B$12,"")) | L35: =IF($J35="","",IFERROR('Assumptions'!$B$13*(1+'Assumptions'!$B$14)^(($A35-1)/12),"")) | M35: =IF($J35="","",IFERROR('Assumptions'!$B$15,"")) | N35: =IF($J35="","",IFERROR($J35-SUM($K35:$M35),"")) | O35: =IF($N35="","",IFERROR('Assumptions'!$B$16,"")) | P35: =IF($N35="","",IFERROR($N35-$O35,"")) | Q35: =IF($A35="","",IF($C35=0,"Review",IF(OR($E35<'Assumptions'!$B$18,$P35<'Assumptions'!$B$17),"Review","OK")))
A36: =IF(32<='Assumptions'!$B$6,32,"") | B36: =IF($A36="","",IFERROR(EDATE('Assumptions'!$B$5,$A36-1),"")) | C36: =IF($A36="","",IFERROR(SUMIFS('Unit Mix'!$D$5:$D$104,'Unit Mix'!$A$5:$A$104,'Assumptions'!$B$4,'Unit Mix'!$I$5:$I$104,"Included"),"")) | D36: =IF(OR($A36="",$C36=0),"",IFERROR(SUMPRODUCT(('Unit Mix'!$A$5:$A$104='Assumptions'!$B$4)*('Unit Mix'!$I$5:$I$104="Included")*'Unit Mix'!$D$5:$D$104*('Unit Mix'!$F$5:$F$104+MIN(1,IFERROR(($A36-1)/'Assumptions'!$B$8,0))*('Unit Mix'!$G$5:$G$104-'Unit Mix'!$F$5:$F$104))),"")) | E36: =IF(OR($A36="",$C36=0),"",IFERROR($D36/$C36,"")) | F36: =IF(OR($A36="",$C36=0),"",IFERROR(SUMPRODUCT(('Unit Mix'!$A$5:$A$104='Assumptions'!$B$4)*('Unit Mix'!$I$5:$I$104="Included")*'Unit Mix'!$D$5:$D$104*'Unit Mix'!$E$5:$E$104)*(1+'Assumptions'!$B$7)^(($A36-1)/12),"")) | G36: =IF(OR($A36="",$C36=0),"",IFERROR(SUMPRODUCT(('Unit Mix'!$A$5:$A$104='Assumptions'!$B$4)*('Unit Mix'!$I$5:$I$104="Included")*'Unit Mix'!$D$5:$D$104*'Unit Mix'!$E$5:$E$104*('Unit Mix'!$F$5:$F$104+MIN(1,IFERROR(($A36-1)/'Assumptions'!$B$8,0))*('Unit Mix'!$G$5:$G$104-'Unit Mix'!$F$5:$F$104)))*(1+'Assumptions'!$B$7)^(($A36-1)/12),"")) | H36: =IF($G36="","",IFERROR($D36*'Assumptions'!$B$9*(1+'Assumptions'!$B$10)^(($A36-1)/12),"")) | I36: =IF($G36="","",IFERROR($G36*'Assumptions'!$B$11,"")) | J36: =IF($G36="","",IFERROR(SUM($G36:$I36),"")) | K36: =IF($J36="","",IFERROR($J36*'Assumptions'!$B$12,"")) | L36: =IF($J36="","",IFERROR('Assumptions'!$B$13*(1+'Assumptions'!$B$14)^(($A36-1)/12),"")) | M36: =IF($J36="","",IFERROR('Assumptions'!$B$15,"")) | N36: =IF($J36="","",IFERROR($J36-SUM($K36:$M36),"")) | O36: =IF($N36="","",IFERROR('Assumptions'!$B$16,"")) | P36: =IF($N36="","",IFERROR($N36-$O36,"")) | Q36: =IF($A36="","",IF($C36=0,"Review",IF(OR($E36<'Assumptions'!$B$18,$P36<'Assumptions'!$B$17),"Review","OK")))
A37: =IF(33<='Assumptions'!$B$6,33,"") | B37: =IF($A37="","",IFERROR(EDATE('Assumptions'!$B$5,$A37-1),"")) | C37: =IF($A37="","",IFERROR(SUMIFS('Unit Mix'!$D$5:$D$104,'Unit Mix'!$A$5:$A$104,'Assumptions'!$B$4,'Unit Mix'!$I$5:$I$104,"Included"),"")) | D37: =IF(OR($A37="",$C37=0),"",IFERROR(SUMPRODUCT(('Unit Mix'!$A$5:$A$104='Assumptions'!$B$4)*('Unit Mix'!$I$5:$I$104="Included")*'Unit Mix'!$D$5:$D$104*('Unit Mix'!$F$5:$F$104+MIN(1,IFERROR(($A37-1)/'Assumptions'!$B$8,0))*('Unit Mix'!$G$5:$G$104-'Unit Mix'!$F$5:$F$104))),"")) | E37: =IF(OR($A37="",$C37=0),"",IFERROR($D37/$C37,"")) | F37: =IF(OR($A37="",$C37=0),"",IFERROR(SUMPRODUCT(('Unit Mix'!$A$5:$A$104='Assumptions'!$B$4)*('Unit Mix'!$I$5:$I$104="Included")*'Unit Mix'!$D$5:$D$104*'Unit Mix'!$E$5:$E$104)*(1+'Assumptions'!$B$7)^(($A37-1)/12),"")) | G37: =IF(OR($A37="",$C37=0),"",IFERROR(SUMPRODUCT(('Unit Mix'!$A$5:$A$104='Assumptions'!$B$4)*('Unit Mix'!$I$5:$I$104="Included")*'Unit Mix'!$D$5:$D$104*'Unit Mix'!$E$5:$E$104*('Unit Mix'!$F$5:$F$104+MIN(1,IFERROR(($A37-1)/'Assumptions'!$B$8,0))*('Unit Mix'!$G$5:$G$104-'Unit Mix'!$F$5:$F$104)))*(1+'Assumptions'!$B$7)^(($A37-1)/12),"")) | H37: =IF($G37="","",IFERROR($D37*'Assumptions'!$B$9*(1+'Assumptions'!$B$10)^(($A37-1)/12),"")) | I37: =IF($G37="","",IFERROR($G37*'Assumptions'!$B$11,"")) | J37: =IF($G37="","",IFERROR(SUM($G37:$I37),"")) | K37: =IF($J37="","",IFERROR($J37*'Assumptions'!$B$12,"")) | L37: =IF($J37="","",IFERROR('Assumptions'!$B$13*(1+'Assumptions'!$B$14)^(($A37-1)/12),"")) | M37: =IF($J37="","",IFERROR('Assumptions'!$B$15,"")) | N37: =IF($J37="","",IFERROR($J37-SUM($K37:$M37),"")) | O37: =IF($N37="","",IFERROR('Assumptions'!$B$16,"")) | P37: =IF($N37="","",IFERROR($N37-$O37,"")) | Q37: =IF($A37="","",IF($C37=0,"Review",IF(OR($E37<'Assumptions'!$B$18,$P37<'Assumptions'!$B$17),"Review","OK")))
A38: =IF(34<='Assumptions'!$B$6,34,"") | B38: =IF($A38="","",IFERROR(EDATE('Assumptions'!$B$5,$A38-1),"")) | C38: =IF($A38="","",IFERROR(SUMIFS('Unit Mix'!$D$5:$D$104,'Unit Mix'!$A$5:$A$104,'Assumptions'!$B$4,'Unit Mix'!$I$5:$I$104,"Included"),"")) | D38: =IF(OR($A38="",$C38=0),"",IFERROR(SUMPRODUCT(('Unit Mix'!$A$5:$A$104='Assumptions'!$B$4)*('Unit Mix'!$I$5:$I$104="Included")*'Unit Mix'!$D$5:$D$104*('Unit Mix'!$F$5:$F$104+MIN(1,IFERROR(($A38-1)/'Assumptions'!$B$8,0))*('Unit Mix'!$G$5:$G$104-'Unit Mix'!$F$5:$F$104))),"")) | E38: =IF(OR($A38="",$C38=0),"",IFERROR($D38/$C38,"")) | F38: =IF(OR($A38="",$C38=0),"",IFERROR(SUMPRODUCT(('Unit Mix'!$A$5:$A$104='Assumptions'!$B$4)*('Unit Mix'!$I$5:$I$104="Included")*'Unit Mix'!$D$5:$D$104*'Unit Mix'!$E$5:$E$104)*(1+'Assumptions'!$B$7)^(($A38-1)/12),"")) | G38: =IF(OR($A38="",$C38=0),"",IFERROR(SUMPRODUCT(('Unit Mix'!$A$5:$A$104='Assumptions'!$B$4)*('Unit Mix'!$I$5:$I$104="Included")*'Unit Mix'!$D$5:$D$104*'Unit Mix'!$E$5:$E$104*('Unit Mix'!$F$5:$F$104+MIN(1,IFERROR(($A38-1)/'Assumptions'!$B$8,0))*('Unit Mix'!$G$5:$G$104-'Unit Mix'!$F$5:$F$104)))*(1+'Assumptions'!$B$7)^(($A38-1)/12),"")) | H38: =IF($G38="","",IFERROR($D38*'Assumptions'!$B$9*(1+'Assumptions'!$B$10)^(($A38-1)/12),"")) | I38: =IF($G38="","",IFERROR($G38*'Assumptions'!$B$11,"")) | J38: =IF($G38="","",IFERROR(SUM($G38:$I38),"")) | K38: =IF($J38="","",IFERROR($J38*'Assumptions'!$B$12,"")) | L38: =IF($J38="","",IFERROR('Assumptions'!$B$13*(1+'Assumptions'!$B$14)^(($A38-1)/12),"")) | M38: =IF($J38="","",IFERROR('Assumptions'!$B$15,"")) | N38: =IF($J38="","",IFERROR($J38-SUM($K38:$M38),"")) | O38: =IF($N38="","",IFERROR('Assumptions'!$B$16,"")) | P38: =IF($N38="","",IFERROR($N38-$O38,"")) | Q38: =IF($A38="","",IF($C38=0,"Review",IF(OR($E38<'Assumptions'!$B$18,$P38<'Assumptions'!$B$17),"Review","OK")))
A39: =IF(35<='Assumptions'!$B$6,35,"") | B39: =IF($A39="","",IFERROR(EDATE('Assumptions'!$B$5,$A39-1),"")) | C39: =IF($A39="","",IFERROR(SUMIFS('Unit Mix'!$D$5:$D$104,'Unit Mix'!$A$5:$A$104,'Assumptions'!$B$4,'Unit Mix'!$I$5:$I$104,"Included"),"")) | D39: =IF(OR($A39="",$C39=0),"",IFERROR(SUMPRODUCT(('Unit Mix'!$A$5:$A$104='Assumptions'!$B$4)*('Unit Mix'!$I$5:$I$104="Included")*'Unit Mix'!$D$5:$D$104*('Unit Mix'!$F$5:$F$104+MIN(1,IFERROR(($A39-1)/'Assumptions'!$B$8,0))*('Unit Mix'!$G$5:$G$104-'Unit Mix'!$F$5:$F$104))),"")) | E39: =IF(OR($A39="",$C39=0),"",IFERROR($D39/$C39,"")) | F39: =IF(OR($A39="",$C39=0),"",IFERROR(SUMPRODUCT(('Unit Mix'!$A$5:$A$104='Assumptions'!$B$4)*('Unit Mix'!$I$5:$I$104="Included")*'Unit Mix'!$D$5:$D$104*'Unit Mix'!$E$5:$E$104)*(1+'Assumptions'!$B$7)^(($A39-1)/12),"")) | G39: =IF(OR($A39="",$C39=0),"",IFERROR(SUMPRODUCT(('Unit Mix'!$A$5:$A$104='Assumptions'!$B$4)*('Unit Mix'!$I$5:$I$104="Included")*'Unit Mix'!$D$5:$D$104*'Unit Mix'!$E$5:$E$104*('Unit Mix'!$F$5:$F$104+MIN(1,IFERROR(($A39-1)/'Assumptions'!$B$8,0))*('Unit Mix'!$G$5:$G$104-'Unit Mix'!$F$5:$F$104)))*(1+'Assumptions'!$B$7)^(($A39-1)/12),"")) | H39: =IF($G39="","",IFERROR($D39*'Assumptions'!$B$9*(1+'Assumptions'!$B$10)^(($A39-1)/12),"")) | I39: =IF($G39="","",IFERROR($G39*'Assumptions'!$B$11,"")) | J39: =IF($G39="","",IFERROR(SUM($G39:$I39),"")) | K39: =IF($J39="","",IFERROR($J39*'Assumptions'!$B$12,"")) | L39: =IF($J39="","",IFERROR('Assumptions'!$B$13*(1+'Assumptions'!$B$14)^(($A39-1)/12),"")) | M39: =IF($J39="","",IFERROR('Assumptions'!$B$15,"")) | N39: =IF($J39="","",IFERROR($J39-SUM($K39:$M39),"")) | O39: =IF($N39="","",IFERROR('Assumptions'!$B$16,"")) | P39: =IF($N39="","",IFERROR($N39-$O39,"")) | Q39: =IF($A39="","",IF($C39=0,"Review",IF(OR($E39<'Assumptions'!$B$18,$P39<'Assumptions'!$B$17),"Review","OK")))
A40: =IF(36<='Assumptions'!$B$6,36,"") | B40: =IF($A40="","",IFERROR(EDATE('Assumptions'!$B$5,$A40-1),"")) | C40: =IF($A40="","",IFERROR(SUMIFS('Unit Mix'!$D$5:$D$104,'Unit Mix'!$A$5:$A$104,'Assumptions'!$B$4,'Unit Mix'!$I$5:$I$104,"Included"),"")) | D40: =IF(OR($A40="",$C40=0),"",IFERROR(SUMPRODUCT(('Unit Mix'!$A$5:$A$104='Assumptions'!$B$4)*('Unit Mix'!$I$5:$I$104="Included")*'Unit Mix'!$D$5:$D$104*('Unit Mix'!$F$5:$F$104+MIN(1,IFERROR(($A40-1)/'Assumptions'!$B$8,0))*('Unit Mix'!$G$5:$G$104-'Unit Mix'!$F$5:$F$104))),"")) | E40: =IF(OR($A40="",$C40=0),"",IFERROR($D40/$C40,"")) | F40: =IF(OR($A40="",$C40=0),"",IFERROR(SUMPRODUCT(('Unit Mix'!$A$5:$A$104='Assumptions'!$B$4)*('Unit Mix'!$I$5:$I$104="Included")*'Unit Mix'!$D$5:$D$104*'Unit Mix'!$E$5:$E$104)*(1+'Assumptions'!$B$7)^(($A40-1)/12),"")) | G40: =IF(OR($A40="",$C40=0),"",IFERROR(SUMPRODUCT(('Unit Mix'!$A$5:$A$104='Assumptions'!$B$4)*('Unit Mix'!$I$5:$I$104="Included")*'Unit Mix'!$D$5:$D$104*'Unit Mix'!$E$5:$E$104*('Unit Mix'!$F$5:$F$104+MIN(1,IFERROR(($A40-1)/'Assumptions'!$B$8,0))*('Unit Mix'!$G$5:$G$104-'Unit Mix'!$F$5:$F$104)))*(1+'Assumptions'!$B$7)^(($A40-1)/12),"")) | H40: =IF($G40="","",IFERROR($D40*'Assumptions'!$B$9*(1+'Assumptions'!$B$10)^(($A40-1)/12),"")) | I40: =IF($G40="","",IFERROR($G40*'Assumptions'!$B$11,"")) | J40: =IF($G40="","",IFERROR(SUM($G40:$I40),"")) | K40: =IF($J40="","",IFERROR($J40*'Assumptions'!$B$12,"")) | L40: =IF($J40="","",IFERROR('Assumptions'!$B$13*(1+'Assumptions'!$B$14)^(($A40-1)/12),"")) | M40: =IF($J40="","",IFERROR('Assumptions'!$B$15,"")) | N40: =IF($J40="","",IFERROR($J40-SUM($K40:$M40),"")) | O40: =IF($N40="","",IFERROR('Assumptions'!$B$16,"")) | P40: =IF($N40="","",IFERROR($N40-$O40,"")) | Q40: =IF($A40="","",IF($C40=0,"Review",IF(OR($E40<'Assumptions'!$B$18,$P40<'Assumptions'!$B$17),"Review","OK")))
A41: =IF(37<='Assumptions'!$B$6,37,"") | B41: =IF($A41="","",IFERROR(EDATE('Assumptions'!$B$5,$A41-1),"")) | C41: =IF($A41="","",IFERROR(SUMIFS('Unit Mix'!$D$5:$D$104,'Unit Mix'!$A$5:$A$104,'Assumptions'!$B$4,'Unit Mix'!$I$5:$I$104,"Included"),"")) | D41: =IF(OR($A41="",$C41=0),"",IFERROR(SUMPRODUCT(('Unit Mix'!$A$5:$A$104='Assumptions'!$B$4)*('Unit Mix'!$I$5:$I$104="Included")*'Unit Mix'!$D$5:$D$104*('Unit Mix'!$F$5:$F$104+MIN(1,IFERROR(($A41-1)/'Assumptions'!$B$8,0))*('Unit Mix'!$G$5:$G$104-'Unit Mix'!$F$5:$F$104))),"")) | E41: =IF(OR($A41="",$C41=0),"",IFERROR($D41/$C41,"")) | F41: =IF(OR($A41="",$C41=0),"",IFERROR(SUMPRODUCT(('Unit Mix'!$A$5:$A$104='Assumptions'!$B$4)*('Unit Mix'!$I$5:$I$104="Included")*'Unit Mix'!$D$5:$D$104*'Unit Mix'!$E$5:$E$104)*(1+'Assumptions'!$B$7)^(($A41-1)/12),"")) | G41: =IF(OR($A41="",$C41=0),"",IFERROR(SUMPRODUCT(('Unit Mix'!$A$5:$A$104='Assumptions'!$B$4)*('Unit Mix'!$I$5:$I$104="Included")*'Unit Mix'!$D$5:$D$104*'Unit Mix'!$E$5:$E$104*('Unit Mix'!$F$5:$F$104+MIN(1,IFERROR(($A41-1)/'Assumptions'!$B$8,0))*('Unit Mix'!$G$5:$G$104-'Unit Mix'!$F$5:$F$104)))*(1+'Assumptions'!$B$7)^(($A41-1)/12),"")) | H41: =IF($G41="","",IFERROR($D41*'Assumptions'!$B$9*(1+'Assumptions'!$B$10)^(($A41-1)/12),"")) | I41: =IF($G41="","",IFERROR($G41*'Assumptions'!$B$11,"")) | J41: =IF($G41="","",IFERROR(SUM($G41:$I41),"")) | K41: =IF($J41="","",IFERROR($J41*'Assumptions'!$B$12,"")) | L41: =IF($J41="","",IFERROR('Assumptions'!$B$13*(1+'Assumptions'!$B$14)^(($A41-1)/12),"")) | M41: =IF($J41="","",IFERROR('Assumptions'!$B$15,"")) | N41: =IF($J41="","",IFERROR($J41-SUM($K41:$M41),"")) | O41: =IF($N41="","",IFERROR('Assumptions'!$B$16,"")) | P41: =IF($N41="","",IFERROR($N41-$O41,"")) | Q41: =IF($A41="","",IF($C41=0,"Review",IF(OR($E41<'Assumptions'!$B$18,$P41<'Assumptions'!$B$17),"Review","OK")))
A42: =IF(38<='Assumptions'!$B$6,38,"") | B42: =IF($A42="","",IFERROR(EDATE('Assumptions'!$B$5,$A42-1),"")) | C42: =IF($A42="","",IFERROR(SUMIFS('Unit Mix'!$D$5:$D$104,'Unit Mix'!$A$5:$A$104,'Assumptions'!$B$4,'Unit Mix'!$I$5:$I$104,"Included"),"")) | D42: =IF(OR($A42="",$C42=0),"",IFERROR(SUMPRODUCT(('Unit Mix'!$A$5:$A$104='Assumptions'!$B$4)*('Unit Mix'!$I$5:$I$104="Included")*'Unit Mix'!$D$5:$D$104*('Unit Mix'!$F$5:$F$104+MIN(1,IFERROR(($A42-1)/'Assumptions'!$B$8,0))*('Unit Mix'!$G$5:$G$104-'Unit Mix'!$F$5:$F$104))),"")) | E42: =IF(OR($A42="",$C42=0),"",IFERROR($D42/$C42,"")) | F42: =IF(OR($A42="",$C42=0),"",IFERROR(SUMPRODUCT(('Unit Mix'!$A$5:$A$104='Assumptions'!$B$4)*('Unit Mix'!$I$5:$I$104="Included")*'Unit Mix'!$D$5:$D$104*'Unit Mix'!$E$5:$E$104)*(1+'Assumptions'!$B$7)^(($A42-1)/12),"")) | G42: =IF(OR($A42="",$C42=0),"",IFERROR(SUMPRODUCT(('Unit Mix'!$A$5:$A$104='Assumptions'!$B$4)*('Unit Mix'!$I$5:$I$104="Included")*'Unit Mix'!$D$5:$D$104*'Unit Mix'!$E$5:$E$104*('Unit Mix'!$F$5:$F$104+MIN(1,IFERROR(($A42-1)/'Assumptions'!$B$8,0))*('Unit Mix'!$G$5:$G$104-'Unit Mix'!$F$5:$F$104)))*(1+'Assumptions'!$B$7)^(($A42-1)/12),"")) | H42: =IF($G42="","",IFERROR($D42*'Assumptions'!$B$9*(1+'Assumptions'!$B$10)^(($A42-1)/12),"")) | I42: =IF($G42="","",IFERROR($G42*'Assumptions'!$B$11,"")) | J42: =IF($G42="","",IFERROR(SUM($G42:$I42),"")) | K42: =IF($J42="","",IFERROR($J42*'Assumptions'!$B$12,"")) | L42: =IF($J42="","",IFERROR('Assumptions'!$B$13*(1+'Assumptions'!$B$14)^(($A42-1)/12),"")) | M42: =IF($J42="","",IFERROR('Assumptions'!$B$15,"")) | N42: =IF($J42="","",IFERROR($J42-SUM($K42:$M42),"")) | O42: =IF($N42="","",IFERROR('Assumptions'!$B$16,"")) | P42: =IF($N42="","",IFERROR($N42-$O42,"")) | Q42: =IF($A42="","",IF($C42=0,"Review",IF(OR($E42<'Assumptions'!$B$18,$P42<'Assumptions'!$B$17),"Review","OK")))
A43: =IF(39<='Assumptions'!$B$6,39,"") | B43: =IF($A43="","",IFERROR(EDATE('Assumptions'!$B$5,$A43-1),"")) | C43: =IF($A43="","",IFERROR(SUMIFS('Unit Mix'!$D$5:$D$104,'Unit Mix'!$A$5:$A$104,'Assumptions'!$B$4,'Unit Mix'!$I$5:$I$104,"Included"),"")) | D43: =IF(OR($A43="",$C43=0),"",IFERROR(SUMPRODUCT(('Unit Mix'!$A$5:$A$104='Assumptions'!$B$4)*('Unit Mix'!$I$5:$I$104="Included")*'Unit Mix'!$D$5:$D$104*('Unit Mix'!$F$5:$F$104+MIN(1,IFERROR(($A43-1)/'Assumptions'!$B$8,0))*('Unit Mix'!$G$5:$G$104-'Unit Mix'!$F$5:$F$104))),"")) | E43: =IF(OR($A43="",$C43=0),"",IFERROR($D43/$C43,"")) | F43: =IF(OR($A43="",$C43=0),"",IFERROR(SUMPRODUCT(('Unit Mix'!$A$5:$A$104='Assumptions'!$B$4)*('Unit Mix'!$I$5:$I$104="Included")*'Unit Mix'!$D$5:$D$104*'Unit Mix'!$E$5:$E$104)*(1+'Assumptions'!$B$7)^(($A43-1)/12),"")) | G43: =IF(OR($A43="",$C43=0),"",IFERROR(SUMPRODUCT(('Unit Mix'!$A$5:$A$104='Assumptions'!$B$4)*('Unit Mix'!$I$5:$I$104="Included")*'Unit Mix'!$D$5:$D$104*'Unit Mix'!$E$5:$E$104*('Unit Mix'!$F$5:$F$104+MIN(1,IFERROR(($A43-1)/'Assumptions'!$B$8,0))*('Unit Mix'!$G$5:$G$104-'Unit Mix'!$F$5:$F$104)))*(1+'Assumptions'!$B$7)^(($A43-1)/12),"")) | H43: =IF($G43="","",IFERROR($D43*'Assumptions'!$B$9*(1+'Assumptions'!$B$10)^(($A43-1)/12),"")) | I43: =IF($G43="","",IFERROR($G43*'Assumptions'!$B$11,"")) | J43: =IF($G43="","",IFERROR(SUM($G43:$I43),"")) | K43: =IF($J43="","",IFERROR($J43*'Assumptions'!$B$12,"")) | L43: =IF($J43="","",IFERROR('Assumptions'!$B$13*(1+'Assumptions'!$B$14)^(($A43-1)/12),"")) | M43: =IF($J43="","",IFERROR('Assumptions'!$B$15,"")) | N43: =IF($J43="","",IFERROR($J43-SUM($K43:$M43),"")) | O43: =IF($N43="","",IFERROR('Assumptions'!$B$16,"")) | P43: =IF($N43="","",IFERROR($N43-$O43,"")) | Q43: =IF($A43="","",IF($C43=0,"Review",IF(OR($E43<'Assumptions'!$B$18,$P43<'Assumptions'!$B$17),"Review","OK")))
A44: =IF(40<='Assumptions'!$B$6,40,"") | B44: =IF($A44="","",IFERROR(EDATE('Assumptions'!$B$5,$A44-1),"")) | C44: =IF($A44="","",IFERROR(SUMIFS('Unit Mix'!$D$5:$D$104,'Unit Mix'!$A$5:$A$104,'Assumptions'!$B$4,'Unit Mix'!$I$5:$I$104,"Included"),"")) | D44: =IF(OR($A44="",$C44=0),"",IFERROR(SUMPRODUCT(('Unit Mix'!$A$5:$A$104='Assumptions'!$B$4)*('Unit Mix'!$I$5:$I$104="Included")*'Unit Mix'!$D$5:$D$104*('Unit Mix'!$F$5:$F$104+MIN(1,IFERROR(($A44-1)/'Assumptions'!$B$8,0))*('Unit Mix'!$G$5:$G$104-'Unit Mix'!$F$5:$F$104))),"")) | E44: =IF(OR($A44="",$C44=0),"",IFERROR($D44/$C44,"")) | F44: =IF(OR($A44="",$C44=0),"",IFERROR(SUMPRODUCT(('Unit Mix'!$A$5:$A$104='Assumptions'!$B$4)*('Unit Mix'!$I$5:$I$104="Included")*'Unit Mix'!$D$5:$D$104*'Unit Mix'!$E$5:$E$104)*(1+'Assumptions'!$B$7)^(($A44-1)/12),"")) | G44: =IF(OR($A44="",$C44=0),"",IFERROR(SUMPRODUCT(('Unit Mix'!$A$5:$A$104='Assumptions'!$B$4)*('Unit Mix'!$I$5:$I$104="Included")*'Unit Mix'!$D$5:$D$104*'Unit Mix'!$E$5:$E$104*('Unit Mix'!$F$5:$F$104+MIN(1,IFERROR(($A44-1)/'Assumptions'!$B$8,0))*('Unit Mix'!$G$5:$G$104-'Unit Mix'!$F$5:$F$104)))*(1+'Assumptions'!$B$7)^(($A44-1)/12),"")) | H44: =IF($G44="","",IFERROR($D44*'Assumptions'!$B$9*(1+'Assumptions'!$B$10)^(($A44-1)/12),"")) | I44: =IF($G44="","",IFERROR($G44*'Assumptions'!$B$11,"")) | J44: =IF($G44="","",IFERROR(SUM($G44:$I44),"")) | K44: =IF($J44="","",IFERROR($J44*'Assumptions'!$B$12,"")) | L44: =IF($J44="","",IFERROR('Assumptions'!$B$13*(1+'Assumptions'!$B$14)^(($A44-1)/12),"")) | M44: =IF($J44="","",IFERROR('Assumptions'!$B$15,"")) | N44: =IF($J44="","",IFERROR($J44-SUM($K44:$M44),"")) | O44: =IF($N44="","",IFERROR('Assumptions'!$B$16,"")) | P44: =IF($N44="","",IFERROR($N44-$O44,"")) | Q44: =IF($A44="","",IF($C44=0,"Review",IF(OR($E44<'Assumptions'!$B$18,$P44<'Assumptions'!$B$17),"Review","OK")))
A45: =IF(41<='Assumptions'!$B$6,41,"") | B45: =IF($A45="","",IFERROR(EDATE('Assumptions'!$B$5,$A45-1),"")) | C45: =IF($A45="","",IFERROR(SUMIFS('Unit Mix'!$D$5:$D$104,'Unit Mix'!$A$5:$A$104,'Assumptions'!$B$4,'Unit Mix'!$I$5:$I$104,"Included"),"")) | D45: =IF(OR($A45="",$C45=0),"",IFERROR(SUMPRODUCT(('Unit Mix'!$A$5:$A$104='Assumptions'!$B$4)*('Unit Mix'!$I$5:$I$104="Included")*'Unit Mix'!$D$5:$D$104*('Unit Mix'!$F$5:$F$104+MIN(1,IFERROR(($A45-1)/'Assumptions'!$B$8,0))*('Unit Mix'!$G$5:$G$104-'Unit Mix'!$F$5:$F$104))),"")) | E45: =IF(OR($A45="",$C45=0),"",IFERROR($D45/$C45,"")) | F45: =IF(OR($A45="",$C45=0),"",IFERROR(SUMPRODUCT(('Unit Mix'!$A$5:$A$104='Assumptions'!$B$4)*('Unit Mix'!$I$5:$I$104="Included")*'Unit Mix'!$D$5:$D$104*'Unit Mix'!$E$5:$E$104)*(1+'Assumptions'!$B$7)^(($A45-1)/12),"")) | G45: =IF(OR($A45="",$C45=0),"",IFERROR(SUMPRODUCT(('Unit Mix'!$A$5:$A$104='Assumptions'!$B$4)*('Unit Mix'!$I$5:$I$104="Included")*'Unit Mix'!$D$5:$D$104*'Unit Mix'!$E$5:$E$104*('Unit Mix'!$F$5:$F$104+MIN(1,IFERROR(($A45-1)/'Assumptions'!$B$8,0))*('Unit Mix'!$G$5:$G$104-'Unit Mix'!$F$5:$F$104)))*(1+'Assumptions'!$B$7)^(($A45-1)/12),"")) | H45: =IF($G45="","",IFERROR($D45*'Assumptions'!$B$9*(1+'Assumptions'!$B$10)^(($A45-1)/12),"")) | I45: =IF($G45="","",IFERROR($G45*'Assumptions'!$B$11,"")) | J45: =IF($G45="","",IFERROR(SUM($G45:$I45),"")) | K45: =IF($J45="","",IFERROR($J45*'Assumptions'!$B$12,"")) | L45: =IF($J45="","",IFERROR('Assumptions'!$B$13*(1+'Assumptions'!$B$14)^(($A45-1)/12),"")) | M45: =IF($J45="","",IFERROR('Assumptions'!$B$15,"")) | N45: =IF($J45="","",IFERROR($J45-SUM($K45:$M45),"")) | O45: =IF($N45="","",IFERROR('Assumptions'!$B$16,"")) | P45: =IF($N45="","",IFERROR($N45-$O45,"")) | Q45: =IF($A45="","",IF($C45=0,"Review",IF(OR($E45<'Assumptions'!$B$18,$P45<'Assumptions'!$B$17),"Review","OK")))
A46: =IF(42<='Assumptions'!$B$6,42,"") | B46: =IF($A46="","",IFERROR(EDATE('Assumptions'!$B$5,$A46-1),"")) | C46: =IF($A46="","",IFERROR(SUMIFS('Unit Mix'!$D$5:$D$104,'Unit Mix'!$A$5:$A$104,'Assumptions'!$B$4,'Unit Mix'!$I$5:$I$104,"Included"),"")) | D46: =IF(OR($A46="",$C46=0),"",IFERROR(SUMPRODUCT(('Unit Mix'!$A$5:$A$104='Assumptions'!$B$4)*('Unit Mix'!$I$5:$I$104="Included")*'Unit Mix'!$D$5:$D$104*('Unit Mix'!$F$5:$F$104+MIN(1,IFERROR(($A46-1)/'Assumptions'!$B$8,0))*('Unit Mix'!$G$5:$G$104-'Unit Mix'!$F$5:$F$104))),"")) | E46: =IF(OR($A46="",$C46=0),"",IFERROR($D46/$C46,"")) | F46: =IF(OR($A46="",$C46=0),"",IFERROR(SUMPRODUCT(('Unit Mix'!$A$5:$A$104='Assumptions'!$B$4)*('Unit Mix'!$I$5:$I$104="Included")*'Unit Mix'!$D$5:$D$104*'Unit Mix'!$E$5:$E$104)*(1+'Assumptions'!$B$7)^(($A46-1)/12),"")) | G46: =IF(OR($A46="",$C46=0),"",IFERROR(SUMPRODUCT(('Unit Mix'!$A$5:$A$104='Assumptions'!$B$4)*('Unit Mix'!$I$5:$I$104="Included")*'Unit Mix'!$D$5:$D$104*'Unit Mix'!$E$5:$E$104*('Unit Mix'!$F$5:$F$104+MIN(1,IFERROR(($A46-1)/'Assumptions'!$B$8,0))*('Unit Mix'!$G$5:$G$104-'Unit Mix'!$F$5:$F$104)))*(1+'Assumptions'!$B$7)^(($A46-1)/12),"")) | H46: =IF($G46="","",IFERROR($D46*'Assumptions'!$B$9*(1+'Assumptions'!$B$10)^(($A46-1)/12),"")) | I46: =IF($G46="","",IFERROR($G46*'Assumptions'!$B$11,"")) | J46: =IF($G46="","",IFERROR(SUM($G46:$I46),"")) | K46: =IF($J46="","",IFERROR($J46*'Assumptions'!$B$12,"")) | L46: =IF($J46="","",IFERROR('Assumptions'!$B$13*(1+'Assumptions'!$B$14)^(($A46-1)/12),"")) | M46: =IF($J46="","",IFERROR('Assumptions'!$B$15,"")) | N46: =IF($J46="","",IFERROR($J46-SUM($K46:$M46),"")) | O46: =IF($N46="","",IFERROR('Assumptions'!$B$16,"")) | P46: =IF($N46="","",IFERROR($N46-$O46,"")) | Q46: =IF($A46="","",IF($C46=0,"Review",IF(OR($E46<'Assumptions'!$B$18,$P46<'Assumptions'!$B$17),"Review","OK")))
A47: =IF(43<='Assumptions'!$B$6,43,"") | B47: =IF($A47="","",IFERROR(EDATE('Assumptions'!$B$5,$A47-1),"")) | C47: =IF($A47="","",IFERROR(SUMIFS('Unit Mix'!$D$5:$D$104,'Unit Mix'!$A$5:$A$104,'Assumptions'!$B$4,'Unit Mix'!$I$5:$I$104,"Included"),"")) | D47: =IF(OR($A47="",$C47=0),"",IFERROR(SUMPRODUCT(('Unit Mix'!$A$5:$A$104='Assumptions'!$B$4)*('Unit Mix'!$I$5:$I$104="Included")*'Unit Mix'!$D$5:$D$104*('Unit Mix'!$F$5:$F$104+MIN(1,IFERROR(($A47-1)/'Assumptions'!$B$8,0))*('Unit Mix'!$G$5:$G$104-'Unit Mix'!$F$5:$F$104))),"")) | E47: =IF(OR($A47="",$C47=0),"",IFERROR($D47/$C47,"")) | F47: =IF(OR($A47="",$C47=0),"",IFERROR(SUMPRODUCT(('Unit Mix'!$A$5:$A$104='Assumptions'!$B$4)*('Unit Mix'!$I$5:$I$104="Included")*'Unit Mix'!$D$5:$D$104*'Unit Mix'!$E$5:$E$104)*(1+'Assumptions'!$B$7)^(($A47-1)/12),"")) | G47: =IF(OR($A47="",$C47=0),"",IFERROR(SUMPRODUCT(('Unit Mix'!$A$5:$A$104='Assumptions'!$B$4)*('Unit Mix'!$I$5:$I$104="Included")*'Unit Mix'!$D$5:$D$104*'Unit Mix'!$E$5:$E$104*('Unit Mix'!$F$5:$F$104+MIN(1,IFERROR(($A47-1)/'Assumptions'!$B$8,0))*('Unit Mix'!$G$5:$G$104-'Unit Mix'!$F$5:$F$104)))*(1+'Assumptions'!$B$7)^(($A47-1)/12),"")) | H47: =IF($G47="","",IFERROR($D47*'Assumptions'!$B$9*(1+'Assumptions'!$B$10)^(($A47-1)/12),"")) | I47: =IF($G47="","",IFERROR($G47*'Assumptions'!$B$11,"")) | J47: =IF($G47="","",IFERROR(SUM($G47:$I47),"")) | K47: =IF($J47="","",IFERROR($J47*'Assumptions'!$B$12,"")) | L47: =IF($J47="","",IFERROR('Assumptions'!$B$13*(1+'Assumptions'!$B$14)^(($A47-1)/12),"")) | M47: =IF($J47="","",IFERROR('Assumptions'!$B$15,"")) | N47: =IF($J47="","",IFERROR($J47-SUM($K47:$M47),"")) | O47: =IF($N47="","",IFERROR('Assumptions'!$B$16,"")) | P47: =IF($N47="","",IFERROR($N47-$O47,"")) | Q47: =IF($A47="","",IF($C47=0,"Review",IF(OR($E47<'Assumptions'!$B$18,$P47<'Assumptions'!$B$17),"Review","OK")))
A48: =IF(44<='Assumptions'!$B$6,44,"") | B48: =IF($A48="","",IFERROR(EDATE('Assumptions'!$B$5,$A48-1),"")) | C48: =IF($A48="","",IFERROR(SUMIFS('Unit Mix'!$D$5:$D$104,'Unit Mix'!$A$5:$A$104,'Assumptions'!$B$4,'Unit Mix'!$I$5:$I$104,"Included"),"")) | D48: =IF(OR($A48="",$C48=0),"",IFERROR(SUMPRODUCT(('Unit Mix'!$A$5:$A$104='Assumptions'!$B$4)*('Unit Mix'!$I$5:$I$104="Included")*'Unit Mix'!$D$5:$D$104*('Unit Mix'!$F$5:$F$104+MIN(1,IFERROR(($A48-1)/'Assumptions'!$B$8,0))*('Unit Mix'!$G$5:$G$104-'Unit Mix'!$F$5:$F$104))),"")) | E48: =IF(OR($A48="",$C48=0),"",IFERROR($D48/$C48,"")) | F48: =IF(OR($A48="",$C48=0),"",IFERROR(SUMPRODUCT(('Unit Mix'!$A$5:$A$104='Assumptions'!$B$4)*('Unit Mix'!$I$5:$I$104="Included")*'Unit Mix'!$D$5:$D$104*'Unit Mix'!$E$5:$E$104)*(1+'Assumptions'!$B$7)^(($A48-1)/12),"")) | G48: =IF(OR($A48="",$C48=0),"",IFERROR(SUMPRODUCT(('Unit Mix'!$A$5:$A$104='Assumptions'!$B$4)*('Unit Mix'!$I$5:$I$104="Included")*'Unit Mix'!$D$5:$D$104*'Unit Mix'!$E$5:$E$104*('Unit Mix'!$F$5:$F$104+MIN(1,IFERROR(($A48-1)/'Assumptions'!$B$8,0))*('Unit Mix'!$G$5:$G$104-'Unit Mix'!$F$5:$F$104)))*(1+'Assumptions'!$B$7)^(($A48-1)/12),"")) | H48: =IF($G48="","",IFERROR($D48*'Assumptions'!$B$9*(1+'Assumptions'!$B$10)^(($A48-1)/12),"")) | I48: =IF($G48="","",IFERROR($G48*'Assumptions'!$B$11,"")) | J48: =IF($G48="","",IFERROR(SUM($G48:$I48),"")) | K48: =IF($J48="","",IFERROR($J48*'Assumptions'!$B$12,"")) | L48: =IF($J48="","",IFERROR('Assumptions'!$B$13*(1+'Assumptions'!$B$14)^(($A48-1)/12),"")) | M48: =IF($J48="","",IFERROR('Assumptions'!$B$15,"")) | N48: =IF($J48="","",IFERROR($J48-SUM($K48:$M48),"")) | O48: =IF($N48="","",IFERROR('Assumptions'!$B$16,"")) | P48: =IF($N48="","",IFERROR($N48-$O48,"")) | Q48: =IF($A48="","",IF($C48=0,"Review",IF(OR($E48<'Assumptions'!$B$18,$P48<'Assumptions'!$B$17),"Review","OK")))
A49: =IF(45<='Assumptions'!$B$6,45,"") | B49: =IF($A49="","",IFERROR(EDATE('Assumptions'!$B$5,$A49-1),"")) | C49: =IF($A49="","",IFERROR(SUMIFS('Unit Mix'!$D$5:$D$104,'Unit Mix'!$A$5:$A$104,'Assumptions'!$B$4,'Unit Mix'!$I$5:$I$104,"Included"),"")) | D49: =IF(OR($A49="",$C49=0),"",IFERROR(SUMPRODUCT(('Unit Mix'!$A$5:$A$104='Assumptions'!$B$4)*('Unit Mix'!$I$5:$I$104="Included")*'Unit Mix'!$D$5:$D$104*('Unit Mix'!$F$5:$F$104+MIN(1,IFERROR(($A49-1)/'Assumptions'!$B$8,0))*('Unit Mix'!$G$5:$G$104-'Unit Mix'!$F$5:$F$104))),"")) | E49: =IF(OR($A49="",$C49=0),"",IFERROR($D49/$C49,"")) | F49: =IF(OR($A49="",$C49=0),"",IFERROR(SUMPRODUCT(('Unit Mix'!$A$5:$A$104='Assumptions'!$B$4)*('Unit Mix'!$I$5:$I$104="Included")*'Unit Mix'!$D$5:$D$104*'Unit Mix'!$E$5:$E$104)*(1+'Assumptions'!$B$7)^(($A49-1)/12),"")) | G49: =IF(OR($A49="",$C49=0),"",IFERROR(SUMPRODUCT(('Unit Mix'!$A$5:$A$104='Assumptions'!$B$4)*('Unit Mix'!$I$5:$I$104="Included")*'Unit Mix'!$D$5:$D$104*'Unit Mix'!$E$5:$E$104*('Unit Mix'!$F$5:$F$104+MIN(1,IFERROR(($A49-1)/'Assumptions'!$B$8,0))*('Unit Mix'!$G$5:$G$104-'Unit Mix'!$F$5:$F$104)))*(1+'Assumptions'!$B$7)^(($A49-1)/12),"")) | H49: =IF($G49="","",IFERROR($D49*'Assumptions'!$B$9*(1+'Assumptions'!$B$10)^(($A49-1)/12),"")) | I49: =IF($G49="","",IFERROR($G49*'Assumptions'!$B$11,"")) | J49: =IF($G49="","",IFERROR(SUM($G49:$I49),"")) | K49: =IF($J49="","",IFERROR($J49*'Assumptions'!$B$12,"")) | L49: =IF($J49="","",IFERROR('Assumptions'!$B$13*(1+'Assumptions'!$B$14)^(($A49-1)/12),"")) | M49: =IF($J49="","",IFERROR('Assumptions'!$B$15,"")) | N49: =IF($J49="","",IFERROR($J49-SUM($K49:$M49),"")) | O49: =IF($N49="","",IFERROR('Assumptions'!$B$16,"")) | P49: =IF($N49="","",IFERROR($N49-$O49,"")) | Q49: =IF($A49="","",IF($C49=0,"Review",IF(OR($E49<'Assumptions'!$B$18,$P49<'Assumptions'!$B$17),"Review","OK")))
A50: =IF(46<='Assumptions'!$B$6,46,"") | B50: =IF($A50="","",IFERROR(EDATE('Assumptions'!$B$5,$A50-1),"")) | C50: =IF($A50="","",IFERROR(SUMIFS('Unit Mix'!$D$5:$D$104,'Unit Mix'!$A$5:$A$104,'Assumptions'!$B$4,'Unit Mix'!$I$5:$I$104,"Included"),"")) | D50: =IF(OR($A50="",$C50=0),"",IFERROR(SUMPRODUCT(('Unit Mix'!$A$5:$A$104='Assumptions'!$B$4)*('Unit Mix'!$I$5:$I$104="Included")*'Unit Mix'!$D$5:$D$104*('Unit Mix'!$F$5:$F$104+MIN(1,IFERROR(($A50-1)/'Assumptions'!$B$8,0))*('Unit Mix'!$G$5:$G$104-'Unit Mix'!$F$5:$F$104))),"")) | E50: =IF(OR($A50="",$C50=0),"",IFERROR($D50/$C50,"")) | F50: =IF(OR($A50="",$C50=0),"",IFERROR(SUMPRODUCT(('Unit Mix'!$A$5:$A$104='Assumptions'!$B$4)*('Unit Mix'!$I$5:$I$104="Included")*'Unit Mix'!$D$5:$D$104*'Unit Mix'!$E$5:$E$104)*(1+'Assumptions'!$B$7)^(($A50-1)/12),"")) | G50: =IF(OR($A50="",$C50=0),"",IFERROR(SUMPRODUCT(('Unit Mix'!$A$5:$A$104='Assumptions'!$B$4)*('Unit Mix'!$I$5:$I$104="Included")*'Unit Mix'!$D$5:$D$104*'Unit Mix'!$E$5:$E$104*('Unit Mix'!$F$5:$F$104+MIN(1,IFERROR(($A50-1)/'Assumptions'!$B$8,0))*('Unit Mix'!$G$5:$G$104-'Unit Mix'!$F$5:$F$104)))*(1+'Assumptions'!$B$7)^(($A50-1)/12),"")) | H50: =IF($G50="","",IFERROR($D50*'Assumptions'!$B$9*(1+'Assumptions'!$B$10)^(($A50-1)/12),"")) | I50: =IF($G50="","",IFERROR($G50*'Assumptions'!$B$11,"")) | J50: =IF($G50="","",IFERROR(SUM($G50:$I50),"")) | K50: =IF($J50="","",IFERROR($J50*'Assumptions'!$B$12,"")) | L50: =IF($J50="","",IFERROR('Assumptions'!$B$13*(1+'Assumptions'!$B$14)^(($A50-1)/12),"")) | M50: =IF($J50="","",IFERROR('Assumptions'!$B$15,"")) | N50: =IF($J50="","",IFERROR($J50-SUM($K50:$M50),"")) | O50: =IF($N50="","",IFERROR('Assumptions'!$B$16,"")) | P50: =IF($N50="","",IFERROR($N50-$O50,"")) | Q50: =IF($A50="","",IF($C50=0,"Review",IF(OR($E50<'Assumptions'!$B$18,$P50<'Assumptions'!$B$17),"Review","OK")))
A51: =IF(47<='Assumptions'!$B$6,47,"") | B51: =IF($A51="","",IFERROR(EDATE('Assumptions'!$B$5,$A51-1),"")) | C51: =IF($A51="","",IFERROR(SUMIFS('Unit Mix'!$D$5:$D$104,'Unit Mix'!$A$5:$A$104,'Assumptions'!$B$4,'Unit Mix'!$I$5:$I$104,"Included"),"")) | D51: =IF(OR($A51="",$C51=0),"",IFERROR(SUMPRODUCT(('Unit Mix'!$A$5:$A$104='Assumptions'!$B$4)*('Unit Mix'!$I$5:$I$104="Included")*'Unit Mix'!$D$5:$D$104*('Unit Mix'!$F$5:$F$104+MIN(1,IFERROR(($A51-1)/'Assumptions'!$B$8,0))*('Unit Mix'!$G$5:$G$104-'Unit Mix'!$F$5:$F$104))),"")) | E51: =IF(OR($A51="",$C51=0),"",IFERROR($D51/$C51,"")) | F51: =IF(OR($A51="",$C51=0),"",IFERROR(SUMPRODUCT(('Unit Mix'!$A$5:$A$104='Assumptions'!$B$4)*('Unit Mix'!$I$5:$I$104="Included")*'Unit Mix'!$D$5:$D$104*'Unit Mix'!$E$5:$E$104)*(1+'Assumptions'!$B$7)^(($A51-1)/12),"")) | G51: =IF(OR($A51="",$C51=0),"",IFERROR(SUMPRODUCT(('Unit Mix'!$A$5:$A$104='Assumptions'!$B$4)*('Unit Mix'!$I$5:$I$104="Included")*'Unit Mix'!$D$5:$D$104*'Unit Mix'!$E$5:$E$104*('Unit Mix'!$F$5:$F$104+MIN(1,IFERROR(($A51-1)/'Assumptions'!$B$8,0))*('Unit Mix'!$G$5:$G$104-'Unit Mix'!$F$5:$F$104)))*(1+'Assumptions'!$B$7)^(($A51-1)/12),"")) | H51: =IF($G51="","",IFERROR($D51*'Assumptions'!$B$9*(1+'Assumptions'!$B$10)^(($A51-1)/12),"")) | I51: =IF($G51="","",IFERROR($G51*'Assumptions'!$B$11,"")) | J51: =IF($G51="","",IFERROR(SUM($G51:$I51),"")) | K51: =IF($J51="","",IFERROR($J51*'Assumptions'!$B$12,"")) | L51: =IF($J51="","",IFERROR('Assumptions'!$B$13*(1+'Assumptions'!$B$14)^(($A51-1)/12),"")) | M51: =IF($J51="","",IFERROR('Assumptions'!$B$15,"")) | N51: =IF($J51="","",IFERROR($J51-SUM($K51:$M51),"")) | O51: =IF($N51="","",IFERROR('Assumptions'!$B$16,"")) | P51: =IF($N51="","",IFERROR($N51-$O51,"")) | Q51: =IF($A51="","",IF($C51=0,"Review",IF(OR($E51<'Assumptions'!$B$18,$P51<'Assumptions'!$B$17),"Review","OK")))
A52: =IF(48<='Assumptions'!$B$6,48,"") | B52: =IF($A52="","",IFERROR(EDATE('Assumptions'!$B$5,$A52-1),"")) | C52: =IF($A52="","",IFERROR(SUMIFS('Unit Mix'!$D$5:$D$104,'Unit Mix'!$A$5:$A$104,'Assumptions'!$B$4,'Unit Mix'!$I$5:$I$104,"Included"),"")) | D52: =IF(OR($A52="",$C52=0),"",IFERROR(SUMPRODUCT(('Unit Mix'!$A$5:$A$104='Assumptions'!$B$4)*('Unit Mix'!$I$5:$I$104="Included")*'Unit Mix'!$D$5:$D$104*('Unit Mix'!$F$5:$F$104+MIN(1,IFERROR(($A52-1)/'Assumptions'!$B$8,0))*('Unit Mix'!$G$5:$G$104-'Unit Mix'!$F$5:$F$104))),"")) | E52: =IF(OR($A52="",$C52=0),"",IFERROR($D52/$C52,"")) | F52: =IF(OR($A52="",$C52=0),"",IFERROR(SUMPRODUCT(('Unit Mix'!$A$5:$A$104='Assumptions'!$B$4)*('Unit Mix'!$I$5:$I$104="Included")*'Unit Mix'!$D$5:$D$104*'Unit Mix'!$E$5:$E$104)*(1+'Assumptions'!$B$7)^(($A52-1)/12),"")) | G52: =IF(OR($A52="",$C52=0),"",IFERROR(SUMPRODUCT(('Unit Mix'!$A$5:$A$104='Assumptions'!$B$4)*('Unit Mix'!$I$5:$I$104="Included")*'Unit Mix'!$D$5:$D$104*'Unit Mix'!$E$5:$E$104*('Unit Mix'!$F$5:$F$104+MIN(1,IFERROR(($A52-1)/'Assumptions'!$B$8,0))*('Unit Mix'!$G$5:$G$104-'Unit Mix'!$F$5:$F$104)))*(1+'Assumptions'!$B$7)^(($A52-1)/12),"")) | H52: =IF($G52="","",IFERROR($D52*'Assumptions'!$B$9*(1+'Assumptions'!$B$10)^(($A52-1)/12),"")) | I52: =IF($G52="","",IFERROR($G52*'Assumptions'!$B$11,"")) | J52: =IF($G52="","",IFERROR(SUM($G52:$I52),"")) | K52: =IF($J52="","",IFERROR($J52*'Assumptions'!$B$12,"")) | L52: =IF($J52="","",IFERROR('Assumptions'!$B$13*(1+'Assumptions'!$B$14)^(($A52-1)/12),"")) | M52: =IF($J52="","",IFERROR('Assumptions'!$B$15,"")) | N52: =IF($J52="","",IFERROR($J52-SUM($K52:$M52),"")) | O52: =IF($N52="","",IFERROR('Assumptions'!$B$16,"")) | P52: =IF($N52="","",IFERROR($N52-$O52,"")) | Q52: =IF($A52="","",IF($C52=0,"Review",IF(OR($E52<'Assumptions'!$B$18,$P52<'Assumptions'!$B$17),"Review","OK")))
A53: =IF(49<='Assumptions'!$B$6,49,"") | B53: =IF($A53="","",IFERROR(EDATE('Assumptions'!$B$5,$A53-1),"")) | C53: =IF($A53="","",IFERROR(SUMIFS('Unit Mix'!$D$5:$D$104,'Unit Mix'!$A$5:$A$104,'Assumptions'!$B$4,'Unit Mix'!$I$5:$I$104,"Included"),"")) | D53: =IF(OR($A53="",$C53=0),"",IFERROR(SUMPRODUCT(('Unit Mix'!$A$5:$A$104='Assumptions'!$B$4)*('Unit Mix'!$I$5:$I$104="Included")*'Unit Mix'!$D$5:$D$104*('Unit Mix'!$F$5:$F$104+MIN(1,IFERROR(($A53-1)/'Assumptions'!$B$8,0))*('Unit Mix'!$G$5:$G$104-'Unit Mix'!$F$5:$F$104))),"")) | E53: =IF(OR($A53="",$C53=0),"",IFERROR($D53/$C53,"")) | F53: =IF(OR($A53="",$C53=0),"",IFERROR(SUMPRODUCT(('Unit Mix'!$A$5:$A$104='Assumptions'!$B$4)*('Unit Mix'!$I$5:$I$104="Included")*'Unit Mix'!$D$5:$D$104*'Unit Mix'!$E$5:$E$104)*(1+'Assumptions'!$B$7)^(($A53-1)/12),"")) | G53: =IF(OR($A53="",$C53=0),"",IFERROR(SUMPRODUCT(('Unit Mix'!$A$5:$A$104='Assumptions'!$B$4)*('Unit Mix'!$I$5:$I$104="Included")*'Unit Mix'!$D$5:$D$104*'Unit Mix'!$E$5:$E$104*('Unit Mix'!$F$5:$F$104+MIN(1,IFERROR(($A53-1)/'Assumptions'!$B$8,0))*('Unit Mix'!$G$5:$G$104-'Unit Mix'!$F$5:$F$104)))*(1+'Assumptions'!$B$7)^(($A53-1)/12),"")) | H53: =IF($G53="","",IFERROR($D53*'Assumptions'!$B$9*(1+'Assumptions'!$B$10)^(($A53-1)/12),"")) | I53: =IF($G53="","",IFERROR($G53*'Assumptions'!$B$11,"")) | J53: =IF($G53="","",IFERROR(SUM($G53:$I53),"")) | K53: =IF($J53="","",IFERROR($J53*'Assumptions'!$B$12,"")) | L53: =IF($J53="","",IFERROR('Assumptions'!$B$13*(1+'Assumptions'!$B$14)^(($A53-1)/12),"")) | M53: =IF($J53="","",IFERROR('Assumptions'!$B$15,"")) | N53: =IF($J53="","",IFERROR($J53-SUM($K53:$M53),"")) | O53: =IF($N53="","",IFERROR('Assumptions'!$B$16,"")) | P53: =IF($N53="","",IFERROR($N53-$O53,"")) | Q53: =IF($A53="","",IF($C53=0,"Review",IF(OR($E53<'Assumptions'!$B$18,$P53<'Assumptions'!$B$17),"Review","OK")))
A54: =IF(50<='Assumptions'!$B$6,50,"") | B54: =IF($A54="","",IFERROR(EDATE('Assumptions'!$B$5,$A54-1),"")) | C54: =IF($A54="","",IFERROR(SUMIFS('Unit Mix'!$D$5:$D$104,'Unit Mix'!$A$5:$A$104,'Assumptions'!$B$4,'Unit Mix'!$I$5:$I$104,"Included"),"")) | D54: =IF(OR($A54="",$C54=0),"",IFERROR(SUMPRODUCT(('Unit Mix'!$A$5:$A$104='Assumptions'!$B$4)*('Unit Mix'!$I$5:$I$104="Included")*'Unit Mix'!$D$5:$D$104*('Unit Mix'!$F$5:$F$104+MIN(1,IFERROR(($A54-1)/'Assumptions'!$B$8,0))*('Unit Mix'!$G$5:$G$104-'Unit Mix'!$F$5:$F$104))),"")) | E54: =IF(OR($A54="",$C54=0),"",IFERROR($D54/$C54,"")) | F54: =IF(OR($A54="",$C54=0),"",IFERROR(SUMPRODUCT(('Unit Mix'!$A$5:$A$104='Assumptions'!$B$4)*('Unit Mix'!$I$5:$I$104="Included")*'Unit Mix'!$D$5:$D$104*'Unit Mix'!$E$5:$E$104)*(1+'Assumptions'!$B$7)^(($A54-1)/12),"")) | G54: =IF(OR($A54="",$C54=0),"",IFERROR(SUMPRODUCT(('Unit Mix'!$A$5:$A$104='Assumptions'!$B$4)*('Unit Mix'!$I$5:$I$104="Included")*'Unit Mix'!$D$5:$D$104*'Unit Mix'!$E$5:$E$104*('Unit Mix'!$F$5:$F$104+MIN(1,IFERROR(($A54-1)/'Assumptions'!$B$8,0))*('Unit Mix'!$G$5:$G$104-'Unit Mix'!$F$5:$F$104)))*(1+'Assumptions'!$B$7)^(($A54-1)/12),"")) | H54: =IF($G54="","",IFERROR($D54*'Assumptions'!$B$9*(1+'Assumptions'!$B$10)^(($A54-1)/12),"")) | I54: =IF($G54="","",IFERROR($G54*'Assumptions'!$B$11,"")) | J54: =IF($G54="","",IFERROR(SUM($G54:$I54),"")) | K54: =IF($J54="","",IFERROR($J54*'Assumptions'!$B$12,"")) | L54: =IF($J54="","",IFERROR('Assumptions'!$B$13*(1+'Assumptions'!$B$14)^(($A54-1)/12),"")) | M54: =IF($J54="","",IFERROR('Assumptions'!$B$15,"")) | N54: =IF($J54="","",IFERROR($J54-SUM($K54:$M54),"")) | O54: =IF($N54="","",IFERROR('Assumptions'!$B$16,"")) | P54: =IF($N54="","",IFERROR($N54-$O54,"")) | Q54: =IF($A54="","",IF($C54=0,"Review",IF(OR($E54<'Assumptions'!$B$18,$P54<'Assumptions'!$B$17),"Review","OK")))
A55: =IF(51<='Assumptions'!$B$6,51,"") | B55: =IF($A55="","",IFERROR(EDATE('Assumptions'!$B$5,$A55-1),"")) | C55: =IF($A55="","",IFERROR(SUMIFS('Unit Mix'!$D$5:$D$104,'Unit Mix'!$A$5:$A$104,'Assumptions'!$B$4,'Unit Mix'!$I$5:$I$104,"Included"),"")) | D55: =IF(OR($A55="",$C55=0),"",IFERROR(SUMPRODUCT(('Unit Mix'!$A$5:$A$104='Assumptions'!$B$4)*('Unit Mix'!$I$5:$I$104="Included")*'Unit Mix'!$D$5:$D$104*('Unit Mix'!$F$5:$F$104+MIN(1,IFERROR(($A55-1)/'Assumptions'!$B$8,0))*('Unit Mix'!$G$5:$G$104-'Unit Mix'!$F$5:$F$104))),"")) | E55: =IF(OR($A55="",$C55=0),"",IFERROR($D55/$C55,"")) | F55: =IF(OR($A55="",$C55=0),"",IFERROR(SUMPRODUCT(('Unit Mix'!$A$5:$A$104='Assumptions'!$B$4)*('Unit Mix'!$I$5:$I$104="Included")*'Unit Mix'!$D$5:$D$104*'Unit Mix'!$E$5:$E$104)*(1+'Assumptions'!$B$7)^(($A55-1)/12),"")) | G55: =IF(OR($A55="",$C55=0),"",IFERROR(SUMPRODUCT(('Unit Mix'!$A$5:$A$104='Assumptions'!$B$4)*('Unit Mix'!$I$5:$I$104="Included")*'Unit Mix'!$D$5:$D$104*'Unit Mix'!$E$5:$E$104*('Unit Mix'!$F$5:$F$104+MIN(1,IFERROR(($A55-1)/'Assumptions'!$B$8,0))*('Unit Mix'!$G$5:$G$104-'Unit Mix'!$F$5:$F$104)))*(1+'Assumptions'!$B$7)^(($A55-1)/12),"")) | H55: =IF($G55="","",IFERROR($D55*'Assumptions'!$B$9*(1+'Assumptions'!$B$10)^(($A55-1)/12),"")) | I55: =IF($G55="","",IFERROR($G55*'Assumptions'!$B$11,"")) | J55: =IF($G55="","",IFERROR(SUM($G55:$I55),"")) | K55: =IF($J55="","",IFERROR($J55*'Assumptions'!$B$12,"")) | L55: =IF($J55="","",IFERROR('Assumptions'!$B$13*(1+'Assumptions'!$B$14)^(($A55-1)/12),"")) | M55: =IF($J55="","",IFERROR('Assumptions'!$B$15,"")) | N55: =IF($J55="","",IFERROR($J55-SUM($K55:$M55),"")) | O55: =IF($N55="","",IFERROR('Assumptions'!$B$16,"")) | P55: =IF($N55="","",IFERROR($N55-$O55,"")) | Q55: =IF($A55="","",IF($C55=0,"Review",IF(OR($E55<'Assumptions'!$B$18,$P55<'Assumptions'!$B$17),"Review","OK")))
A56: =IF(52<='Assumptions'!$B$6,52,"") | B56: =IF($A56="","",IFERROR(EDATE('Assumptions'!$B$5,$A56-1),"")) | C56: =IF($A56="","",IFERROR(SUMIFS('Unit Mix'!$D$5:$D$104,'Unit Mix'!$A$5:$A$104,'Assumptions'!$B$4,'Unit Mix'!$I$5:$I$104,"Included"),"")) | D56: =IF(OR($A56="",$C56=0),"",IFERROR(SUMPRODUCT(('Unit Mix'!$A$5:$A$104='Assumptions'!$B$4)*('Unit Mix'!$I$5:$I$104="Included")*'Unit Mix'!$D$5:$D$104*('Unit Mix'!$F$5:$F$104+MIN(1,IFERROR(($A56-1)/'Assumptions'!$B$8,0))*('Unit Mix'!$G$5:$G$104-'Unit Mix'!$F$5:$F$104))),"")) | E56: =IF(OR($A56="",$C56=0),"",IFERROR($D56/$C56,"")) | F56: =IF(OR($A56="",$C56=0),"",IFERROR(SUMPRODUCT(('Unit Mix'!$A$5:$A$104='Assumptions'!$B$4)*('Unit Mix'!$I$5:$I$104="Included")*'Unit Mix'!$D$5:$D$104*'Unit Mix'!$E$5:$E$104)*(1+'Assumptions'!$B$7)^(($A56-1)/12),"")) | G56: =IF(OR($A56="",$C56=0),"",IFERROR(SUMPRODUCT(('Unit Mix'!$A$5:$A$104='Assumptions'!$B$4)*('Unit Mix'!$I$5:$I$104="Included")*'Unit Mix'!$D$5:$D$104*'Unit Mix'!$E$5:$E$104*('Unit Mix'!$F$5:$F$104+MIN(1,IFERROR(($A56-1)/'Assumptions'!$B$8,0))*('Unit Mix'!$G$5:$G$104-'Unit Mix'!$F$5:$F$104)))*(1+'Assumptions'!$B$7)^(($A56-1)/12),"")) | H56: =IF($G56="","",IFERROR($D56*'Assumptions'!$B$9*(1+'Assumptions'!$B$10)^(($A56-1)/12),"")) | I56: =IF($G56="","",IFERROR($G56*'Assumptions'!$B$11,"")) | J56: =IF($G56="","",IFERROR(SUM($G56:$I56),"")) | K56: =IF($J56="","",IFERROR($J56*'Assumptions'!$B$12,"")) | L56: =IF($J56="","",IFERROR('Assumptions'!$B$13*(1+'Assumptions'!$B$14)^(($A56-1)/12),"")) | M56: =IF($J56="","",IFERROR('Assumptions'!$B$15,"")) | N56: =IF($J56="","",IFERROR($J56-SUM($K56:$M56),"")) | O56: =IF($N56="","",IFERROR('Assumptions'!$B$16,"")) | P56: =IF($N56="","",IFERROR($N56-$O56,"")) | Q56: =IF($A56="","",IF($C56=0,"Review",IF(OR($E56<'Assumptions'!$B$18,$P56<'Assumptions'!$B$17),"Review","OK")))
A57: =IF(53<='Assumptions'!$B$6,53,"") | B57: =IF($A57="","",IFERROR(EDATE('Assumptions'!$B$5,$A57-1),"")) | C57: =IF($A57="","",IFERROR(SUMIFS('Unit Mix'!$D$5:$D$104,'Unit Mix'!$A$5:$A$104,'Assumptions'!$B$4,'Unit Mix'!$I$5:$I$104,"Included"),"")) | D57: =IF(OR($A57="",$C57=0),"",IFERROR(SUMPRODUCT(('Unit Mix'!$A$5:$A$104='Assumptions'!$B$4)*('Unit Mix'!$I$5:$I$104="Included")*'Unit Mix'!$D$5:$D$104*('Unit Mix'!$F$5:$F$104+MIN(1,IFERROR(($A57-1)/'Assumptions'!$B$8,0))*('Unit Mix'!$G$5:$G$104-'Unit Mix'!$F$5:$F$104))),"")) | E57: =IF(OR($A57="",$C57=0),"",IFERROR($D57/$C57,"")) | F57: =IF(OR($A57="",$C57=0),"",IFERROR(SUMPRODUCT(('Unit Mix'!$A$5:$A$104='Assumptions'!$B$4)*('Unit Mix'!$I$5:$I$104="Included")*'Unit Mix'!$D$5:$D$104*'Unit Mix'!$E$5:$E$104)*(1+'Assumptions'!$B$7)^(($A57-1)/12),"")) | G57: =IF(OR($A57="",$C57=0),"",IFERROR(SUMPRODUCT(('Unit Mix'!$A$5:$A$104='Assumptions'!$B$4)*('Unit Mix'!$I$5:$I$104="Included")*'Unit Mix'!$D$5:$D$104*'Unit Mix'!$E$5:$E$104*('Unit Mix'!$F$5:$F$104+MIN(1,IFERROR(($A57-1)/'Assumptions'!$B$8,0))*('Unit Mix'!$G$5:$G$104-'Unit Mix'!$F$5:$F$104)))*(1+'Assumptions'!$B$7)^(($A57-1)/12),"")) | H57: =IF($G57="","",IFERROR($D57*'Assumptions'!$B$9*(1+'Assumptions'!$B$10)^(($A57-1)/12),"")) | I57: =IF($G57="","",IFERROR($G57*'Assumptions'!$B$11,"")) | J57: =IF($G57="","",IFERROR(SUM($G57:$I57),"")) | K57: =IF($J57="","",IFERROR($J57*'Assumptions'!$B$12,"")) | L57: =IF($J57="","",IFERROR('Assumptions'!$B$13*(1+'Assumptions'!$B$14)^(($A57-1)/12),"")) | M57: =IF($J57="","",IFERROR('Assumptions'!$B$15,"")) | N57: =IF($J57="","",IFERROR($J57-SUM($K57:$M57),"")) | O57: =IF($N57="","",IFERROR('Assumptions'!$B$16,"")) | P57: =IF($N57="","",IFERROR($N57-$O57,"")) | Q57: =IF($A57="","",IF($C57=0,"Review",IF(OR($E57<'Assumptions'!$B$18,$P57<'Assumptions'!$B$17),"Review","OK")))
A58: =IF(54<='Assumptions'!$B$6,54,"") | B58: =IF($A58="","",IFERROR(EDATE('Assumptions'!$B$5,$A58-1),"")) | C58: =IF($A58="","",IFERROR(SUMIFS('Unit Mix'!$D$5:$D$104,'Unit Mix'!$A$5:$A$104,'Assumptions'!$B$4,'Unit Mix'!$I$5:$I$104,"Included"),"")) | D58: =IF(OR($A58="",$C58=0),"",IFERROR(SUMPRODUCT(('Unit Mix'!$A$5:$A$104='Assumptions'!$B$4)*('Unit Mix'!$I$5:$I$104="Included")*'Unit Mix'!$D$5:$D$104*('Unit Mix'!$F$5:$F$104+MIN(1,IFERROR(($A58-1)/'Assumptions'!$B$8,0))*('Unit Mix'!$G$5:$G$104-'Unit Mix'!$F$5:$F$104))),"")) | E58: =IF(OR($A58="",$C58=0),"",IFERROR($D58/$C58,"")) | F58: =IF(OR($A58="",$C58=0),"",IFERROR(SUMPRODUCT(('Unit Mix'!$A$5:$A$104='Assumptions'!$B$4)*('Unit Mix'!$I$5:$I$104="Included")*'Unit Mix'!$D$5:$D$104*'Unit Mix'!$E$5:$E$104)*(1+'Assumptions'!$B$7)^(($A58-1)/12),"")) | G58: =IF(OR($A58="",$C58=0),"",IFERROR(SUMPRODUCT(('Unit Mix'!$A$5:$A$104='Assumptions'!$B$4)*('Unit Mix'!$I$5:$I$104="Included")*'Unit Mix'!$D$5:$D$104*'Unit Mix'!$E$5:$E$104*('Unit Mix'!$F$5:$F$104+MIN(1,IFERROR(($A58-1)/'Assumptions'!$B$8,0))*('Unit Mix'!$G$5:$G$104-'Unit Mix'!$F$5:$F$104)))*(1+'Assumptions'!$B$7)^(($A58-1)/12),"")) | H58: =IF($G58="","",IFERROR($D58*'Assumptions'!$B$9*(1+'Assumptions'!$B$10)^(($A58-1)/12),"")) | I58: =IF($G58="","",IFERROR($G58*'Assumptions'!$B$11,"")) | J58: =IF($G58="","",IFERROR(SUM($G58:$I58),"")) | K58: =IF($J58="","",IFERROR($J58*'Assumptions'!$B$12,"")) | L58: =IF($J58="","",IFERROR('Assumptions'!$B$13*(1+'Assumptions'!$B$14)^(($A58-1)/12),"")) | M58: =IF($J58="","",IFERROR('Assumptions'!$B$15,"")) | N58: =IF($J58="","",IFERROR($J58-SUM($K58:$M58),"")) | O58: =IF($N58="","",IFERROR('Assumptions'!$B$16,"")) | P58: =IF($N58="","",IFERROR($N58-$O58,"")) | Q58: =IF($A58="","",IF($C58=0,"Review",IF(OR($E58<'Assumptions'!$B$18,$P58<'Assumptions'!$B$17),"Review","OK")))
A59: =IF(55<='Assumptions'!$B$6,55,"") | B59: =IF($A59="","",IFERROR(EDATE('Assumptions'!$B$5,$A59-1),"")) | C59: =IF($A59="","",IFERROR(SUMIFS('Unit Mix'!$D$5:$D$104,'Unit Mix'!$A$5:$A$104,'Assumptions'!$B$4,'Unit Mix'!$I$5:$I$104,"Included"),"")) | D59: =IF(OR($A59="",$C59=0),"",IFERROR(SUMPRODUCT(('Unit Mix'!$A$5:$A$104='Assumptions'!$B$4)*('Unit Mix'!$I$5:$I$104="Included")*'Unit Mix'!$D$5:$D$104*('Unit Mix'!$F$5:$F$104+MIN(1,IFERROR(($A59-1)/'Assumptions'!$B$8,0))*('Unit Mix'!$G$5:$G$104-'Unit Mix'!$F$5:$F$104))),"")) | E59: =IF(OR($A59="",$C59=0),"",IFERROR($D59/$C59,"")) | F59: =IF(OR($A59="",$C59=0),"",IFERROR(SUMPRODUCT(('Unit Mix'!$A$5:$A$104='Assumptions'!$B$4)*('Unit Mix'!$I$5:$I$104="Included")*'Unit Mix'!$D$5:$D$104*'Unit Mix'!$E$5:$E$104)*(1+'Assumptions'!$B$7)^(($A59-1)/12),"")) | G59: =IF(OR($A59="",$C59=0),"",IFERROR(SUMPRODUCT(('Unit Mix'!$A$5:$A$104='Assumptions'!$B$4)*('Unit Mix'!$I$5:$I$104="Included")*'Unit Mix'!$D$5:$D$104*'Unit Mix'!$E$5:$E$104*('Unit Mix'!$F$5:$F$104+MIN(1,IFERROR(($A59-1)/'Assumptions'!$B$8,0))*('Unit Mix'!$G$5:$G$104-'Unit Mix'!$F$5:$F$104)))*(1+'Assumptions'!$B$7)^(($A59-1)/12),"")) | H59: =IF($G59="","",IFERROR($D59*'Assumptions'!$B$9*(1+'Assumptions'!$B$10)^(($A59-1)/12),"")) | I59: =IF($G59="","",IFERROR($G59*'Assumptions'!$B$11,"")) | J59: =IF($G59="","",IFERROR(SUM($G59:$I59),"")) | K59: =IF($J59="","",IFERROR($J59*'Assumptions'!$B$12,"")) | L59: =IF($J59="","",IFERROR('Assumptions'!$B$13*(1+'Assumptions'!$B$14)^(($A59-1)/12),"")) | M59: =IF($J59="","",IFERROR('Assumptions'!$B$15,"")) | N59: =IF($J59="","",IFERROR($J59-SUM($K59:$M59),"")) | O59: =IF($N59="","",IFERROR('Assumptions'!$B$16,"")) | P59: =IF($N59="","",IFERROR($N59-$O59,"")) | Q59: =IF($A59="","",IF($C59=0,"Review",IF(OR($E59<'Assumptions'!$B$18,$P59<'Assumptions'!$B$17),"Review","OK")))
A60: =IF(56<='Assumptions'!$B$6,56,"") | B60: =IF($A60="","",IFERROR(EDATE('Assumptions'!$B$5,$A60-1),"")) | C60: =IF($A60="","",IFERROR(SUMIFS('Unit Mix'!$D$5:$D$104,'Unit Mix'!$A$5:$A$104,'Assumptions'!$B$4,'Unit Mix'!$I$5:$I$104,"Included"),"")) | D60: =IF(OR($A60="",$C60=0),"",IFERROR(SUMPRODUCT(('Unit Mix'!$A$5:$A$104='Assumptions'!$B$4)*('Unit Mix'!$I$5:$I$104="Included")*'Unit Mix'!$D$5:$D$104*('Unit Mix'!$F$5:$F$104+MIN(1,IFERROR(($A60-1)/'Assumptions'!$B$8,0))*('Unit Mix'!$G$5:$G$104-'Unit Mix'!$F$5:$F$104))),"")) | E60: =IF(OR($A60="",$C60=0),"",IFERROR($D60/$C60,"")) | F60: =IF(OR($A60="",$C60=0),"",IFERROR(SUMPRODUCT(('Unit Mix'!$A$5:$A$104='Assumptions'!$B$4)*('Unit Mix'!$I$5:$I$104="Included")*'Unit Mix'!$D$5:$D$104*'Unit Mix'!$E$5:$E$104)*(1+'Assumptions'!$B$7)^(($A60-1)/12),"")) | G60: =IF(OR($A60="",$C60=0),"",IFERROR(SUMPRODUCT(('Unit Mix'!$A$5:$A$104='Assumptions'!$B$4)*('Unit Mix'!$I$5:$I$104="Included")*'Unit Mix'!$D$5:$D$104*'Unit Mix'!$E$5:$E$104*('Unit Mix'!$F$5:$F$104+MIN(1,IFERROR(($A60-1)/'Assumptions'!$B$8,0))*('Unit Mix'!$G$5:$G$104-'Unit Mix'!$F$5:$F$104)))*(1+'Assumptions'!$B$7)^(($A60-1)/12),"")) | H60: =IF($G60="","",IFERROR($D60*'Assumptions'!$B$9*(1+'Assumptions'!$B$10)^(($A60-1)/12),"")) | I60: =IF($G60="","",IFERROR($G60*'Assumptions'!$B$11,"")) | J60: =IF($G60="","",IFERROR(SUM($G60:$I60),"")) | K60: =IF($J60="","",IFERROR($J60*'Assumptions'!$B$12,"")) | L60: =IF($J60="","",IFERROR('Assumptions'!$B$13*(1+'Assumptions'!$B$14)^(($A60-1)/12),"")) | M60: =IF($J60="","",IFERROR('Assumptions'!$B$15,"")) | N60: =IF($J60="","",IFERROR($J60-SUM($K60:$M60),"")) | O60: =IF($N60="","",IFERROR('Assumptions'!$B$16,"")) | P60: =IF($N60="","",IFERROR($N60-$O60,"")) | Q60: =IF($A60="","",IF($C60=0,"Review",IF(OR($E60<'Assumptions'!$B$18,$P60<'Assumptions'!$B$17),"Review","OK")))
A61: =IF(57<='Assumptions'!$B$6,57,"") | B61: =IF($A61="","",IFERROR(EDATE('Assumptions'!$B$5,$A61-1),"")) | C61: =IF($A61="","",IFERROR(SUMIFS('Unit Mix'!$D$5:$D$104,'Unit Mix'!$A$5:$A$104,'Assumptions'!$B$4,'Unit Mix'!$I$5:$I$104,"Included"),"")) | D61: =IF(OR($A61="",$C61=0),"",IFERROR(SUMPRODUCT(('Unit Mix'!$A$5:$A$104='Assumptions'!$B$4)*('Unit Mix'!$I$5:$I$104="Included")*'Unit Mix'!$D$5:$D$104*('Unit Mix'!$F$5:$F$104+MIN(1,IFERROR(($A61-1)/'Assumptions'!$B$8,0))*('Unit Mix'!$G$5:$G$104-'Unit Mix'!$F$5:$F$104))),"")) | E61: =IF(OR($A61="",$C61=0),"",IFERROR($D61/$C61,"")) | F61: =IF(OR($A61="",$C61=0),"",IFERROR(SUMPRODUCT(('Unit Mix'!$A$5:$A$104='Assumptions'!$B$4)*('Unit Mix'!$I$5:$I$104="Included")*'Unit Mix'!$D$5:$D$104*'Unit Mix'!$E$5:$E$104)*(1+'Assumptions'!$B$7)^(($A61-1)/12),"")) | G61: =IF(OR($A61="",$C61=0),"",IFERROR(SUMPRODUCT(('Unit Mix'!$A$5:$A$104='Assumptions'!$B$4)*('Unit Mix'!$I$5:$I$104="Included")*'Unit Mix'!$D$5:$D$104*'Unit Mix'!$E$5:$E$104*('Unit Mix'!$F$5:$F$104+MIN(1,IFERROR(($A61-1)/'Assumptions'!$B$8,0))*('Unit Mix'!$G$5:$G$104-'Unit Mix'!$F$5:$F$104)))*(1+'Assumptions'!$B$7)^(($A61-1)/12),"")) | H61: =IF($G61="","",IFERROR($D61*'Assumptions'!$B$9*(1+'Assumptions'!$B$10)^(($A61-1)/12),"")) | I61: =IF($G61="","",IFERROR($G61*'Assumptions'!$B$11,"")) | J61: =IF($G61="","",IFERROR(SUM($G61:$I61),"")) | K61: =IF($J61="","",IFERROR($J61*'Assumptions'!$B$12,"")) | L61: =IF($J61="","",IFERROR('Assumptions'!$B$13*(1+'Assumptions'!$B$14)^(($A61-1)/12),"")) | M61: =IF($J61="","",IFERROR('Assumptions'!$B$15,"")) | N61: =IF($J61="","",IFERROR($J61-SUM($K61:$M61),"")) | O61: =IF($N61="","",IFERROR('Assumptions'!$B$16,"")) | P61: =IF($N61="","",IFERROR($N61-$O61,"")) | Q61: =IF($A61="","",IF($C61=0,"Review",IF(OR($E61<'Assumptions'!$B$18,$P61<'Assumptions'!$B$17),"Review","OK")))
A62: =IF(58<='Assumptions'!$B$6,58,"") | B62: =IF($A62="","",IFERROR(EDATE('Assumptions'!$B$5,$A62-1),"")) | C62: =IF($A62="","",IFERROR(SUMIFS('Unit Mix'!$D$5:$D$104,'Unit Mix'!$A$5:$A$104,'Assumptions'!$B$4,'Unit Mix'!$I$5:$I$104,"Included"),"")) | D62: =IF(OR($A62="",$C62=0),"",IFERROR(SUMPRODUCT(('Unit Mix'!$A$5:$A$104='Assumptions'!$B$4)*('Unit Mix'!$I$5:$I$104="Included")*'Unit Mix'!$D$5:$D$104*('Unit Mix'!$F$5:$F$104+MIN(1,IFERROR(($A62-1)/'Assumptions'!$B$8,0))*('Unit Mix'!$G$5:$G$104-'Unit Mix'!$F$5:$F$104))),"")) | E62: =IF(OR($A62="",$C62=0),"",IFERROR($D62/$C62,"")) | F62: =IF(OR($A62="",$C62=0),"",IFERROR(SUMPRODUCT(('Unit Mix'!$A$5:$A$104='Assumptions'!$B$4)*('Unit Mix'!$I$5:$I$104="Included")*'Unit Mix'!$D$5:$D$104*'Unit Mix'!$E$5:$E$104)*(1+'Assumptions'!$B$7)^(($A62-1)/12),"")) | G62: =IF(OR($A62="",$C62=0),"",IFERROR(SUMPRODUCT(('Unit Mix'!$A$5:$A$104='Assumptions'!$B$4)*('Unit Mix'!$I$5:$I$104="Included")*'Unit Mix'!$D$5:$D$104*'Unit Mix'!$E$5:$E$104*('Unit Mix'!$F$5:$F$104+MIN(1,IFERROR(($A62-1)/'Assumptions'!$B$8,0))*('Unit Mix'!$G$5:$G$104-'Unit Mix'!$F$5:$F$104)))*(1+'Assumptions'!$B$7)^(($A62-1)/12),"")) | H62: =IF($G62="","",IFERROR($D62*'Assumptions'!$B$9*(1+'Assumptions'!$B$10)^(($A62-1)/12),"")) | I62: =IF($G62="","",IFERROR($G62*'Assumptions'!$B$11,"")) | J62: =IF($G62="","",IFERROR(SUM($G62:$I62),"")) | K62: =IF($J62="","",IFERROR($J62*'Assumptions'!$B$12,"")) | L62: =IF($J62="","",IFERROR('Assumptions'!$B$13*(1+'Assumptions'!$B$14)^(($A62-1)/12),"")) | M62: =IF($J62="","",IFERROR('Assumptions'!$B$15,"")) | N62: =IF($J62="","",IFERROR($J62-SUM($K62:$M62),"")) | O62: =IF($N62="","",IFERROR('Assumptions'!$B$16,"")) | P62: =IF($N62="","",IFERROR($N62-$O62,"")) | Q62: =IF($A62="","",IF($C62=0,"Review",IF(OR($E62<'Assumptions'!$B$18,$P62<'Assumptions'!$B$17),"Review","OK")))
A63: =IF(59<='Assumptions'!$B$6,59,"") | B63: =IF($A63="","",IFERROR(EDATE('Assumptions'!$B$5,$A63-1),"")) | C63: =IF($A63="","",IFERROR(SUMIFS('Unit Mix'!$D$5:$D$104,'Unit Mix'!$A$5:$A$104,'Assumptions'!$B$4,'Unit Mix'!$I$5:$I$104,"Included"),"")) | D63: =IF(OR($A63="",$C63=0),"",IFERROR(SUMPRODUCT(('Unit Mix'!$A$5:$A$104='Assumptions'!$B$4)*('Unit Mix'!$I$5:$I$104="Included")*'Unit Mix'!$D$5:$D$104*('Unit Mix'!$F$5:$F$104+MIN(1,IFERROR(($A63-1)/'Assumptions'!$B$8,0))*('Unit Mix'!$G$5:$G$104-'Unit Mix'!$F$5:$F$104))),"")) | E63: =IF(OR($A63="",$C63=0),"",IFERROR($D63/$C63,"")) | F63: =IF(OR($A63="",$C63=0),"",IFERROR(SUMPRODUCT(('Unit Mix'!$A$5:$A$104='Assumptions'!$B$4)*('Unit Mix'!$I$5:$I$104="Included")*'Unit Mix'!$D$5:$D$104*'Unit Mix'!$E$5:$E$104)*(1+'Assumptions'!$B$7)^(($A63-1)/12),"")) | G63: =IF(OR($A63="",$C63=0),"",IFERROR(SUMPRODUCT(('Unit Mix'!$A$5:$A$104='Assumptions'!$B$4)*('Unit Mix'!$I$5:$I$104="Included")*'Unit Mix'!$D$5:$D$104*'Unit Mix'!$E$5:$E$104*('Unit Mix'!$F$5:$F$104+MIN(1,IFERROR(($A63-1)/'Assumptions'!$B$8,0))*('Unit Mix'!$G$5:$G$104-'Unit Mix'!$F$5:$F$104)))*(1+'Assumptions'!$B$7)^(($A63-1)/12),"")) | H63: =IF($G63="","",IFERROR($D63*'Assumptions'!$B$9*(1+'Assumptions'!$B$10)^(($A63-1)/12),"")) | I63: =IF($G63="","",IFERROR($G63*'Assumptions'!$B$11,"")) | J63: =IF($G63="","",IFERROR(SUM($G63:$I63),"")) | K63: =IF($J63="","",IFERROR($J63*'Assumptions'!$B$12,"")) | L63: =IF($J63="","",IFERROR('Assumptions'!$B$13*(1+'Assumptions'!$B$14)^(($A63-1)/12),"")) | M63: =IF($J63="","",IFERROR('Assumptions'!$B$15,"")) | N63: =IF($J63="","",IFERROR($J63-SUM($K63:$M63),"")) | O63: =IF($N63="","",IFERROR('Assumptions'!$B$16,"")) | P63: =IF($N63="","",IFERROR($N63-$O63,"")) | Q63: =IF($A63="","",IF($C63=0,"Review",IF(OR($E63<'Assumptions'!$B$18,$P63<'Assumptions'!$B$17),"Review","OK")))
A64: =IF(60<='Assumptions'!$B$6,60,"") | B64: =IF($A64="","",IFERROR(EDATE('Assumptions'!$B$5,$A64-1),"")) | C64: =IF($A64="","",IFERROR(SUMIFS('Unit Mix'!$D$5:$D$104,'Unit Mix'!$A$5:$A$104,'Assumptions'!$B$4,'Unit Mix'!$I$5:$I$104,"Included"),"")) | D64: =IF(OR($A64="",$C64=0),"",IFERROR(SUMPRODUCT(('Unit Mix'!$A$5:$A$104='Assumptions'!$B$4)*('Unit Mix'!$I$5:$I$104="Included")*'Unit Mix'!$D$5:$D$104*('Unit Mix'!$F$5:$F$104+MIN(1,IFERROR(($A64-1)/'Assumptions'!$B$8,0))*('Unit Mix'!$G$5:$G$104-'Unit Mix'!$F$5:$F$104))),"")) | E64: =IF(OR($A64="",$C64=0),"",IFERROR($D64/$C64,"")) | F64: =IF(OR($A64="",$C64=0),"",IFERROR(SUMPRODUCT(('Unit Mix'!$A$5:$A$104='Assumptions'!$B$4)*('Unit Mix'!$I$5:$I$104="Included")*'Unit Mix'!$D$5:$D$104*'Unit Mix'!$E$5:$E$104)*(1+'Assumptions'!$B$7)^(($A64-1)/12),"")) | G64: =IF(OR($A64="",$C64=0),"",IFERROR(SUMPRODUCT(('Unit Mix'!$A$5:$A$104='Assumptions'!$B$4)*('Unit Mix'!$I$5:$I$104="Included")*'Unit Mix'!$D$5:$D$104*'Unit Mix'!$E$5:$E$104*('Unit Mix'!$F$5:$F$104+MIN(1,IFERROR(($A64-1)/'Assumptions'!$B$8,0))*('Unit Mix'!$G$5:$G$104-'Unit Mix'!$F$5:$F$104)))*(1+'Assumptions'!$B$7)^(($A64-1)/12),"")) | H64: =IF($G64="","",IFERROR($D64*'Assumptions'!$B$9*(1+'Assumptions'!$B$10)^(($A64-1)/12),"")) | I64: =IF($G64="","",IFERROR($G64*'Assumptions'!$B$11,"")) | J64: =IF($G64="","",IFERROR(SUM($G64:$I64),"")) | K64: =IF($J64="","",IFERROR($J64*'Assumptions'!$B$12,"")) | L64: =IF($J64="","",IFERROR('Assumptions'!$B$13*(1+'Assumptions'!$B$14)^(($A64-1)/12),"")) | M64: =IF($J64="","",IFERROR('Assumptions'!$B$15,"")) | N64: =IF($J64="","",IFERROR($J64-SUM($K64:$M64),"")) | O64: =IF($N64="","",IFERROR('Assumptions'!$B$16,"")) | P64: =IF($N64="","",IFERROR($N64-$O64,"")) | Q64: =IF($A64="","",IF($C64=0,"Review",IF(OR($E64<'Assumptions'!$B$18,$P64<'Assumptions'!$B$17),"Review","OK")))
A65: =IF(61<='Assumptions'!$B$6,61,"") | B65: =IF($A65="","",IFERROR(EDATE('Assumptions'!$B$5,$A65-1),"")) | C65: =IF($A65="","",IFERROR(SUMIFS('Unit Mix'!$D$5:$D$104,'Unit Mix'!$A$5:$A$104,'Assumptions'!$B$4,'Unit Mix'!$I$5:$I$104,"Included"),"")) | D65: =IF(OR($A65="",$C65=0),"",IFERROR(SUMPRODUCT(('Unit Mix'!$A$5:$A$104='Assumptions'!$B$4)*('Unit Mix'!$I$5:$I$104="Included")*'Unit Mix'!$D$5:$D$104*('Unit Mix'!$F$5:$F$104+MIN(1,IFERROR(($A65-1)/'Assumptions'!$B$8,0))*('Unit Mix'!$G$5:$G$104-'Unit Mix'!$F$5:$F$104))),"")) | E65: =IF(OR($A65="",$C65=0),"",IFERROR($D65/$C65,"")) | F65: =IF(OR($A65="",$C65=0),"",IFERROR(SUMPRODUCT(('Unit Mix'!$A$5:$A$104='Assumptions'!$B$4)*('Unit Mix'!$I$5:$I$104="Included")*'Unit Mix'!$D$5:$D$104*'Unit Mix'!$E$5:$E$104)*(1+'Assumptions'!$B$7)^(($A65-1)/12),"")) | G65: =IF(OR($A65="",$C65=0),"",IFERROR(SUMPRODUCT(('Unit Mix'!$A$5:$A$104='Assumptions'!$B$4)*('Unit Mix'!$I$5:$I$104="Included")*'Unit Mix'!$D$5:$D$104*'Unit Mix'!$E$5:$E$104*('Unit Mix'!$F$5:$F$104+MIN(1,IFERROR(($A65-1)/'Assumptions'!$B$8,0))*('Unit Mix'!$G$5:$G$104-'Unit Mix'!$F$5:$F$104)))*(1+'Assumptions'!$B$7)^(($A65-1)/12),"")) | H65: =IF($G65="","",IFERROR($D65*'Assumptions'!$B$9*(1+'Assumptions'!$B$10)^(($A65-1)/12),"")) | I65: =IF($G65="","",IFERROR($G65*'Assumptions'!$B$11,"")) | J65: =IF($G65="","",IFERROR(SUM($G65:$I65),"")) | K65: =IF($J65="","",IFERROR($J65*'Assumptions'!$B$12,"")) | L65: =IF($J65="","",IFERROR('Assumptions'!$B$13*(1+'Assumptions'!$B$14)^(($A65-1)/12),"")) | M65: =IF($J65="","",IFERROR('Assumptions'!$B$15,"")) | N65: =IF($J65="","",IFERROR($J65-SUM($K65:$M65),"")) | O65: =IF($N65="","",IFERROR('Assumptions'!$B$16,"")) | P65: =IF($N65="","",IFERROR($N65-$O65,"")) | Q65: =IF($A65="","",IF($C65=0,"Review",IF(OR($E65<'Assumptions'!$B$18,$P65<'Assumptions'!$B$17),"Review","OK")))
A66: =IF(62<='Assumptions'!$B$6,62,"") | B66: =IF($A66="","",IFERROR(EDATE('Assumptions'!$B$5,$A66-1),"")) | C66: =IF($A66="","",IFERROR(SUMIFS('Unit Mix'!$D$5:$D$104,'Unit Mix'!$A$5:$A$104,'Assumptions'!$B$4,'Unit Mix'!$I$5:$I$104,"Included"),"")) | D66: =IF(OR($A66="",$C66=0),"",IFERROR(SUMPRODUCT(('Unit Mix'!$A$5:$A$104='Assumptions'!$B$4)*('Unit Mix'!$I$5:$I$104="Included")*'Unit Mix'!$D$5:$D$104*('Unit Mix'!$F$5:$F$104+MIN(1,IFERROR(($A66-1)/'Assumptions'!$B$8,0))*('Unit Mix'!$G$5:$G$104-'Unit Mix'!$F$5:$F$104))),"")) | E66: =IF(OR($A66="",$C66=0),"",IFERROR($D66/$C66,"")) | F66: =IF(OR($A66="",$C66=0),"",IFERROR(SUMPRODUCT(('Unit Mix'!$A$5:$A$104='Assumptions'!$B$4)*('Unit Mix'!$I$5:$I$104="Included")*'Unit Mix'!$D$5:$D$104*'Unit Mix'!$E$5:$E$104)*(1+'Assumptions'!$B$7)^(($A66-1)/12),"")) | G66: =IF(OR($A66="",$C66=0),"",IFERROR(SUMPRODUCT(('Unit Mix'!$A$5:$A$104='Assumptions'!$B$4)*('Unit Mix'!$I$5:$I$104="Included")*'Unit Mix'!$D$5:$D$104*'Unit Mix'!$E$5:$E$104*('Unit Mix'!$F$5:$F$104+MIN(1,IFERROR(($A66-1)/'Assumptions'!$B$8,0))*('Unit Mix'!$G$5:$G$104-'Unit Mix'!$F$5:$F$104)))*(1+'Assumptions'!$B$7)^(($A66-1)/12),"")) | H66: =IF($G66="","",IFERROR($D66*'Assumptions'!$B$9*(1+'Assumptions'!$B$10)^(($A66-1)/12),"")) | I66: =IF($G66="","",IFERROR($G66*'Assumptions'!$B$11,"")) | J66: =IF($G66="","",IFERROR(SUM($G66:$I66),"")) | K66: =IF($J66="","",IFERROR($J66*'Assumptions'!$B$12,"")) | L66: =IF($J66="","",IFERROR('Assumptions'!$B$13*(1+'Assumptions'!$B$14)^(($A66-1)/12),"")) | M66: =IF($J66="","",IFERROR('Assumptions'!$B$15,"")) | N66: =IF($J66="","",IFERROR($J66-SUM($K66:$M66),"")) | O66: =IF($N66="","",IFERROR('Assumptions'!$B$16,"")) | P66: =IF($N66="","",IFERROR($N66-$O66,"")) | Q66: =IF($A66="","",IF($C66=0,"Review",IF(OR($E66<'Assumptions'!$B$18,$P66<'Assumptions'!$B$17),"Review","OK")))
A67: =IF(63<='Assumptions'!$B$6,63,"") | B67: =IF($A67="","",IFERROR(EDATE('Assumptions'!$B$5,$A67-1),"")) | C67: =IF($A67="","",IFERROR(SUMIFS('Unit Mix'!$D$5:$D$104,'Unit Mix'!$A$5:$A$104,'Assumptions'!$B$4,'Unit Mix'!$I$5:$I$104,"Included"),"")) | D67: =IF(OR($A67="",$C67=0),"",IFERROR(SUMPRODUCT(('Unit Mix'!$A$5:$A$104='Assumptions'!$B$4)*('Unit Mix'!$I$5:$I$104="Included")*'Unit Mix'!$D$5:$D$104*('Unit Mix'!$F$5:$F$104+MIN(1,IFERROR(($A67-1)/'Assumptions'!$B$8,0))*('Unit Mix'!$G$5:$G$104-'Unit Mix'!$F$5:$F$104))),"")) | E67: =IF(OR($A67="",$C67=0),"",IFERROR($D67/$C67,"")) | F67: =IF(OR($A67="",$C67=0),"",IFERROR(SUMPRODUCT(('Unit Mix'!$A$5:$A$104='Assumptions'!$B$4)*('Unit Mix'!$I$5:$I$104="Included")*'Unit Mix'!$D$5:$D$104*'Unit Mix'!$E$5:$E$104)*(1+'Assumptions'!$B$7)^(($A67-1)/12),"")) | G67: =IF(OR($A67="",$C67=0),"",IFERROR(SUMPRODUCT(('Unit Mix'!$A$5:$A$104='Assumptions'!$B$4)*('Unit Mix'!$I$5:$I$104="Included")*'Unit Mix'!$D$5:$D$104*'Unit Mix'!$E$5:$E$104*('Unit Mix'!$F$5:$F$104+MIN(1,IFERROR(($A67-1)/'Assumptions'!$B$8,0))*('Unit Mix'!$G$5:$G$104-'Unit Mix'!$F$5:$F$104)))*(1+'Assumptions'!$B$7)^(($A67-1)/12),"")) | H67: =IF($G67="","",IFERROR($D67*'Assumptions'!$B$9*(1+'Assumptions'!$B$10)^(($A67-1)/12),"")) | I67: =IF($G67="","",IFERROR($G67*'Assumptions'!$B$11,"")) | J67: =IF($G67="","",IFERROR(SUM($G67:$I67),"")) | K67: =IF($J67="","",IFERROR($J67*'Assumptions'!$B$12,"")) | L67: =IF($J67="","",IFERROR('Assumptions'!$B$13*(1+'Assumptions'!$B$14)^(($A67-1)/12),"")) | M67: =IF($J67="","",IFERROR('Assumptions'!$B$15,"")) | N67: =IF($J67="","",IFERROR($J67-SUM($K67:$M67),"")) | O67: =IF($N67="","",IFERROR('Assumptions'!$B$16,"")) | P67: =IF($N67="","",IFERROR($N67-$O67,"")) | Q67: =IF($A67="","",IF($C67=0,"Review",IF(OR($E67<'Assumptions'!$B$18,$P67<'Assumptions'!$B$17),"Review","OK")))
A68: =IF(64<='Assumptions'!$B$6,64,"") | B68: =IF($A68="","",IFERROR(EDATE('Assumptions'!$B$5,$A68-1),"")) | C68: =IF($A68="","",IFERROR(SUMIFS('Unit Mix'!$D$5:$D$104,'Unit Mix'!$A$5:$A$104,'Assumptions'!$B$4,'Unit Mix'!$I$5:$I$104,"Included"),"")) | D68: =IF(OR($A68="",$C68=0),"",IFERROR(SUMPRODUCT(('Unit Mix'!$A$5:$A$104='Assumptions'!$B$4)*('Unit Mix'!$I$5:$I$104="Included")*'Unit Mix'!$D$5:$D$104*('Unit Mix'!$F$5:$F$104+MIN(1,IFERROR(($A68-1)/'Assumptions'!$B$8,0))*('Unit Mix'!$G$5:$G$104-'Unit Mix'!$F$5:$F$104))),"")) | E68: =IF(OR($A68="",$C68=0),"",IFERROR($D68/$C68,"")) | F68: =IF(OR($A68="",$C68=0),"",IFERROR(SUMPRODUCT(('Unit Mix'!$A$5:$A$104='Assumptions'!$B$4)*('Unit Mix'!$I$5:$I$104="Included")*'Unit Mix'!$D$5:$D$104*'Unit Mix'!$E$5:$E$104)*(1+'Assumptions'!$B$7)^(($A68-1)/12),"")) | G68: =IF(OR($A68="",$C68=0),"",IFERROR(SUMPRODUCT(('Unit Mix'!$A$5:$A$104='Assumptions'!$B$4)*('Unit Mix'!$I$5:$I$104="Included")*'Unit Mix'!$D$5:$D$104*'Unit Mix'!$E$5:$E$104*('Unit Mix'!$F$5:$F$104+MIN(1,IFERROR(($A68-1)/'Assumptions'!$B$8,0))*('Unit Mix'!$G$5:$G$104-'Unit Mix'!$F$5:$F$104)))*(1+'Assumptions'!$B$7)^(($A68-1)/12),"")) | H68: =IF($G68="","",IFERROR($D68*'Assumptions'!$B$9*(1+'Assumptions'!$B$10)^(($A68-1)/12),"")) | I68: =IF($G68="","",IFERROR($G68*'Assumptions'!$B$11,"")) | J68: =IF($G68="","",IFERROR(SUM($G68:$I68),"")) | K68: =IF($J68="","",IFERROR($J68*'Assumptions'!$B$12,"")) | L68: =IF($J68="","",IFERROR('Assumptions'!$B$13*(1+'Assumptions'!$B$14)^(($A68-1)/12),"")) | M68: =IF($J68="","",IFERROR('Assumptions'!$B$15,"")) | N68: =IF($J68="","",IFERROR($J68-SUM($K68:$M68),"")) | O68: =IF($N68="","",IFERROR('Assumptions'!$B$16,"")) | P68: =IF($N68="","",IFERROR($N68-$O68,"")) | Q68: =IF($A68="","",IF($C68=0,"Review",IF(OR($E68<'Assumptions'!$B$18,$P68<'Assumptions'!$B$17),"Review","OK")))
A69: =IF(65<='Assumptions'!$B$6,65,"") | B69: =IF($A69="","",IFERROR(EDATE('Assumptions'!$B$5,$A69-1),"")) | C69: =IF($A69="","",IFERROR(SUMIFS('Unit Mix'!$D$5:$D$104,'Unit Mix'!$A$5:$A$104,'Assumptions'!$B$4,'Unit Mix'!$I$5:$I$104,"Included"),"")) | D69: =IF(OR($A69="",$C69=0),"",IFERROR(SUMPRODUCT(('Unit Mix'!$A$5:$A$104='Assumptions'!$B$4)*('Unit Mix'!$I$5:$I$104="Included")*'Unit Mix'!$D$5:$D$104*('Unit Mix'!$F$5:$F$104+MIN(1,IFERROR(($A69-1)/'Assumptions'!$B$8,0))*('Unit Mix'!$G$5:$G$104-'Unit Mix'!$F$5:$F$104))),"")) | E69: =IF(OR($A69="",$C69=0),"",IFERROR($D69/$C69,"")) | F69: =IF(OR($A69="",$C69=0),"",IFERROR(SUMPRODUCT(('Unit Mix'!$A$5:$A$104='Assumptions'!$B$4)*('Unit Mix'!$I$5:$I$104="Included")*'Unit Mix'!$D$5:$D$104*'Unit Mix'!$E$5:$E$104)*(1+'Assumptions'!$B$7)^(($A69-1)/12),"")) | G69: =IF(OR($A69="",$C69=0),"",IFERROR(SUMPRODUCT(('Unit Mix'!$A$5:$A$104='Assumptions'!$B$4)*('Unit Mix'!$I$5:$I$104="Included")*'Unit Mix'!$D$5:$D$104*'Unit Mix'!$E$5:$E$104*('Unit Mix'!$F$5:$F$104+MIN(1,IFERROR(($A69-1)/'Assumptions'!$B$8,0))*('Unit Mix'!$G$5:$G$104-'Unit Mix'!$F$5:$F$104)))*(1+'Assumptions'!$B$7)^(($A69-1)/12),"")) | H69: =IF($G69="","",IFERROR($D69*'Assumptions'!$B$9*(1+'Assumptions'!$B$10)^(($A69-1)/12),"")) | I69: =IF($G69="","",IFERROR($G69*'Assumptions'!$B$11,"")) | J69: =IF($G69="","",IFERROR(SUM($G69:$I69),"")) | K69: =IF($J69="","",IFERROR($J69*'Assumptions'!$B$12,"")) | L69: =IF($J69="","",IFERROR('Assumptions'!$B$13*(1+'Assumptions'!$B$14)^(($A69-1)/12),"")) | M69: =IF($J69="","",IFERROR('Assumptions'!$B$15,"")) | N69: =IF($J69="","",IFERROR($J69-SUM($K69:$M69),"")) | O69: =IF($N69="","",IFERROR('Assumptions'!$B$16,"")) | P69: =IF($N69="","",IFERROR($N69-$O69,"")) | Q69: =IF($A69="","",IF($C69=0,"Review",IF(OR($E69<'Assumptions'!$B$18,$P69<'Assumptions'!$B$17),"Review","OK")))
A70: =IF(66<='Assumptions'!$B$6,66,"") | B70: =IF($A70="","",IFERROR(EDATE('Assumptions'!$B$5,$A70-1),"")) | C70: =IF($A70="","",IFERROR(SUMIFS('Unit Mix'!$D$5:$D$104,'Unit Mix'!$A$5:$A$104,'Assumptions'!$B$4,'Unit Mix'!$I$5:$I$104,"Included"),"")) | D70: =IF(OR($A70="",$C70=0),"",IFERROR(SUMPRODUCT(('Unit Mix'!$A$5:$A$104='Assumptions'!$B$4)*('Unit Mix'!$I$5:$I$104="Included")*'Unit Mix'!$D$5:$D$104*('Unit Mix'!$F$5:$F$104+MIN(1,IFERROR(($A70-1)/'Assumptions'!$B$8,0))*('Unit Mix'!$G$5:$G$104-'Unit Mix'!$F$5:$F$104))),"")) | E70: =IF(OR($A70="",$C70=0),"",IFERROR($D70/$C70,"")) | F70: =IF(OR($A70="",$C70=0),"",IFERROR(SUMPRODUCT(('Unit Mix'!$A$5:$A$104='Assumptions'!$B$4)*('Unit Mix'!$I$5:$I$104="Included")*'Unit Mix'!$D$5:$D$104*'Unit Mix'!$E$5:$E$104)*(1+'Assumptions'!$B$7)^(($A70-1)/12),"")) | G70: =IF(OR($A70="",$C70=0),"",IFERROR(SUMPRODUCT(('Unit Mix'!$A$5:$A$104='Assumptions'!$B$4)*('Unit Mix'!$I$5:$I$104="Included")*'Unit Mix'!$D$5:$D$104*'Unit Mix'!$E$5:$E$104*('Unit Mix'!$F$5:$F$104+MIN(1,IFERROR(($A70-1)/'Assumptions'!$B$8,0))*('Unit Mix'!$G$5:$G$104-'Unit Mix'!$F$5:$F$104)))*(1+'Assumptions'!$B$7)^(($A70-1)/12),"")) | H70: =IF($G70="","",IFERROR($D70*'Assumptions'!$B$9*(1+'Assumptions'!$B$10)^(($A70-1)/12),"")) | I70: =IF($G70="","",IFERROR($G70*'Assumptions'!$B$11,"")) | J70: =IF($G70="","",IFERROR(SUM($G70:$I70),"")) | K70: =IF($J70="","",IFERROR($J70*'Assumptions'!$B$12,"")) | L70: =IF($J70="","",IFERROR('Assumptions'!$B$13*(1+'Assumptions'!$B$14)^(($A70-1)/12),"")) | M70: =IF($J70="","",IFERROR('Assumptions'!$B$15,"")) | N70: =IF($J70="","",IFERROR($J70-SUM($K70:$M70),"")) | O70: =IF($N70="","",IFERROR('Assumptions'!$B$16,"")) | P70: =IF($N70="","",IFERROR($N70-$O70,"")) | Q70: =IF($A70="","",IF($C70=0,"Review",IF(OR($E70<'Assumptions'!$B$18,$P70<'Assumptions'!$B$17),"Review","OK")))
A71: =IF(67<='Assumptions'!$B$6,67,"") | B71: =IF($A71="","",IFERROR(EDATE('Assumptions'!$B$5,$A71-1),"")) | C71: =IF($A71="","",IFERROR(SUMIFS('Unit Mix'!$D$5:$D$104,'Unit Mix'!$A$5:$A$104,'Assumptions'!$B$4,'Unit Mix'!$I$5:$I$104,"Included"),"")) | D71: =IF(OR($A71="",$C71=0),"",IFERROR(SUMPRODUCT(('Unit Mix'!$A$5:$A$104='Assumptions'!$B$4)*('Unit Mix'!$I$5:$I$104="Included")*'Unit Mix'!$D$5:$D$104*('Unit Mix'!$F$5:$F$104+MIN(1,IFERROR(($A71-1)/'Assumptions'!$B$8,0))*('Unit Mix'!$G$5:$G$104-'Unit Mix'!$F$5:$F$104))),"")) | E71: =IF(OR($A71="",$C71=0),"",IFERROR($D71/$C71,"")) | F71: =IF(OR($A71="",$C71=0),"",IFERROR(SUMPRODUCT(('Unit Mix'!$A$5:$A$104='Assumptions'!$B$4)*('Unit Mix'!$I$5:$I$104="Included")*'Unit Mix'!$D$5:$D$104*'Unit Mix'!$E$5:$E$104)*(1+'Assumptions'!$B$7)^(($A71-1)/12),"")) | G71: =IF(OR($A71="",$C71=0),"",IFERROR(SUMPRODUCT(('Unit Mix'!$A$5:$A$104='Assumptions'!$B$4)*('Unit Mix'!$I$5:$I$104="Included")*'Unit Mix'!$D$5:$D$104*'Unit Mix'!$E$5:$E$104*('Unit Mix'!$F$5:$F$104+MIN(1,IFERROR(($A71-1)/'Assumptions'!$B$8,0))*('Unit Mix'!$G$5:$G$104-'Unit Mix'!$F$5:$F$104)))*(1+'Assumptions'!$B$7)^(($A71-1)/12),"")) | H71: =IF($G71="","",IFERROR($D71*'Assumptions'!$B$9*(1+'Assumptions'!$B$10)^(($A71-1)/12),"")) | I71: =IF($G71="","",IFERROR($G71*'Assumptions'!$B$11,"")) | J71: =IF($G71="","",IFERROR(SUM($G71:$I71),"")) | K71: =IF($J71="","",IFERROR($J71*'Assumptions'!$B$12,"")) | L71: =IF($J71="","",IFERROR('Assumptions'!$B$13*(1+'Assumptions'!$B$14)^(($A71-1)/12),"")) | M71: =IF($J71="","",IFERROR('Assumptions'!$B$15,"")) | N71: =IF($J71="","",IFERROR($J71-SUM($K71:$M71),"")) | O71: =IF($N71="","",IFERROR('Assumptions'!$B$16,"")) | P71: =IF($N71="","",IFERROR($N71-$O71,"")) | Q71: =IF($A71="","",IF($C71=0,"Review",IF(OR($E71<'Assumptions'!$B$18,$P71<'Assumptions'!$B$17),"Review","OK")))
A72: =IF(68<='Assumptions'!$B$6,68,"") | B72: =IF($A72="","",IFERROR(EDATE('Assumptions'!$B$5,$A72-1),"")) | C72: =IF($A72="","",IFERROR(SUMIFS('Unit Mix'!$D$5:$D$104,'Unit Mix'!$A$5:$A$104,'Assumptions'!$B$4,'Unit Mix'!$I$5:$I$104,"Included"),"")) | D72: =IF(OR($A72="",$C72=0),"",IFERROR(SUMPRODUCT(('Unit Mix'!$A$5:$A$104='Assumptions'!$B$4)*('Unit Mix'!$I$5:$I$104="Included")*'Unit Mix'!$D$5:$D$104*('Unit Mix'!$F$5:$F$104+MIN(1,IFERROR(($A72-1)/'Assumptions'!$B$8,0))*('Unit Mix'!$G$5:$G$104-'Unit Mix'!$F$5:$F$104))),"")) | E72: =IF(OR($A72="",$C72=0),"",IFERROR($D72/$C72,"")) | F72: =IF(OR($A72="",$C72=0),"",IFERROR(SUMPRODUCT(('Unit Mix'!$A$5:$A$104='Assumptions'!$B$4)*('Unit Mix'!$I$5:$I$104="Included")*'Unit Mix'!$D$5:$D$104*'Unit Mix'!$E$5:$E$104)*(1+'Assumptions'!$B$7)^(($A72-1)/12),"")) | G72: =IF(OR($A72="",$C72=0),"",IFERROR(SUMPRODUCT(('Unit Mix'!$A$5:$A$104='Assumptions'!$B$4)*('Unit Mix'!$I$5:$I$104="Included")*'Unit Mix'!$D$5:$D$104*'Unit Mix'!$E$5:$E$104*('Unit Mix'!$F$5:$F$104+MIN(1,IFERROR(($A72-1)/'Assumptions'!$B$8,0))*('Unit Mix'!$G$5:$G$104-'Unit Mix'!$F$5:$F$104)))*(1+'Assumptions'!$B$7)^(($A72-1)/12),"")) | H72: =IF($G72="","",IFERROR($D72*'Assumptions'!$B$9*(1+'Assumptions'!$B$10)^(($A72-1)/12),"")) | I72: =IF($G72="","",IFERROR($G72*'Assumptions'!$B$11,"")) | J72: =IF($G72="","",IFERROR(SUM($G72:$I72),"")) | K72: =IF($J72="","",IFERROR($J72*'Assumptions'!$B$12,"")) | L72: =IF($J72="","",IFERROR('Assumptions'!$B$13*(1+'Assumptions'!$B$14)^(($A72-1)/12),"")) | M72: =IF($J72="","",IFERROR('Assumptions'!$B$15,"")) | N72: =IF($J72="","",IFERROR($J72-SUM($K72:$M72),"")) | O72: =IF($N72="","",IFERROR('Assumptions'!$B$16,"")) | P72: =IF($N72="","",IFERROR($N72-$O72,"")) | Q72: =IF($A72="","",IF($C72=0,"Review",IF(OR($E72<'Assumptions'!$B$18,$P72<'Assumptions'!$B$17),"Review","OK")))
A73: =IF(69<='Assumptions'!$B$6,69,"") | B73: =IF($A73="","",IFERROR(EDATE('Assumptions'!$B$5,$A73-1),"")) | C73: =IF($A73="","",IFERROR(SUMIFS('Unit Mix'!$D$5:$D$104,'Unit Mix'!$A$5:$A$104,'Assumptions'!$B$4,'Unit Mix'!$I$5:$I$104,"Included"),"")) | D73: =IF(OR($A73="",$C73=0),"",IFERROR(SUMPRODUCT(('Unit Mix'!$A$5:$A$104='Assumptions'!$B$4)*('Unit Mix'!$I$5:$I$104="Included")*'Unit Mix'!$D$5:$D$104*('Unit Mix'!$F$5:$F$104+MIN(1,IFERROR(($A73-1)/'Assumptions'!$B$8,0))*('Unit Mix'!$G$5:$G$104-'Unit Mix'!$F$5:$F$104))),"")) | E73: =IF(OR($A73="",$C73=0),"",IFERROR($D73/$C73,"")) | F73: =IF(OR($A73="",$C73=0),"",IFERROR(SUMPRODUCT(('Unit Mix'!$A$5:$A$104='Assumptions'!$B$4)*('Unit Mix'!$I$5:$I$104="Included")*'Unit Mix'!$D$5:$D$104*'Unit Mix'!$E$5:$E$104)*(1+'Assumptions'!$B$7)^(($A73-1)/12),"")) | G73: =IF(OR($A73="",$C73=0),"",IFERROR(SUMPRODUCT(('Unit Mix'!$A$5:$A$104='Assumptions'!$B$4)*('Unit Mix'!$I$5:$I$104="Included")*'Unit Mix'!$D$5:$D$104*'Unit Mix'!$E$5:$E$104*('Unit Mix'!$F$5:$F$104+MIN(1,IFERROR(($A73-1)/'Assumptions'!$B$8,0))*('Unit Mix'!$G$5:$G$104-'Unit Mix'!$F$5:$F$104)))*(1+'Assumptions'!$B$7)^(($A73-1)/12),"")) | H73: =IF($G73="","",IFERROR($D73*'Assumptions'!$B$9*(1+'Assumptions'!$B$10)^(($A73-1)/12),"")) | I73: =IF($G73="","",IFERROR($G73*'Assumptions'!$B$11,"")) | J73: =IF($G73="","",IFERROR(SUM($G73:$I73),"")) | K73: =IF($J73="","",IFERROR($J73*'Assumptions'!$B$12,"")) | L73: =IF($J73="","",IFERROR('Assumptions'!$B$13*(1+'Assumptions'!$B$14)^(($A73-1)/12),"")) | M73: =IF($J73="","",IFERROR('Assumptions'!$B$15,"")) | N73: =IF($J73="","",IFERROR($J73-SUM($K73:$M73),"")) | O73: =IF($N73="","",IFERROR('Assumptions'!$B$16,"")) | P73: =IF($N73="","",IFERROR($N73-$O73,"")) | Q73: =IF($A73="","",IF($C73=0,"Review",IF(OR($E73<'Assumptions'!$B$18,$P73<'Assumptions'!$B$17),"Review","OK")))
A74: =IF(70<='Assumptions'!$B$6,70,"") | B74: =IF($A74="","",IFERROR(EDATE('Assumptions'!$B$5,$A74-1),"")) | C74: =IF($A74="","",IFERROR(SUMIFS('Unit Mix'!$D$5:$D$104,'Unit Mix'!$A$5:$A$104,'Assumptions'!$B$4,'Unit Mix'!$I$5:$I$104,"Included"),"")) | D74: =IF(OR($A74="",$C74=0),"",IFERROR(SUMPRODUCT(('Unit Mix'!$A$5:$A$104='Assumptions'!$B$4)*('Unit Mix'!$I$5:$I$104="Included")*'Unit Mix'!$D$5:$D$104*('Unit Mix'!$F$5:$F$104+MIN(1,IFERROR(($A74-1)/'Assumptions'!$B$8,0))*('Unit Mix'!$G$5:$G$104-'Unit Mix'!$F$5:$F$104))),"")) | E74: =IF(OR($A74="",$C74=0),"",IFERROR($D74/$C74,"")) | F74: =IF(OR($A74="",$C74=0),"",IFERROR(SUMPRODUCT(('Unit Mix'!$A$5:$A$104='Assumptions'!$B$4)*('Unit Mix'!$I$5:$I$104="Included")*'Unit Mix'!$D$5:$D$104*'Unit Mix'!$E$5:$E$104)*(1+'Assumptions'!$B$7)^(($A74-1)/12),"")) | G74: =IF(OR($A74="",$C74=0),"",IFERROR(SUMPRODUCT(('Unit Mix'!$A$5:$A$104='Assumptions'!$B$4)*('Unit Mix'!$I$5:$I$104="Included")*'Unit Mix'!$D$5:$D$104*'Unit Mix'!$E$5:$E$104*('Unit Mix'!$F$5:$F$104+MIN(1,IFERROR(($A74-1)/'Assumptions'!$B$8,0))*('Unit Mix'!$G$5:$G$104-'Unit Mix'!$F$5:$F$104)))*(1+'Assumptions'!$B$7)^(($A74-1)/12),"")) | H74: =IF($G74="","",IFERROR($D74*'Assumptions'!$B$9*(1+'Assumptions'!$B$10)^(($A74-1)/12),"")) | I74: =IF($G74="","",IFERROR($G74*'Assumptions'!$B$11,"")) | J74: =IF($G74="","",IFERROR(SUM($G74:$I74),"")) | K74: =IF($J74="","",IFERROR($J74*'Assumptions'!$B$12,"")) | L74: =IF($J74="","",IFERROR('Assumptions'!$B$13*(1+'Assumptions'!$B$14)^(($A74-1)/12),"")) | M74: =IF($J74="","",IFERROR('Assumptions'!$B$15,"")) | N74: =IF($J74="","",IFERROR($J74-SUM($K74:$M74),"")) | O74: =IF($N74="","",IFERROR('Assumptions'!$B$16,"")) | P74: =IF($N74="","",IFERROR($N74-$O74,"")) | Q74: =IF($A74="","",IF($C74=0,"Review",IF(OR($E74<'Assumptions'!$B$18,$P74<'Assumptions'!$B$17),"Review","OK")))
A75: =IF(71<='Assumptions'!$B$6,71,"") | B75: =IF($A75="","",IFERROR(EDATE('Assumptions'!$B$5,$A75-1),"")) | C75: =IF($A75="","",IFERROR(SUMIFS('Unit Mix'!$D$5:$D$104,'Unit Mix'!$A$5:$A$104,'Assumptions'!$B$4,'Unit Mix'!$I$5:$I$104,"Included"),"")) | D75: =IF(OR($A75="",$C75=0),"",IFERROR(SUMPRODUCT(('Unit Mix'!$A$5:$A$104='Assumptions'!$B$4)*('Unit Mix'!$I$5:$I$104="Included")*'Unit Mix'!$D$5:$D$104*('Unit Mix'!$F$5:$F$104+MIN(1,IFERROR(($A75-1)/'Assumptions'!$B$8,0))*('Unit Mix'!$G$5:$G$104-'Unit Mix'!$F$5:$F$104))),"")) | E75: =IF(OR($A75="",$C75=0),"",IFERROR($D75/$C75,"")) | F75: =IF(OR($A75="",$C75=0),"",IFERROR(SUMPRODUCT(('Unit Mix'!$A$5:$A$104='Assumptions'!$B$4)*('Unit Mix'!$I$5:$I$104="Included")*'Unit Mix'!$D$5:$D$104*'Unit Mix'!$E$5:$E$104)*(1+'Assumptions'!$B$7)^(($A75-1)/12),"")) | G75: =IF(OR($A75="",$C75=0),"",IFERROR(SUMPRODUCT(('Unit Mix'!$A$5:$A$104='Assumptions'!$B$4)*('Unit Mix'!$I$5:$I$104="Included")*'Unit Mix'!$D$5:$D$104*'Unit Mix'!$E$5:$E$104*('Unit Mix'!$F$5:$F$104+MIN(1,IFERROR(($A75-1)/'Assumptions'!$B$8,0))*('Unit Mix'!$G$5:$G$104-'Unit Mix'!$F$5:$F$104)))*(1+'Assumptions'!$B$7)^(($A75-1)/12),"")) | H75: =IF($G75="","",IFERROR($D75*'Assumptions'!$B$9*(1+'Assumptions'!$B$10)^(($A75-1)/12),"")) | I75: =IF($G75="","",IFERROR($G75*'Assumptions'!$B$11,"")) | J75: =IF($G75="","",IFERROR(SUM($G75:$I75),"")) | K75: =IF($J75="","",IFERROR($J75*'Assumptions'!$B$12,"")) | L75: =IF($J75="","",IFERROR('Assumptions'!$B$13*(1+'Assumptions'!$B$14)^(($A75-1)/12),"")) | M75: =IF($J75="","",IFERROR('Assumptions'!$B$15,"")) | N75: =IF($J75="","",IFERROR($J75-SUM($K75:$M75),"")) | O75: =IF($N75="","",IFERROR('Assumptions'!$B$16,"")) | P75: =IF($N75="","",IFERROR($N75-$O75,"")) | Q75: =IF($A75="","",IF($C75=0,"Review",IF(OR($E75<'Assumptions'!$B$18,$P75<'Assumptions'!$B$17),"Review","OK")))
A76: =IF(72<='Assumptions'!$B$6,72,"") | B76: =IF($A76="","",IFERROR(EDATE('Assumptions'!$B$5,$A76-1),"")) | C76: =IF($A76="","",IFERROR(SUMIFS('Unit Mix'!$D$5:$D$104,'Unit Mix'!$A$5:$A$104,'Assumptions'!$B$4,'Unit Mix'!$I$5:$I$104,"Included"),"")) | D76: =IF(OR($A76="",$C76=0),"",IFERROR(SUMPRODUCT(('Unit Mix'!$A$5:$A$104='Assumptions'!$B$4)*('Unit Mix'!$I$5:$I$104="Included")*'Unit Mix'!$D$5:$D$104*('Unit Mix'!$F$5:$F$104+MIN(1,IFERROR(($A76-1)/'Assumptions'!$B$8,0))*('Unit Mix'!$G$5:$G$104-'Unit Mix'!$F$5:$F$104))),"")) | E76: =IF(OR($A76="",$C76=0),"",IFERROR($D76/$C76,"")) | F76: =IF(OR($A76="",$C76=0),"",IFERROR(SUMPRODUCT(('Unit Mix'!$A$5:$A$104='Assumptions'!$B$4)*('Unit Mix'!$I$5:$I$104="Included")*'Unit Mix'!$D$5:$D$104*'Unit Mix'!$E$5:$E$104)*(1+'Assumptions'!$B$7)^(($A76-1)/12),"")) | G76: =IF(OR($A76="",$C76=0),"",IFERROR(SUMPRODUCT(('Unit Mix'!$A$5:$A$104='Assumptions'!$B$4)*('Unit Mix'!$I$5:$I$104="Included")*'Unit Mix'!$D$5:$D$104*'Unit Mix'!$E$5:$E$104*('Unit Mix'!$F$5:$F$104+MIN(1,IFERROR(($A76-1)/'Assumptions'!$B$8,0))*('Unit Mix'!$G$5:$G$104-'Unit Mix'!$F$5:$F$104)))*(1+'Assumptions'!$B$7)^(($A76-1)/12),"")) | H76: =IF($G76="","",IFERROR($D76*'Assumptions'!$B$9*(1+'Assumptions'!$B$10)^(($A76-1)/12),"")) | I76: =IF($G76="","",IFERROR($G76*'Assumptions'!$B$11,"")) | J76: =IF($G76="","",IFERROR(SUM($G76:$I76),"")) | K76: =IF($J76="","",IFERROR($J76*'Assumptions'!$B$12,"")) | L76: =IF($J76="","",IFERROR('Assumptions'!$B$13*(1+'Assumptions'!$B$14)^(($A76-1)/12),"")) | M76: =IF($J76="","",IFERROR('Assumptions'!$B$15,"")) | N76: =IF($J76="","",IFERROR($J76-SUM($K76:$M76),"")) | O76: =IF($N76="","",IFERROR('Assumptions'!$B$16,"")) | P76: =IF($N76="","",IFERROR($N76-$O76,"")) | Q76: =IF($A76="","",IF($C76=0,"Review",IF(OR($E76<'Assumptions'!$B$18,$P76<'Assumptions'!$B$17),"Review","OK")))
A77: =IF(73<='Assumptions'!$B$6,73,"") | B77: =IF($A77="","",IFERROR(EDATE('Assumptions'!$B$5,$A77-1),"")) | C77: =IF($A77="","",IFERROR(SUMIFS('Unit Mix'!$D$5:$D$104,'Unit Mix'!$A$5:$A$104,'Assumptions'!$B$4,'Unit Mix'!$I$5:$I$104,"Included"),"")) | D77: =IF(OR($A77="",$C77=0),"",IFERROR(SUMPRODUCT(('Unit Mix'!$A$5:$A$104='Assumptions'!$B$4)*('Unit Mix'!$I$5:$I$104="Included")*'Unit Mix'!$D$5:$D$104*('Unit Mix'!$F$5:$F$104+MIN(1,IFERROR(($A77-1)/'Assumptions'!$B$8,0))*('Unit Mix'!$G$5:$G$104-'Unit Mix'!$F$5:$F$104))),"")) | E77: =IF(OR($A77="",$C77=0),"",IFERROR($D77/$C77,"")) | F77: =IF(OR($A77="",$C77=0),"",IFERROR(SUMPRODUCT(('Unit Mix'!$A$5:$A$104='Assumptions'!$B$4)*('Unit Mix'!$I$5:$I$104="Included")*'Unit Mix'!$D$5:$D$104*'Unit Mix'!$E$5:$E$104)*(1+'Assumptions'!$B$7)^(($A77-1)/12),"")) | G77: =IF(OR($A77="",$C77=0),"",IFERROR(SUMPRODUCT(('Unit Mix'!$A$5:$A$104='Assumptions'!$B$4)*('Unit Mix'!$I$5:$I$104="Included")*'Unit Mix'!$D$5:$D$104*'Unit Mix'!$E$5:$E$104*('Unit Mix'!$F$5:$F$104+MIN(1,IFERROR(($A77-1)/'Assumptions'!$B$8,0))*('Unit Mix'!$G$5:$G$104-'Unit Mix'!$F$5:$F$104)))*(1+'Assumptions'!$B$7)^(($A77-1)/12),"")) | H77: =IF($G77="","",IFERROR($D77*'Assumptions'!$B$9*(1+'Assumptions'!$B$10)^(($A77-1)/12),"")) | I77: =IF($G77="","",IFERROR($G77*'Assumptions'!$B$11,"")) | J77: =IF($G77="","",IFERROR(SUM($G77:$I77),"")) | K77: =IF($J77="","",IFERROR($J77*'Assumptions'!$B$12,"")) | L77: =IF($J77="","",IFERROR('Assumptions'!$B$13*(1+'Assumptions'!$B$14)^(($A77-1)/12),"")) | M77: =IF($J77="","",IFERROR('Assumptions'!$B$15,"")) | N77: =IF($J77="","",IFERROR($J77-SUM($K77:$M77),"")) | O77: =IF($N77="","",IFERROR('Assumptions'!$B$16,"")) | P77: =IF($N77="","",IFERROR($N77-$O77,"")) | Q77: =IF($A77="","",IF($C77=0,"Review",IF(OR($E77<'Assumptions'!$B$18,$P77<'Assumptions'!$B$17),"Review","OK")))
A78: =IF(74<='Assumptions'!$B$6,74,"") | B78: =IF($A78="","",IFERROR(EDATE('Assumptions'!$B$5,$A78-1),"")) | C78: =IF($A78="","",IFERROR(SUMIFS('Unit Mix'!$D$5:$D$104,'Unit Mix'!$A$5:$A$104,'Assumptions'!$B$4,'Unit Mix'!$I$5:$I$104,"Included"),"")) | D78: =IF(OR($A78="",$C78=0),"",IFERROR(SUMPRODUCT(('Unit Mix'!$A$5:$A$104='Assumptions'!$B$4)*('Unit Mix'!$I$5:$I$104="Included")*'Unit Mix'!$D$5:$D$104*('Unit Mix'!$F$5:$F$104+MIN(1,IFERROR(($A78-1)/'Assumptions'!$B$8,0))*('Unit Mix'!$G$5:$G$104-'Unit Mix'!$F$5:$F$104))),"")) | E78: =IF(OR($A78="",$C78=0),"",IFERROR($D78/$C78,"")) | F78: =IF(OR($A78="",$C78=0),"",IFERROR(SUMPRODUCT(('Unit Mix'!$A$5:$A$104='Assumptions'!$B$4)*('Unit Mix'!$I$5:$I$104="Included")*'Unit Mix'!$D$5:$D$104*'Unit Mix'!$E$5:$E$104)*(1+'Assumptions'!$B$7)^(($A78-1)/12),"")) | G78: =IF(OR($A78="",$C78=0),"",IFERROR(SUMPRODUCT(('Unit Mix'!$A$5:$A$104='Assumptions'!$B$4)*('Unit Mix'!$I$5:$I$104="Included")*'Unit Mix'!$D$5:$D$104*'Unit Mix'!$E$5:$E$104*('Unit Mix'!$F$5:$F$104+MIN(1,IFERROR(($A78-1)/'Assumptions'!$B$8,0))*('Unit Mix'!$G$5:$G$104-'Unit Mix'!$F$5:$F$104)))*(1+'Assumptions'!$B$7)^(($A78-1)/12),"")) | H78: =IF($G78="","",IFERROR($D78*'Assumptions'!$B$9*(1+'Assumptions'!$B$10)^(($A78-1)/12),"")) | I78: =IF($G78="","",IFERROR($G78*'Assumptions'!$B$11,"")) | J78: =IF($G78="","",IFERROR(SUM($G78:$I78),"")) | K78: =IF($J78="","",IFERROR($J78*'Assumptions'!$B$12,"")) | L78: =IF($J78="","",IFERROR('Assumptions'!$B$13*(1+'Assumptions'!$B$14)^(($A78-1)/12),"")) | M78: =IF($J78="","",IFERROR('Assumptions'!$B$15,"")) | N78: =IF($J78="","",IFERROR($J78-SUM($K78:$M78),"")) | O78: =IF($N78="","",IFERROR('Assumptions'!$B$16,"")) | P78: =IF($N78="","",IFERROR($N78-$O78,"")) | Q78: =IF($A78="","",IF($C78=0,"Review",IF(OR($E78<'Assumptions'!$B$18,$P78<'Assumptions'!$B$17),"Review","OK")))
A79: =IF(75<='Assumptions'!$B$6,75,"") | B79: =IF($A79="","",IFERROR(EDATE('Assumptions'!$B$5,$A79-1),"")) | C79: =IF($A79="","",IFERROR(SUMIFS('Unit Mix'!$D$5:$D$104,'Unit Mix'!$A$5:$A$104,'Assumptions'!$B$4,'Unit Mix'!$I$5:$I$104,"Included"),"")) | D79: =IF(OR($A79="",$C79=0),"",IFERROR(SUMPRODUCT(('Unit Mix'!$A$5:$A$104='Assumptions'!$B$4)*('Unit Mix'!$I$5:$I$104="Included")*'Unit Mix'!$D$5:$D$104*('Unit Mix'!$F$5:$F$104+MIN(1,IFERROR(($A79-1)/'Assumptions'!$B$8,0))*('Unit Mix'!$G$5:$G$104-'Unit Mix'!$F$5:$F$104))),"")) | E79: =IF(OR($A79="",$C79=0),"",IFERROR($D79/$C79,"")) | F79: =IF(OR($A79="",$C79=0),"",IFERROR(SUMPRODUCT(('Unit Mix'!$A$5:$A$104='Assumptions'!$B$4)*('Unit Mix'!$I$5:$I$104="Included")*'Unit Mix'!$D$5:$D$104*'Unit Mix'!$E$5:$E$104)*(1+'Assumptions'!$B$7)^(($A79-1)/12),"")) | G79: =IF(OR($A79="",$C79=0),"",IFERROR(SUMPRODUCT(('Unit Mix'!$A$5:$A$104='Assumptions'!$B$4)*('Unit Mix'!$I$5:$I$104="Included")*'Unit Mix'!$D$5:$D$104*'Unit Mix'!$E$5:$E$104*('Unit Mix'!$F$5:$F$104+MIN(1,IFERROR(($A79-1)/'Assumptions'!$B$8,0))*('Unit Mix'!$G$5:$G$104-'Unit Mix'!$F$5:$F$104)))*(1+'Assumptions'!$B$7)^(($A79-1)/12),"")) | H79: =IF($G79="","",IFERROR($D79*'Assumptions'!$B$9*(1+'Assumptions'!$B$10)^(($A79-1)/12),"")) | I79: =IF($G79="","",IFERROR($G79*'Assumptions'!$B$11,"")) | J79: =IF($G79="","",IFERROR(SUM($G79:$I79),"")) | K79: =IF($J79="","",IFERROR($J79*'Assumptions'!$B$12,"")) | L79: =IF($J79="","",IFERROR('Assumptions'!$B$13*(1+'Assumptions'!$B$14)^(($A79-1)/12),"")) | M79: =IF($J79="","",IFERROR('Assumptions'!$B$15,"")) | N79: =IF($J79="","",IFERROR($J79-SUM($K79:$M79),"")) | O79: =IF($N79="","",IFERROR('Assumptions'!$B$16,"")) | P79: =IF($N79="","",IFERROR($N79-$O79,"")) | Q79: =IF($A79="","",IF($C79=0,"Review",IF(OR($E79<'Assumptions'!$B$18,$P79<'Assumptions'!$B$17),"Review","OK")))
A80: =IF(76<='Assumptions'!$B$6,76,"") | B80: =IF($A80="","",IFERROR(EDATE('Assumptions'!$B$5,$A80-1),"")) | C80: =IF($A80="","",IFERROR(SUMIFS('Unit Mix'!$D$5:$D$104,'Unit Mix'!$A$5:$A$104,'Assumptions'!$B$4,'Unit Mix'!$I$5:$I$104,"Included"),"")) | D80: =IF(OR($A80="",$C80=0),"",IFERROR(SUMPRODUCT(('Unit Mix'!$A$5:$A$104='Assumptions'!$B$4)*('Unit Mix'!$I$5:$I$104="Included")*'Unit Mix'!$D$5:$D$104*('Unit Mix'!$F$5:$F$104+MIN(1,IFERROR(($A80-1)/'Assumptions'!$B$8,0))*('Unit Mix'!$G$5:$G$104-'Unit Mix'!$F$5:$F$104))),"")) | E80: =IF(OR($A80="",$C80=0),"",IFERROR($D80/$C80,"")) | F80: =IF(OR($A80="",$C80=0),"",IFERROR(SUMPRODUCT(('Unit Mix'!$A$5:$A$104='Assumptions'!$B$4)*('Unit Mix'!$I$5:$I$104="Included")*'Unit Mix'!$D$5:$D$104*'Unit Mix'!$E$5:$E$104)*(1+'Assumptions'!$B$7)^(($A80-1)/12),"")) | G80: =IF(OR($A80="",$C80=0),"",IFERROR(SUMPRODUCT(('Unit Mix'!$A$5:$A$104='Assumptions'!$B$4)*('Unit Mix'!$I$5:$I$104="Included")*'Unit Mix'!$D$5:$D$104*'Unit Mix'!$E$5:$E$104*('Unit Mix'!$F$5:$F$104+MIN(1,IFERROR(($A80-1)/'Assumptions'!$B$8,0))*('Unit Mix'!$G$5:$G$104-'Unit Mix'!$F$5:$F$104)))*(1+'Assumptions'!$B$7)^(($A80-1)/12),"")) | H80: =IF($G80="","",IFERROR($D80*'Assumptions'!$B$9*(1+'Assumptions'!$B$10)^(($A80-1)/12),"")) | I80: =IF($G80="","",IFERROR($G80*'Assumptions'!$B$11,"")) | J80: =IF($G80="","",IFERROR(SUM($G80:$I80),"")) | K80: =IF($J80="","",IFERROR($J80*'Assumptions'!$B$12,"")) | L80: =IF($J80="","",IFERROR('Assumptions'!$B$13*(1+'Assumptions'!$B$14)^(($A80-1)/12),"")) | M80: =IF($J80="","",IFERROR('Assumptions'!$B$15,"")) | N80: =IF($J80="","",IFERROR($J80-SUM($K80:$M80),"")) | O80: =IF($N80="","",IFERROR('Assumptions'!$B$16,"")) | P80: =IF($N80="","",IFERROR($N80-$O80,"")) | Q80: =IF($A80="","",IF($C80=0,"Review",IF(OR($E80<'Assumptions'!$B$18,$P80<'Assumptions'!$B$17),"Review","OK")))
A81: =IF(77<='Assumptions'!$B$6,77,"") | B81: =IF($A81="","",IFERROR(EDATE('Assumptions'!$B$5,$A81-1),"")) | C81: =IF($A81="","",IFERROR(SUMIFS('Unit Mix'!$D$5:$D$104,'Unit Mix'!$A$5:$A$104,'Assumptions'!$B$4,'Unit Mix'!$I$5:$I$104,"Included"),"")) | D81: =IF(OR($A81="",$C81=0),"",IFERROR(SUMPRODUCT(('Unit Mix'!$A$5:$A$104='Assumptions'!$B$4)*('Unit Mix'!$I$5:$I$104="Included")*'Unit Mix'!$D$5:$D$104*('Unit Mix'!$F$5:$F$104+MIN(1,IFERROR(($A81-1)/'Assumptions'!$B$8,0))*('Unit Mix'!$G$5:$G$104-'Unit Mix'!$F$5:$F$104))),"")) | E81: =IF(OR($A81="",$C81=0),"",IFERROR($D81/$C81,"")) | F81: =IF(OR($A81="",$C81=0),"",IFERROR(SUMPRODUCT(('Unit Mix'!$A$5:$A$104='Assumptions'!$B$4)*('Unit Mix'!$I$5:$I$104="Included")*'Unit Mix'!$D$5:$D$104*'Unit Mix'!$E$5:$E$104)*(1+'Assumptions'!$B$7)^(($A81-1)/12),"")) | G81: =IF(OR($A81="",$C81=0),"",IFERROR(SUMPRODUCT(('Unit Mix'!$A$5:$A$104='Assumptions'!$B$4)*('Unit Mix'!$I$5:$I$104="Included")*'Unit Mix'!$D$5:$D$104*'Unit Mix'!$E$5:$E$104*('Unit Mix'!$F$5:$F$104+MIN(1,IFERROR(($A81-1)/'Assumptions'!$B$8,0))*('Unit Mix'!$G$5:$G$104-'Unit Mix'!$F$5:$F$104)))*(1+'Assumptions'!$B$7)^(($A81-1)/12),"")) | H81: =IF($G81="","",IFERROR($D81*'Assumptions'!$B$9*(1+'Assumptions'!$B$10)^(($A81-1)/12),"")) | I81: =IF($G81="","",IFERROR($G81*'Assumptions'!$B$11,"")) | J81: =IF($G81="","",IFERROR(SUM($G81:$I81),"")) | K81: =IF($J81="","",IFERROR($J81*'Assumptions'!$B$12,"")) | L81: =IF($J81="","",IFERROR('Assumptions'!$B$13*(1+'Assumptions'!$B$14)^(($A81-1)/12),"")) | M81: =IF($J81="","",IFERROR('Assumptions'!$B$15,"")) | N81: =IF($J81="","",IFERROR($J81-SUM($K81:$M81),"")) | O81: =IF($N81="","",IFERROR('Assumptions'!$B$16,"")) | P81: =IF($N81="","",IFERROR($N81-$O81,"")) | Q81: =IF($A81="","",IF($C81=0,"Review",IF(OR($E81<'Assumptions'!$B$18,$P81<'Assumptions'!$B$17),"Review","OK")))
A82: =IF(78<='Assumptions'!$B$6,78,"") | B82: =IF($A82="","",IFERROR(EDATE('Assumptions'!$B$5,$A82-1),"")) | C82: =IF($A82="","",IFERROR(SUMIFS('Unit Mix'!$D$5:$D$104,'Unit Mix'!$A$5:$A$104,'Assumptions'!$B$4,'Unit Mix'!$I$5:$I$104,"Included"),"")) | D82: =IF(OR($A82="",$C82=0),"",IFERROR(SUMPRODUCT(('Unit Mix'!$A$5:$A$104='Assumptions'!$B$4)*('Unit Mix'!$I$5:$I$104="Included")*'Unit Mix'!$D$5:$D$104*('Unit Mix'!$F$5:$F$104+MIN(1,IFERROR(($A82-1)/'Assumptions'!$B$8,0))*('Unit Mix'!$G$5:$G$104-'Unit Mix'!$F$5:$F$104))),"")) | E82: =IF(OR($A82="",$C82=0),"",IFERROR($D82/$C82,"")) | F82: =IF(OR($A82="",$C82=0),"",IFERROR(SUMPRODUCT(('Unit Mix'!$A$5:$A$104='Assumptions'!$B$4)*('Unit Mix'!$I$5:$I$104="Included")*'Unit Mix'!$D$5:$D$104*'Unit Mix'!$E$5:$E$104)*(1+'Assumptions'!$B$7)^(($A82-1)/12),"")) | G82: =IF(OR($A82="",$C82=0),"",IFERROR(SUMPRODUCT(('Unit Mix'!$A$5:$A$104='Assumptions'!$B$4)*('Unit Mix'!$I$5:$I$104="Included")*'Unit Mix'!$D$5:$D$104*'Unit Mix'!$E$5:$E$104*('Unit Mix'!$F$5:$F$104+MIN(1,IFERROR(($A82-1)/'Assumptions'!$B$8,0))*('Unit Mix'!$G$5:$G$104-'Unit Mix'!$F$5:$F$104)))*(1+'Assumptions'!$B$7)^(($A82-1)/12),"")) | H82: =IF($G82="","",IFERROR($D82*'Assumptions'!$B$9*(1+'Assumptions'!$B$10)^(($A82-1)/12),"")) | I82: =IF($G82="","",IFERROR($G82*'Assumptions'!$B$11,"")) | J82: =IF($G82="","",IFERROR(SUM($G82:$I82),"")) | K82: =IF($J82="","",IFERROR($J82*'Assumptions'!$B$12,"")) | L82: =IF($J82="","",IFERROR('Assumptions'!$B$13*(1+'Assumptions'!$B$14)^(($A82-1)/12),"")) | M82: =IF($J82="","",IFERROR('Assumptions'!$B$15,"")) | N82: =IF($J82="","",IFERROR($J82-SUM($K82:$M82),"")) | O82: =IF($N82="","",IFERROR('Assumptions'!$B$16,"")) | P82: =IF($N82="","",IFERROR($N82-$O82,"")) | Q82: =IF($A82="","",IF($C82=0,"Review",IF(OR($E82<'Assumptions'!$B$18,$P82<'Assumptions'!$B$17),"Review","OK")))
A83: =IF(79<='Assumptions'!$B$6,79,"") | B83: =IF($A83="","",IFERROR(EDATE('Assumptions'!$B$5,$A83-1),"")) | C83: =IF($A83="","",IFERROR(SUMIFS('Unit Mix'!$D$5:$D$104,'Unit Mix'!$A$5:$A$104,'Assumptions'!$B$4,'Unit Mix'!$I$5:$I$104,"Included"),"")) | D83: =IF(OR($A83="",$C83=0),"",IFERROR(SUMPRODUCT(('Unit Mix'!$A$5:$A$104='Assumptions'!$B$4)*('Unit Mix'!$I$5:$I$104="Included")*'Unit Mix'!$D$5:$D$104*('Unit Mix'!$F$5:$F$104+MIN(1,IFERROR(($A83-1)/'Assumptions'!$B$8,0))*('Unit Mix'!$G$5:$G$104-'Unit Mix'!$F$5:$F$104))),"")) | E83: =IF(OR($A83="",$C83=0),"",IFERROR($D83/$C83,"")) | F83: =IF(OR($A83="",$C83=0),"",IFERROR(SUMPRODUCT(('Unit Mix'!$A$5:$A$104='Assumptions'!$B$4)*('Unit Mix'!$I$5:$I$104="Included")*'Unit Mix'!$D$5:$D$104*'Unit Mix'!$E$5:$E$104)*(1+'Assumptions'!$B$7)^(($A83-1)/12),"")) | G83: =IF(OR($A83="",$C83=0),"",IFERROR(SUMPRODUCT(('Unit Mix'!$A$5:$A$104='Assumptions'!$B$4)*('Unit Mix'!$I$5:$I$104="Included")*'Unit Mix'!$D$5:$D$104*'Unit Mix'!$E$5:$E$104*('Unit Mix'!$F$5:$F$104+MIN(1,IFERROR(($A83-1)/'Assumptions'!$B$8,0))*('Unit Mix'!$G$5:$G$104-'Unit Mix'!$F$5:$F$104)))*(1+'Assumptions'!$B$7)^(($A83-1)/12),"")) | H83: =IF($G83="","",IFERROR($D83*'Assumptions'!$B$9*(1+'Assumptions'!$B$10)^(($A83-1)/12),"")) | I83: =IF($G83="","",IFERROR($G83*'Assumptions'!$B$11,"")) | J83: =IF($G83="","",IFERROR(SUM($G83:$I83),"")) | K83: =IF($J83="","",IFERROR($J83*'Assumptions'!$B$12,"")) | L83: =IF($J83="","",IFERROR('Assumptions'!$B$13*(1+'Assumptions'!$B$14)^(($A83-1)/12),"")) | M83: =IF($J83="","",IFERROR('Assumptions'!$B$15,"")) | N83: =IF($J83="","",IFERROR($J83-SUM($K83:$M83),"")) | O83: =IF($N83="","",IFERROR('Assumptions'!$B$16,"")) | P83: =IF($N83="","",IFERROR($N83-$O83,"")) | Q83: =IF($A83="","",IF($C83=0,"Review",IF(OR($E83<'Assumptions'!$B$18,$P83<'Assumptions'!$B$17),"Review","OK")))
A84: =IF(80<='Assumptions'!$B$6,80,"") | B84: =IF($A84="","",IFERROR(EDATE('Assumptions'!$B$5,$A84-1),"")) | C84: =IF($A84="","",IFERROR(SUMIFS('Unit Mix'!$D$5:$D$104,'Unit Mix'!$A$5:$A$104,'Assumptions'!$B$4,'Unit Mix'!$I$5:$I$104,"Included"),"")) | D84: =IF(OR($A84="",$C84=0),"",IFERROR(SUMPRODUCT(('Unit Mix'!$A$5:$A$104='Assumptions'!$B$4)*('Unit Mix'!$I$5:$I$104="Included")*'Unit Mix'!$D$5:$D$104*('Unit Mix'!$F$5:$F$104+MIN(1,IFERROR(($A84-1)/'Assumptions'!$B$8,0))*('Unit Mix'!$G$5:$G$104-'Unit Mix'!$F$5:$F$104))),"")) | E84: =IF(OR($A84="",$C84=0),"",IFERROR($D84/$C84,"")) | F84: =IF(OR($A84="",$C84=0),"",IFERROR(SUMPRODUCT(('Unit Mix'!$A$5:$A$104='Assumptions'!$B$4)*('Unit Mix'!$I$5:$I$104="Included")*'Unit Mix'!$D$5:$D$104*'Unit Mix'!$E$5:$E$104)*(1+'Assumptions'!$B$7)^(($A84-1)/12),"")) | G84: =IF(OR($A84="",$C84=0),"",IFERROR(SUMPRODUCT(('Unit Mix'!$A$5:$A$104='Assumptions'!$B$4)*('Unit Mix'!$I$5:$I$104="Included")*'Unit Mix'!$D$5:$D$104*'Unit Mix'!$E$5:$E$104*('Unit Mix'!$F$5:$F$104+MIN(1,IFERROR(($A84-1)/'Assumptions'!$B$8,0))*('Unit Mix'!$G$5:$G$104-'Unit Mix'!$F$5:$F$104)))*(1+'Assumptions'!$B$7)^(($A84-1)/12),"")) | H84: =IF($G84="","",IFERROR($D84*'Assumptions'!$B$9*(1+'Assumptions'!$B$10)^(($A84-1)/12),"")) | I84: =IF($G84="","",IFERROR($G84*'Assumptions'!$B$11,"")) | J84: =IF($G84="","",IFERROR(SUM($G84:$I84),"")) | K84: =IF($J84="","",IFERROR($J84*'Assumptions'!$B$12,"")) | L84: =IF($J84="","",IFERROR('Assumptions'!$B$13*(1+'Assumptions'!$B$14)^(($A84-1)/12),"")) | M84: =IF($J84="","",IFERROR('Assumptions'!$B$15,"")) | N84: =IF($J84="","",IFERROR($J84-SUM($K84:$M84),"")) | O84: =IF($N84="","",IFERROR('Assumptions'!$B$16,"")) | P84: =IF($N84="","",IFERROR($N84-$O84,"")) | Q84: =IF($A84="","",IF($C84=0,"Review",IF(OR($E84<'Assumptions'!$B$18,$P84<'Assumptions'!$B$17),"Review","OK")))
A85: =IF(81<='Assumptions'!$B$6,81,"") | B85: =IF($A85="","",IFERROR(EDATE('Assumptions'!$B$5,$A85-1),"")) | C85: =IF($A85="","",IFERROR(SUMIFS('Unit Mix'!$D$5:$D$104,'Unit Mix'!$A$5:$A$104,'Assumptions'!$B$4,'Unit Mix'!$I$5:$I$104,"Included"),"")) | D85: =IF(OR($A85="",$C85=0),"",IFERROR(SUMPRODUCT(('Unit Mix'!$A$5:$A$104='Assumptions'!$B$4)*('Unit Mix'!$I$5:$I$104="Included")*'Unit Mix'!$D$5:$D$104*('Unit Mix'!$F$5:$F$104+MIN(1,IFERROR(($A85-1)/'Assumptions'!$B$8,0))*('Unit Mix'!$G$5:$G$104-'Unit Mix'!$F$5:$F$104))),"")) | E85: =IF(OR($A85="",$C85=0),"",IFERROR($D85/$C85,"")) | F85: =IF(OR($A85="",$C85=0),"",IFERROR(SUMPRODUCT(('Unit Mix'!$A$5:$A$104='Assumptions'!$B$4)*('Unit Mix'!$I$5:$I$104="Included")*'Unit Mix'!$D$5:$D$104*'Unit Mix'!$E$5:$E$104)*(1+'Assumptions'!$B$7)^(($A85-1)/12),"")) | G85: =IF(OR($A85="",$C85=0),"",IFERROR(SUMPRODUCT(('Unit Mix'!$A$5:$A$104='Assumptions'!$B$4)*('Unit Mix'!$I$5:$I$104="Included")*'Unit Mix'!$D$5:$D$104*'Unit Mix'!$E$5:$E$104*('Unit Mix'!$F$5:$F$104+MIN(1,IFERROR(($A85-1)/'Assumptions'!$B$8,0))*('Unit Mix'!$G$5:$G$104-'Unit Mix'!$F$5:$F$104)))*(1+'Assumptions'!$B$7)^(($A85-1)/12),"")) | H85: =IF($G85="","",IFERROR($D85*'Assumptions'!$B$9*(1+'Assumptions'!$B$10)^(($A85-1)/12),"")) | I85: =IF($G85="","",IFERROR($G85*'Assumptions'!$B$11,"")) | J85: =IF($G85="","",IFERROR(SUM($G85:$I85),"")) | K85: =IF($J85="","",IFERROR($J85*'Assumptions'!$B$12,"")) | L85: =IF($J85="","",IFERROR('Assumptions'!$B$13*(1+'Assumptions'!$B$14)^(($A85-1)/12),"")) | M85: =IF($J85="","",IFERROR('Assumptions'!$B$15,"")) | N85: =IF($J85="","",IFERROR($J85-SUM($K85:$M85),"")) | O85: =IF($N85="","",IFERROR('Assumptions'!$B$16,"")) | P85: =IF($N85="","",IFERROR($N85-$O85,"")) | Q85: =IF($A85="","",IF($C85=0,"Review",IF(OR($E85<'Assumptions'!$B$18,$P85<'Assumptions'!$B$17),"Review","OK")))
A86: =IF(82<='Assumptions'!$B$6,82,"") | B86: =IF($A86="","",IFERROR(EDATE('Assumptions'!$B$5,$A86-1),"")) | C86: =IF($A86="","",IFERROR(SUMIFS('Unit Mix'!$D$5:$D$104,'Unit Mix'!$A$5:$A$104,'Assumptions'!$B$4,'Unit Mix'!$I$5:$I$104,"Included"),"")) | D86: =IF(OR($A86="",$C86=0),"",IFERROR(SUMPRODUCT(('Unit Mix'!$A$5:$A$104='Assumptions'!$B$4)*('Unit Mix'!$I$5:$I$104="Included")*'Unit Mix'!$D$5:$D$104*('Unit Mix'!$F$5:$F$104+MIN(1,IFERROR(($A86-1)/'Assumptions'!$B$8,0))*('Unit Mix'!$G$5:$G$104-'Unit Mix'!$F$5:$F$104))),"")) | E86: =IF(OR($A86="",$C86=0),"",IFERROR($D86/$C86,"")) | F86: =IF(OR($A86="",$C86=0),"",IFERROR(SUMPRODUCT(('Unit Mix'!$A$5:$A$104='Assumptions'!$B$4)*('Unit Mix'!$I$5:$I$104="Included")*'Unit Mix'!$D$5:$D$104*'Unit Mix'!$E$5:$E$104)*(1+'Assumptions'!$B$7)^(($A86-1)/12),"")) | G86: =IF(OR($A86="",$C86=0),"",IFERROR(SUMPRODUCT(('Unit Mix'!$A$5:$A$104='Assumptions'!$B$4)*('Unit Mix'!$I$5:$I$104="Included")*'Unit Mix'!$D$5:$D$104*'Unit Mix'!$E$5:$E$104*('Unit Mix'!$F$5:$F$104+MIN(1,IFERROR(($A86-1)/'Assumptions'!$B$8,0))*('Unit Mix'!$G$5:$G$104-'Unit Mix'!$F$5:$F$104)))*(1+'Assumptions'!$B$7)^(($A86-1)/12),"")) | H86: =IF($G86="","",IFERROR($D86*'Assumptions'!$B$9*(1+'Assumptions'!$B$10)^(($A86-1)/12),"")) | I86: =IF($G86="","",IFERROR($G86*'Assumptions'!$B$11,"")) | J86: =IF($G86="","",IFERROR(SUM($G86:$I86),"")) | K86: =IF($J86="","",IFERROR($J86*'Assumptions'!$B$12,"")) | L86: =IF($J86="","",IFERROR('Assumptions'!$B$13*(1+'Assumptions'!$B$14)^(($A86-1)/12),"")) | M86: =IF($J86="","",IFERROR('Assumptions'!$B$15,"")) | N86: =IF($J86="","",IFERROR($J86-SUM($K86:$M86),"")) | O86: =IF($N86="","",IFERROR('Assumptions'!$B$16,"")) | P86: =IF($N86="","",IFERROR($N86-$O86,"")) | Q86: =IF($A86="","",IF($C86=0,"Review",IF(OR($E86<'Assumptions'!$B$18,$P86<'Assumptions'!$B$17),"Review","OK")))
A87: =IF(83<='Assumptions'!$B$6,83,"") | B87: =IF($A87="","",IFERROR(EDATE('Assumptions'!$B$5,$A87-1),"")) | C87: =IF($A87="","",IFERROR(SUMIFS('Unit Mix'!$D$5:$D$104,'Unit Mix'!$A$5:$A$104,'Assumptions'!$B$4,'Unit Mix'!$I$5:$I$104,"Included"),"")) | D87: =IF(OR($A87="",$C87=0),"",IFERROR(SUMPRODUCT(('Unit Mix'!$A$5:$A$104='Assumptions'!$B$4)*('Unit Mix'!$I$5:$I$104="Included")*'Unit Mix'!$D$5:$D$104*('Unit Mix'!$F$5:$F$104+MIN(1,IFERROR(($A87-1)/'Assumptions'!$B$8,0))*('Unit Mix'!$G$5:$G$104-'Unit Mix'!$F$5:$F$104))),"")) | E87: =IF(OR($A87="",$C87=0),"",IFERROR($D87/$C87,"")) | F87: =IF(OR($A87="",$C87=0),"",IFERROR(SUMPRODUCT(('Unit Mix'!$A$5:$A$104='Assumptions'!$B$4)*('Unit Mix'!$I$5:$I$104="Included")*'Unit Mix'!$D$5:$D$104*'Unit Mix'!$E$5:$E$104)*(1+'Assumptions'!$B$7)^(($A87-1)/12),"")) | G87: =IF(OR($A87="",$C87=0),"",IFERROR(SUMPRODUCT(('Unit Mix'!$A$5:$A$104='Assumptions'!$B$4)*('Unit Mix'!$I$5:$I$104="Included")*'Unit Mix'!$D$5:$D$104*'Unit Mix'!$E$5:$E$104*('Unit Mix'!$F$5:$F$104+MIN(1,IFERROR(($A87-1)/'Assumptions'!$B$8,0))*('Unit Mix'!$G$5:$G$104-'Unit Mix'!$F$5:$F$104)))*(1+'Assumptions'!$B$7)^(($A87-1)/12),"")) | H87: =IF($G87="","",IFERROR($D87*'Assumptions'!$B$9*(1+'Assumptions'!$B$10)^(($A87-1)/12),"")) | I87: =IF($G87="","",IFERROR($G87*'Assumptions'!$B$11,"")) | J87: =IF($G87="","",IFERROR(SUM($G87:$I87),"")) | K87: =IF($J87="","",IFERROR($J87*'Assumptions'!$B$12,"")) | L87: =IF($J87="","",IFERROR('Assumptions'!$B$13*(1+'Assumptions'!$B$14)^(($A87-1)/12),"")) | M87: =IF($J87="","",IFERROR('Assumptions'!$B$15,"")) | N87: =IF($J87="","",IFERROR($J87-SUM($K87:$M87),"")) | O87: =IF($N87="","",IFERROR('Assumptions'!$B$16,"")) | P87: =IF($N87="","",IFERROR($N87-$O87,"")) | Q87: =IF($A87="","",IF($C87=0,"Review",IF(OR($E87<'Assumptions'!$B$18,$P87<'Assumptions'!$B$17),"Review","OK")))
A88: =IF(84<='Assumptions'!$B$6,84,"") | B88: =IF($A88="","",IFERROR(EDATE('Assumptions'!$B$5,$A88-1),"")) | C88: =IF($A88="","",IFERROR(SUMIFS('Unit Mix'!$D$5:$D$104,'Unit Mix'!$A$5:$A$104,'Assumptions'!$B$4,'Unit Mix'!$I$5:$I$104,"Included"),"")) | D88: =IF(OR($A88="",$C88=0),"",IFERROR(SUMPRODUCT(('Unit Mix'!$A$5:$A$104='Assumptions'!$B$4)*('Unit Mix'!$I$5:$I$104="Included")*'Unit Mix'!$D$5:$D$104*('Unit Mix'!$F$5:$F$104+MIN(1,IFERROR(($A88-1)/'Assumptions'!$B$8,0))*('Unit Mix'!$G$5:$G$104-'Unit Mix'!$F$5:$F$104))),"")) | E88: =IF(OR($A88="",$C88=0),"",IFERROR($D88/$C88,"")) | F88: =IF(OR($A88="",$C88=0),"",IFERROR(SUMPRODUCT(('Unit Mix'!$A$5:$A$104='Assumptions'!$B$4)*('Unit Mix'!$I$5:$I$104="Included")*'Unit Mix'!$D$5:$D$104*'Unit Mix'!$E$5:$E$104)*(1+'Assumptions'!$B$7)^(($A88-1)/12),"")) | G88: =IF(OR($A88="",$C88=0),"",IFERROR(SUMPRODUCT(('Unit Mix'!$A$5:$A$104='Assumptions'!$B$4)*('Unit Mix'!$I$5:$I$104="Included")*'Unit Mix'!$D$5:$D$104*'Unit Mix'!$E$5:$E$104*('Unit Mix'!$F$5:$F$104+MIN(1,IFERROR(($A88-1)/'Assumptions'!$B$8,0))*('Unit Mix'!$G$5:$G$104-'Unit Mix'!$F$5:$F$104)))*(1+'Assumptions'!$B$7)^(($A88-1)/12),"")) | H88: =IF($G88="","",IFERROR($D88*'Assumptions'!$B$9*(1+'Assumptions'!$B$10)^(($A88-1)/12),"")) | I88: =IF($G88="","",IFERROR($G88*'Assumptions'!$B$11,"")) | J88: =IF($G88="","",IFERROR(SUM($G88:$I88),"")) | K88: =IF($J88="","",IFERROR($J88*'Assumptions'!$B$12,"")) | L88: =IF($J88="","",IFERROR('Assumptions'!$B$13*(1+'Assumptions'!$B$14)^(($A88-1)/12),"")) | M88: =IF($J88="","",IFERROR('Assumptions'!$B$15,"")) | N88: =IF($J88="","",IFERROR($J88-SUM($K88:$M88),"")) | O88: =IF($N88="","",IFERROR('Assumptions'!$B$16,"")) | P88: =IF($N88="","",IFERROR($N88-$O88,"")) | Q88: =IF($A88="","",IF($C88=0,"Review",IF(OR($E88<'Assumptions'!$B$18,$P88<'Assumptions'!$B$17),"Review","OK")))
A89: =IF(85<='Assumptions'!$B$6,85,"") | B89: =IF($A89="","",IFERROR(EDATE('Assumptions'!$B$5,$A89-1),"")) | C89: =IF($A89="","",IFERROR(SUMIFS('Unit Mix'!$D$5:$D$104,'Unit Mix'!$A$5:$A$104,'Assumptions'!$B$4,'Unit Mix'!$I$5:$I$104,"Included"),"")) | D89: =IF(OR($A89="",$C89=0),"",IFERROR(SUMPRODUCT(('Unit Mix'!$A$5:$A$104='Assumptions'!$B$4)*('Unit Mix'!$I$5:$I$104="Included")*'Unit Mix'!$D$5:$D$104*('Unit Mix'!$F$5:$F$104+MIN(1,IFERROR(($A89-1)/'Assumptions'!$B$8,0))*('Unit Mix'!$G$5:$G$104-'Unit Mix'!$F$5:$F$104))),"")) | E89: =IF(OR($A89="",$C89=0),"",IFERROR($D89/$C89,"")) | F89: =IF(OR($A89="",$C89=0),"",IFERROR(SUMPRODUCT(('Unit Mix'!$A$5:$A$104='Assumptions'!$B$4)*('Unit Mix'!$I$5:$I$104="Included")*'Unit Mix'!$D$5:$D$104*'Unit Mix'!$E$5:$E$104)*(1+'Assumptions'!$B$7)^(($A89-1)/12),"")) | G89: =IF(OR($A89="",$C89=0),"",IFERROR(SUMPRODUCT(('Unit Mix'!$A$5:$A$104='Assumptions'!$B$4)*('Unit Mix'!$I$5:$I$104="Included")*'Unit Mix'!$D$5:$D$104*'Unit Mix'!$E$5:$E$104*('Unit Mix'!$F$5:$F$104+MIN(1,IFERROR(($A89-1)/'Assumptions'!$B$8,0))*('Unit Mix'!$G$5:$G$104-'Unit Mix'!$F$5:$F$104)))*(1+'Assumptions'!$B$7)^(($A89-1)/12),"")) | H89: =IF($G89="","",IFERROR($D89*'Assumptions'!$B$9*(1+'Assumptions'!$B$10)^(($A89-1)/12),"")) | I89: =IF($G89="","",IFERROR($G89*'Assumptions'!$B$11,"")) | J89: =IF($G89="","",IFERROR(SUM($G89:$I89),"")) | K89: =IF($J89="","",IFERROR($J89*'Assumptions'!$B$12,"")) | L89: =IF($J89="","",IFERROR('Assumptions'!$B$13*(1+'Assumptions'!$B$14)^(($A89-1)/12),"")) | M89: =IF($J89="","",IFERROR('Assumptions'!$B$15,"")) | N89: =IF($J89="","",IFERROR($J89-SUM($K89:$M89),"")) | O89: =IF($N89="","",IFERROR('Assumptions'!$B$16,"")) | P89: =IF($N89="","",IFERROR($N89-$O89,"")) | Q89: =IF($A89="","",IF($C89=0,"Review",IF(OR($E89<'Assumptions'!$B$18,$P89<'Assumptions'!$B$17),"Review","OK")))
A90: =IF(86<='Assumptions'!$B$6,86,"") | B90: =IF($A90="","",IFERROR(EDATE('Assumptions'!$B$5,$A90-1),"")) | C90: =IF($A90="","",IFERROR(SUMIFS('Unit Mix'!$D$5:$D$104,'Unit Mix'!$A$5:$A$104,'Assumptions'!$B$4,'Unit Mix'!$I$5:$I$104,"Included"),"")) | D90: =IF(OR($A90="",$C90=0),"",IFERROR(SUMPRODUCT(('Unit Mix'!$A$5:$A$104='Assumptions'!$B$4)*('Unit Mix'!$I$5:$I$104="Included")*'Unit Mix'!$D$5:$D$104*('Unit Mix'!$F$5:$F$104+MIN(1,IFERROR(($A90-1)/'Assumptions'!$B$8,0))*('Unit Mix'!$G$5:$G$104-'Unit Mix'!$F$5:$F$104))),"")) | E90: =IF(OR($A90="",$C90=0),"",IFERROR($D90/$C90,"")) | F90: =IF(OR($A90="",$C90=0),"",IFERROR(SUMPRODUCT(('Unit Mix'!$A$5:$A$104='Assumptions'!$B$4)*('Unit Mix'!$I$5:$I$104="Included")*'Unit Mix'!$D$5:$D$104*'Unit Mix'!$E$5:$E$104)*(1+'Assumptions'!$B$7)^(($A90-1)/12),"")) | G90: =IF(OR($A90="",$C90=0),"",IFERROR(SUMPRODUCT(('Unit Mix'!$A$5:$A$104='Assumptions'!$B$4)*('Unit Mix'!$I$5:$I$104="Included")*'Unit Mix'!$D$5:$D$104*'Unit Mix'!$E$5:$E$104*('Unit Mix'!$F$5:$F$104+MIN(1,IFERROR(($A90-1)/'Assumptions'!$B$8,0))*('Unit Mix'!$G$5:$G$104-'Unit Mix'!$F$5:$F$104)))*(1+'Assumptions'!$B$7)^(($A90-1)/12),"")) | H90: =IF($G90="","",IFERROR($D90*'Assumptions'!$B$9*(1+'Assumptions'!$B$10)^(($A90-1)/12),"")) | I90: =IF($G90="","",IFERROR($G90*'Assumptions'!$B$11,"")) | J90: =IF($G90="","",IFERROR(SUM($G90:$I90),"")) | K90: =IF($J90="","",IFERROR($J90*'Assumptions'!$B$12,"")) | L90: =IF($J90="","",IFERROR('Assumptions'!$B$13*(1+'Assumptions'!$B$14)^(($A90-1)/12),"")) | M90: =IF($J90="","",IFERROR('Assumptions'!$B$15,"")) | N90: =IF($J90="","",IFERROR($J90-SUM($K90:$M90),"")) | O90: =IF($N90="","",IFERROR('Assumptions'!$B$16,"")) | P90: =IF($N90="","",IFERROR($N90-$O90,"")) | Q90: =IF($A90="","",IF($C90=0,"Review",IF(OR($E90<'Assumptions'!$B$18,$P90<'Assumptions'!$B$17),"Review","OK")))
A91: =IF(87<='Assumptions'!$B$6,87,"") | B91: =IF($A91="","",IFERROR(EDATE('Assumptions'!$B$5,$A91-1),"")) | C91: =IF($A91="","",IFERROR(SUMIFS('Unit Mix'!$D$5:$D$104,'Unit Mix'!$A$5:$A$104,'Assumptions'!$B$4,'Unit Mix'!$I$5:$I$104,"Included"),"")) | D91: =IF(OR($A91="",$C91=0),"",IFERROR(SUMPRODUCT(('Unit Mix'!$A$5:$A$104='Assumptions'!$B$4)*('Unit Mix'!$I$5:$I$104="Included")*'Unit Mix'!$D$5:$D$104*('Unit Mix'!$F$5:$F$104+MIN(1,IFERROR(($A91-1)/'Assumptions'!$B$8,0))*('Unit Mix'!$G$5:$G$104-'Unit Mix'!$F$5:$F$104))),"")) | E91: =IF(OR($A91="",$C91=0),"",IFERROR($D91/$C91,"")) | F91: =IF(OR($A91="",$C91=0),"",IFERROR(SUMPRODUCT(('Unit Mix'!$A$5:$A$104='Assumptions'!$B$4)*('Unit Mix'!$I$5:$I$104="Included")*'Unit Mix'!$D$5:$D$104*'Unit Mix'!$E$5:$E$104)*(1+'Assumptions'!$B$7)^(($A91-1)/12),"")) | G91: =IF(OR($A91="",$C91=0),"",IFERROR(SUMPRODUCT(('Unit Mix'!$A$5:$A$104='Assumptions'!$B$4)*('Unit Mix'!$I$5:$I$104="Included")*'Unit Mix'!$D$5:$D$104*'Unit Mix'!$E$5:$E$104*('Unit Mix'!$F$5:$F$104+MIN(1,IFERROR(($A91-1)/'Assumptions'!$B$8,0))*('Unit Mix'!$G$5:$G$104-'Unit Mix'!$F$5:$F$104)))*(1+'Assumptions'!$B$7)^(($A91-1)/12),"")) | H91: =IF($G91="","",IFERROR($D91*'Assumptions'!$B$9*(1+'Assumptions'!$B$10)^(($A91-1)/12),"")) | I91: =IF($G91="","",IFERROR($G91*'Assumptions'!$B$11,"")) | J91: =IF($G91="","",IFERROR(SUM($G91:$I91),"")) | K91: =IF($J91="","",IFERROR($J91*'Assumptions'!$B$12,"")) | L91: =IF($J91="","",IFERROR('Assumptions'!$B$13*(1+'Assumptions'!$B$14)^(($A91-1)/12),"")) | M91: =IF($J91="","",IFERROR('Assumptions'!$B$15,"")) | N91: =IF($J91="","",IFERROR($J91-SUM($K91:$M91),"")) | O91: =IF($N91="","",IFERROR('Assumptions'!$B$16,"")) | P91: =IF($N91="","",IFERROR($N91-$O91,"")) | Q91: =IF($A91="","",IF($C91=0,"Review",IF(OR($E91<'Assumptions'!$B$18,$P91<'Assumptions'!$B$17),"Review","OK")))
A92: =IF(88<='Assumptions'!$B$6,88,"") | B92: =IF($A92="","",IFERROR(EDATE('Assumptions'!$B$5,$A92-1),"")) | C92: =IF($A92="","",IFERROR(SUMIFS('Unit Mix'!$D$5:$D$104,'Unit Mix'!$A$5:$A$104,'Assumptions'!$B$4,'Unit Mix'!$I$5:$I$104,"Included"),"")) | D92: =IF(OR($A92="",$C92=0),"",IFERROR(SUMPRODUCT(('Unit Mix'!$A$5:$A$104='Assumptions'!$B$4)*('Unit Mix'!$I$5:$I$104="Included")*'Unit Mix'!$D$5:$D$104*('Unit Mix'!$F$5:$F$104+MIN(1,IFERROR(($A92-1)/'Assumptions'!$B$8,0))*('Unit Mix'!$G$5:$G$104-'Unit Mix'!$F$5:$F$104))),"")) | E92: =IF(OR($A92="",$C92=0),"",IFERROR($D92/$C92,"")) | F92: =IF(OR($A92="",$C92=0),"",IFERROR(SUMPRODUCT(('Unit Mix'!$A$5:$A$104='Assumptions'!$B$4)*('Unit Mix'!$I$5:$I$104="Included")*'Unit Mix'!$D$5:$D$104*'Unit Mix'!$E$5:$E$104)*(1+'Assumptions'!$B$7)^(($A92-1)/12),"")) | G92: =IF(OR($A92="",$C92=0),"",IFERROR(SUMPRODUCT(('Unit Mix'!$A$5:$A$104='Assumptions'!$B$4)*('Unit Mix'!$I$5:$I$104="Included")*'Unit Mix'!$D$5:$D$104*'Unit Mix'!$E$5:$E$104*('Unit Mix'!$F$5:$F$104+MIN(1,IFERROR(($A92-1)/'Assumptions'!$B$8,0))*('Unit Mix'!$G$5:$G$104-'Unit Mix'!$F$5:$F$104)))*(1+'Assumptions'!$B$7)^(($A92-1)/12),"")) | H92: =IF($G92="","",IFERROR($D92*'Assumptions'!$B$9*(1+'Assumptions'!$B$10)^(($A92-1)/12),"")) | I92: =IF($G92="","",IFERROR($G92*'Assumptions'!$B$11,"")) | J92: =IF($G92="","",IFERROR(SUM($G92:$I92),"")) | K92: =IF($J92="","",IFERROR($J92*'Assumptions'!$B$12,"")) | L92: =IF($J92="","",IFERROR('Assumptions'!$B$13*(1+'Assumptions'!$B$14)^(($A92-1)/12),"")) | M92: =IF($J92="","",IFERROR('Assumptions'!$B$15,"")) | N92: =IF($J92="","",IFERROR($J92-SUM($K92:$M92),"")) | O92: =IF($N92="","",IFERROR('Assumptions'!$B$16,"")) | P92: =IF($N92="","",IFERROR($N92-$O92,"")) | Q92: =IF($A92="","",IF($C92=0,"Review",IF(OR($E92<'Assumptions'!$B$18,$P92<'Assumptions'!$B$17),"Review","OK")))
A93: =IF(89<='Assumptions'!$B$6,89,"") | B93: =IF($A93="","",IFERROR(EDATE('Assumptions'!$B$5,$A93-1),"")) | C93: =IF($A93="","",IFERROR(SUMIFS('Unit Mix'!$D$5:$D$104,'Unit Mix'!$A$5:$A$104,'Assumptions'!$B$4,'Unit Mix'!$I$5:$I$104,"Included"),"")) | D93: =IF(OR($A93="",$C93=0),"",IFERROR(SUMPRODUCT(('Unit Mix'!$A$5:$A$104='Assumptions'!$B$4)*('Unit Mix'!$I$5:$I$104="Included")*'Unit Mix'!$D$5:$D$104*('Unit Mix'!$F$5:$F$104+MIN(1,IFERROR(($A93-1)/'Assumptions'!$B$8,0))*('Unit Mix'!$G$5:$G$104-'Unit Mix'!$F$5:$F$104))),"")) | E93: =IF(OR($A93="",$C93=0),"",IFERROR($D93/$C93,"")) | F93: =IF(OR($A93="",$C93=0),"",IFERROR(SUMPRODUCT(('Unit Mix'!$A$5:$A$104='Assumptions'!$B$4)*('Unit Mix'!$I$5:$I$104="Included")*'Unit Mix'!$D$5:$D$104*'Unit Mix'!$E$5:$E$104)*(1+'Assumptions'!$B$7)^(($A93-1)/12),"")) | G93: =IF(OR($A93="",$C93=0),"",IFERROR(SUMPRODUCT(('Unit Mix'!$A$5:$A$104='Assumptions'!$B$4)*('Unit Mix'!$I$5:$I$104="Included")*'Unit Mix'!$D$5:$D$104*'Unit Mix'!$E$5:$E$104*('Unit Mix'!$F$5:$F$104+MIN(1,IFERROR(($A93-1)/'Assumptions'!$B$8,0))*('Unit Mix'!$G$5:$G$104-'Unit Mix'!$F$5:$F$104)))*(1+'Assumptions'!$B$7)^(($A93-1)/12),"")) | H93: =IF($G93="","",IFERROR($D93*'Assumptions'!$B$9*(1+'Assumptions'!$B$10)^(($A93-1)/12),"")) | I93: =IF($G93="","",IFERROR($G93*'Assumptions'!$B$11,"")) | J93: =IF($G93="","",IFERROR(SUM($G93:$I93),"")) | K93: =IF($J93="","",IFERROR($J93*'Assumptions'!$B$12,"")) | L93: =IF($J93="","",IFERROR('Assumptions'!$B$13*(1+'Assumptions'!$B$14)^(($A93-1)/12),"")) | M93: =IF($J93="","",IFERROR('Assumptions'!$B$15,"")) | N93: =IF($J93="","",IFERROR($J93-SUM($K93:$M93),"")) | O93: =IF($N93="","",IFERROR('Assumptions'!$B$16,"")) | P93: =IF($N93="","",IFERROR($N93-$O93,"")) | Q93: =IF($A93="","",IF($C93=0,"Review",IF(OR($E93<'Assumptions'!$B$18,$P93<'Assumptions'!$B$17),"Review","OK")))
A94: =IF(90<='Assumptions'!$B$6,90,"") | B94: =IF($A94="","",IFERROR(EDATE('Assumptions'!$B$5,$A94-1),"")) | C94: =IF($A94="","",IFERROR(SUMIFS('Unit Mix'!$D$5:$D$104,'Unit Mix'!$A$5:$A$104,'Assumptions'!$B$4,'Unit Mix'!$I$5:$I$104,"Included"),"")) | D94: =IF(OR($A94="",$C94=0),"",IFERROR(SUMPRODUCT(('Unit Mix'!$A$5:$A$104='Assumptions'!$B$4)*('Unit Mix'!$I$5:$I$104="Included")*'Unit Mix'!$D$5:$D$104*('Unit Mix'!$F$5:$F$104+MIN(1,IFERROR(($A94-1)/'Assumptions'!$B$8,0))*('Unit Mix'!$G$5:$G$104-'Unit Mix'!$F$5:$F$104))),"")) | E94: =IF(OR($A94="",$C94=0),"",IFERROR($D94/$C94,"")) | F94: =IF(OR($A94="",$C94=0),"",IFERROR(SUMPRODUCT(('Unit Mix'!$A$5:$A$104='Assumptions'!$B$4)*('Unit Mix'!$I$5:$I$104="Included")*'Unit Mix'!$D$5:$D$104*'Unit Mix'!$E$5:$E$104)*(1+'Assumptions'!$B$7)^(($A94-1)/12),"")) | G94: =IF(OR($A94="",$C94=0),"",IFERROR(SUMPRODUCT(('Unit Mix'!$A$5:$A$104='Assumptions'!$B$4)*('Unit Mix'!$I$5:$I$104="Included")*'Unit Mix'!$D$5:$D$104*'Unit Mix'!$E$5:$E$104*('Unit Mix'!$F$5:$F$104+MIN(1,IFERROR(($A94-1)/'Assumptions'!$B$8,0))*('Unit Mix'!$G$5:$G$104-'Unit Mix'!$F$5:$F$104)))*(1+'Assumptions'!$B$7)^(($A94-1)/12),"")) | H94: =IF($G94="","",IFERROR($D94*'Assumptions'!$B$9*(1+'Assumptions'!$B$10)^(($A94-1)/12),"")) | I94: =IF($G94="","",IFERROR($G94*'Assumptions'!$B$11,"")) | J94: =IF($G94="","",IFERROR(SUM($G94:$I94),"")) | K94: =IF($J94="","",IFERROR($J94*'Assumptions'!$B$12,"")) | L94: =IF($J94="","",IFERROR('Assumptions'!$B$13*(1+'Assumptions'!$B$14)^(($A94-1)/12),"")) | M94: =IF($J94="","",IFERROR('Assumptions'!$B$15,"")) | N94: =IF($J94="","",IFERROR($J94-SUM($K94:$M94),"")) | O94: =IF($N94="","",IFERROR('Assumptions'!$B$16,"")) | P94: =IF($N94="","",IFERROR($N94-$O94,"")) | Q94: =IF($A94="","",IF($C94=0,"Review",IF(OR($E94<'Assumptions'!$B$18,$P94<'Assumptions'!$B$17),"Review","OK")))
A95: =IF(91<='Assumptions'!$B$6,91,"") | B95: =IF($A95="","",IFERROR(EDATE('Assumptions'!$B$5,$A95-1),"")) | C95: =IF($A95="","",IFERROR(SUMIFS('Unit Mix'!$D$5:$D$104,'Unit Mix'!$A$5:$A$104,'Assumptions'!$B$4,'Unit Mix'!$I$5:$I$104,"Included"),"")) | D95: =IF(OR($A95="",$C95=0),"",IFERROR(SUMPRODUCT(('Unit Mix'!$A$5:$A$104='Assumptions'!$B$4)*('Unit Mix'!$I$5:$I$104="Included")*'Unit Mix'!$D$5:$D$104*('Unit Mix'!$F$5:$F$104+MIN(1,IFERROR(($A95-1)/'Assumptions'!$B$8,0))*('Unit Mix'!$G$5:$G$104-'Unit Mix'!$F$5:$F$104))),"")) | E95: =IF(OR($A95="",$C95=0),"",IFERROR($D95/$C95,"")) | F95: =IF(OR($A95="",$C95=0),"",IFERROR(SUMPRODUCT(('Unit Mix'!$A$5:$A$104='Assumptions'!$B$4)*('Unit Mix'!$I$5:$I$104="Included")*'Unit Mix'!$D$5:$D$104*'Unit Mix'!$E$5:$E$104)*(1+'Assumptions'!$B$7)^(($A95-1)/12),"")) | G95: =IF(OR($A95="",$C95=0),"",IFERROR(SUMPRODUCT(('Unit Mix'!$A$5:$A$104='Assumptions'!$B$4)*('Unit Mix'!$I$5:$I$104="Included")*'Unit Mix'!$D$5:$D$104*'Unit Mix'!$E$5:$E$104*('Unit Mix'!$F$5:$F$104+MIN(1,IFERROR(($A95-1)/'Assumptions'!$B$8,0))*('Unit Mix'!$G$5:$G$104-'Unit Mix'!$F$5:$F$104)))*(1+'Assumptions'!$B$7)^(($A95-1)/12),"")) | H95: =IF($G95="","",IFERROR($D95*'Assumptions'!$B$9*(1+'Assumptions'!$B$10)^(($A95-1)/12),"")) | I95: =IF($G95="","",IFERROR($G95*'Assumptions'!$B$11,"")) | J95: =IF($G95="","",IFERROR(SUM($G95:$I95),"")) | K95: =IF($J95="","",IFERROR($J95*'Assumptions'!$B$12,"")) | L95: =IF($J95="","",IFERROR('Assumptions'!$B$13*(1+'Assumptions'!$B$14)^(($A95-1)/12),"")) | M95: =IF($J95="","",IFERROR('Assumptions'!$B$15,"")) | N95: =IF($J95="","",IFERROR($J95-SUM($K95:$M95),"")) | O95: =IF($N95="","",IFERROR('Assumptions'!$B$16,"")) | P95: =IF($N95="","",IFERROR($N95-$O95,"")) | Q95: =IF($A95="","",IF($C95=0,"Review",IF(OR($E95<'Assumptions'!$B$18,$P95<'Assumptions'!$B$17),"Review","OK")))
A96: =IF(92<='Assumptions'!$B$6,92,"") | B96: =IF($A96="","",IFERROR(EDATE('Assumptions'!$B$5,$A96-1),"")) | C96: =IF($A96="","",IFERROR(SUMIFS('Unit Mix'!$D$5:$D$104,'Unit Mix'!$A$5:$A$104,'Assumptions'!$B$4,'Unit Mix'!$I$5:$I$104,"Included"),"")) | D96: =IF(OR($A96="",$C96=0),"",IFERROR(SUMPRODUCT(('Unit Mix'!$A$5:$A$104='Assumptions'!$B$4)*('Unit Mix'!$I$5:$I$104="Included")*'Unit Mix'!$D$5:$D$104*('Unit Mix'!$F$5:$F$104+MIN(1,IFERROR(($A96-1)/'Assumptions'!$B$8,0))*('Unit Mix'!$G$5:$G$104-'Unit Mix'!$F$5:$F$104))),"")) | E96: =IF(OR($A96="",$C96=0),"",IFERROR($D96/$C96,"")) | F96: =IF(OR($A96="",$C96=0),"",IFERROR(SUMPRODUCT(('Unit Mix'!$A$5:$A$104='Assumptions'!$B$4)*('Unit Mix'!$I$5:$I$104="Included")*'Unit Mix'!$D$5:$D$104*'Unit Mix'!$E$5:$E$104)*(1+'Assumptions'!$B$7)^(($A96-1)/12),"")) | G96: =IF(OR($A96="",$C96=0),"",IFERROR(SUMPRODUCT(('Unit Mix'!$A$5:$A$104='Assumptions'!$B$4)*('Unit Mix'!$I$5:$I$104="Included")*'Unit Mix'!$D$5:$D$104*'Unit Mix'!$E$5:$E$104*('Unit Mix'!$F$5:$F$104+MIN(1,IFERROR(($A96-1)/'Assumptions'!$B$8,0))*('Unit Mix'!$G$5:$G$104-'Unit Mix'!$F$5:$F$104)))*(1+'Assumptions'!$B$7)^(($A96-1)/12),"")) | H96: =IF($G96="","",IFERROR($D96*'Assumptions'!$B$9*(1+'Assumptions'!$B$10)^(($A96-1)/12),"")) | I96: =IF($G96="","",IFERROR($G96*'Assumptions'!$B$11,"")) | J96: =IF($G96="","",IFERROR(SUM($G96:$I96),"")) | K96: =IF($J96="","",IFERROR($J96*'Assumptions'!$B$12,"")) | L96: =IF($J96="","",IFERROR('Assumptions'!$B$13*(1+'Assumptions'!$B$14)^(($A96-1)/12),"")) | M96: =IF($J96="","",IFERROR('Assumptions'!$B$15,"")) | N96: =IF($J96="","",IFERROR($J96-SUM($K96:$M96),"")) | O96: =IF($N96="","",IFERROR('Assumptions'!$B$16,"")) | P96: =IF($N96="","",IFERROR($N96-$O96,"")) | Q96: =IF($A96="","",IF($C96=0,"Review",IF(OR($E96<'Assumptions'!$B$18,$P96<'Assumptions'!$B$17),"Review","OK")))
A97: =IF(93<='Assumptions'!$B$6,93,"") | B97: =IF($A97="","",IFERROR(EDATE('Assumptions'!$B$5,$A97-1),"")) | C97: =IF($A97="","",IFERROR(SUMIFS('Unit Mix'!$D$5:$D$104,'Unit Mix'!$A$5:$A$104,'Assumptions'!$B$4,'Unit Mix'!$I$5:$I$104,"Included"),"")) | D97: =IF(OR($A97="",$C97=0),"",IFERROR(SUMPRODUCT(('Unit Mix'!$A$5:$A$104='Assumptions'!$B$4)*('Unit Mix'!$I$5:$I$104="Included")*'Unit Mix'!$D$5:$D$104*('Unit Mix'!$F$5:$F$104+MIN(1,IFERROR(($A97-1)/'Assumptions'!$B$8,0))*('Unit Mix'!$G$5:$G$104-'Unit Mix'!$F$5:$F$104))),"")) | E97: =IF(OR($A97="",$C97=0),"",IFERROR($D97/$C97,"")) | F97: =IF(OR($A97="",$C97=0),"",IFERROR(SUMPRODUCT(('Unit Mix'!$A$5:$A$104='Assumptions'!$B$4)*('Unit Mix'!$I$5:$I$104="Included")*'Unit Mix'!$D$5:$D$104*'Unit Mix'!$E$5:$E$104)*(1+'Assumptions'!$B$7)^(($A97-1)/12),"")) | G97: =IF(OR($A97="",$C97=0),"",IFERROR(SUMPRODUCT(('Unit Mix'!$A$5:$A$104='Assumptions'!$B$4)*('Unit Mix'!$I$5:$I$104="Included")*'Unit Mix'!$D$5:$D$104*'Unit Mix'!$E$5:$E$104*('Unit Mix'!$F$5:$F$104+MIN(1,IFERROR(($A97-1)/'Assumptions'!$B$8,0))*('Unit Mix'!$G$5:$G$104-'Unit Mix'!$F$5:$F$104)))*(1+'Assumptions'!$B$7)^(($A97-1)/12),"")) | H97: =IF($G97="","",IFERROR($D97*'Assumptions'!$B$9*(1+'Assumptions'!$B$10)^(($A97-1)/12),"")) | I97: =IF($G97="","",IFERROR($G97*'Assumptions'!$B$11,"")) | J97: =IF($G97="","",IFERROR(SUM($G97:$I97),"")) | K97: =IF($J97="","",IFERROR($J97*'Assumptions'!$B$12,"")) | L97: =IF($J97="","",IFERROR('Assumptions'!$B$13*(1+'Assumptions'!$B$14)^(($A97-1)/12),"")) | M97: =IF($J97="","",IFERROR('Assumptions'!$B$15,"")) | N97: =IF($J97="","",IFERROR($J97-SUM($K97:$M97),"")) | O97: =IF($N97="","",IFERROR('Assumptions'!$B$16,"")) | P97: =IF($N97="","",IFERROR($N97-$O97,"")) | Q97: =IF($A97="","",IF($C97=0,"Review",IF(OR($E97<'Assumptions'!$B$18,$P97<'Assumptions'!$B$17),"Review","OK")))
A98: =IF(94<='Assumptions'!$B$6,94,"") | B98: =IF($A98="","",IFERROR(EDATE('Assumptions'!$B$5,$A98-1),"")) | C98: =IF($A98="","",IFERROR(SUMIFS('Unit Mix'!$D$5:$D$104,'Unit Mix'!$A$5:$A$104,'Assumptions'!$B$4,'Unit Mix'!$I$5:$I$104,"Included"),"")) | D98: =IF(OR($A98="",$C98=0),"",IFERROR(SUMPRODUCT(('Unit Mix'!$A$5:$A$104='Assumptions'!$B$4)*('Unit Mix'!$I$5:$I$104="Included")*'Unit Mix'!$D$5:$D$104*('Unit Mix'!$F$5:$F$104+MIN(1,IFERROR(($A98-1)/'Assumptions'!$B$8,0))*('Unit Mix'!$G$5:$G$104-'Unit Mix'!$F$5:$F$104))),"")) | E98: =IF(OR($A98="",$C98=0),"",IFERROR($D98/$C98,"")) | F98: =IF(OR($A98="",$C98=0),"",IFERROR(SUMPRODUCT(('Unit Mix'!$A$5:$A$104='Assumptions'!$B$4)*('Unit Mix'!$I$5:$I$104="Included")*'Unit Mix'!$D$5:$D$104*'Unit Mix'!$E$5:$E$104)*(1+'Assumptions'!$B$7)^(($A98-1)/12),"")) | G98: =IF(OR($A98="",$C98=0),"",IFERROR(SUMPRODUCT(('Unit Mix'!$A$5:$A$104='Assumptions'!$B$4)*('Unit Mix'!$I$5:$I$104="Included")*'Unit Mix'!$D$5:$D$104*'Unit Mix'!$E$5:$E$104*('Unit Mix'!$F$5:$F$104+MIN(1,IFERROR(($A98-1)/'Assumptions'!$B$8,0))*('Unit Mix'!$G$5:$G$104-'Unit Mix'!$F$5:$F$104)))*(1+'Assumptions'!$B$7)^(($A98-1)/12),"")) | H98: =IF($G98="","",IFERROR($D98*'Assumptions'!$B$9*(1+'Assumptions'!$B$10)^(($A98-1)/12),"")) | I98: =IF($G98="","",IFERROR($G98*'Assumptions'!$B$11,"")) | J98: =IF($G98="","",IFERROR(SUM($G98:$I98),"")) | K98: =IF($J98="","",IFERROR($J98*'Assumptions'!$B$12,"")) | L98: =IF($J98="","",IFERROR('Assumptions'!$B$13*(1+'Assumptions'!$B$14)^(($A98-1)/12),"")) | M98: =IF($J98="","",IFERROR('Assumptions'!$B$15,"")) | N98: =IF($J98="","",IFERROR($J98-SUM($K98:$M98),"")) | O98: =IF($N98="","",IFERROR('Assumptions'!$B$16,"")) | P98: =IF($N98="","",IFERROR($N98-$O98,"")) | Q98: =IF($A98="","",IF($C98=0,"Review",IF(OR($E98<'Assumptions'!$B$18,$P98<'Assumptions'!$B$17),"Review","OK")))
A99: =IF(95<='Assumptions'!$B$6,95,"") | B99: =IF($A99="","",IFERROR(EDATE('Assumptions'!$B$5,$A99-1),"")) | C99: =IF($A99="","",IFERROR(SUMIFS('Unit Mix'!$D$5:$D$104,'Unit Mix'!$A$5:$A$104,'Assumptions'!$B$4,'Unit Mix'!$I$5:$I$104,"Included"),"")) | D99: =IF(OR($A99="",$C99=0),"",IFERROR(SUMPRODUCT(('Unit Mix'!$A$5:$A$104='Assumptions'!$B$4)*('Unit Mix'!$I$5:$I$104="Included")*'Unit Mix'!$D$5:$D$104*('Unit Mix'!$F$5:$F$104+MIN(1,IFERROR(($A99-1)/'Assumptions'!$B$8,0))*('Unit Mix'!$G$5:$G$104-'Unit Mix'!$F$5:$F$104))),"")) | E99: =IF(OR($A99="",$C99=0),"",IFERROR($D99/$C99,"")) | F99: =IF(OR($A99="",$C99=0),"",IFERROR(SUMPRODUCT(('Unit Mix'!$A$5:$A$104='Assumptions'!$B$4)*('Unit Mix'!$I$5:$I$104="Included")*'Unit Mix'!$D$5:$D$104*'Unit Mix'!$E$5:$E$104)*(1+'Assumptions'!$B$7)^(($A99-1)/12),"")) | G99: =IF(OR($A99="",$C99=0),"",IFERROR(SUMPRODUCT(('Unit Mix'!$A$5:$A$104='Assumptions'!$B$4)*('Unit Mix'!$I$5:$I$104="Included")*'Unit Mix'!$D$5:$D$104*'Unit Mix'!$E$5:$E$104*('Unit Mix'!$F$5:$F$104+MIN(1,IFERROR(($A99-1)/'Assumptions'!$B$8,0))*('Unit Mix'!$G$5:$G$104-'Unit Mix'!$F$5:$F$104)))*(1+'Assumptions'!$B$7)^(($A99-1)/12),"")) | H99: =IF($G99="","",IFERROR($D99*'Assumptions'!$B$9*(1+'Assumptions'!$B$10)^(($A99-1)/12),"")) | I99: =IF($G99="","",IFERROR($G99*'Assumptions'!$B$11,"")) | J99: =IF($G99="","",IFERROR(SUM($G99:$I99),"")) | K99: =IF($J99="","",IFERROR($J99*'Assumptions'!$B$12,"")) | L99: =IF($J99="","",IFERROR('Assumptions'!$B$13*(1+'Assumptions'!$B$14)^(($A99-1)/12),"")) | M99: =IF($J99="","",IFERROR('Assumptions'!$B$15,"")) | N99: =IF($J99="","",IFERROR($J99-SUM($K99:$M99),"")) | O99: =IF($N99="","",IFERROR('Assumptions'!$B$16,"")) | P99: =IF($N99="","",IFERROR($N99-$O99,"")) | Q99: =IF($A99="","",IF($C99=0,"Review",IF(OR($E99<'Assumptions'!$B$18,$P99<'Assumptions'!$B$17),"Review","OK")))
A100: =IF(96<='Assumptions'!$B$6,96,"") | B100: =IF($A100="","",IFERROR(EDATE('Assumptions'!$B$5,$A100-1),"")) | C100: =IF($A100="","",IFERROR(SUMIFS('Unit Mix'!$D$5:$D$104,'Unit Mix'!$A$5:$A$104,'Assumptions'!$B$4,'Unit Mix'!$I$5:$I$104,"Included"),"")) | D100: =IF(OR($A100="",$C100=0),"",IFERROR(SUMPRODUCT(('Unit Mix'!$A$5:$A$104='Assumptions'!$B$4)*('Unit Mix'!$I$5:$I$104="Included")*'Unit Mix'!$D$5:$D$104*('Unit Mix'!$F$5:$F$104+MIN(1,IFERROR(($A100-1)/'Assumptions'!$B$8,0))*('Unit Mix'!$G$5:$G$104-'Unit Mix'!$F$5:$F$104))),"")) | E100: =IF(OR($A100="",$C100=0),"",IFERROR($D100/$C100,"")) | F100: =IF(OR($A100="",$C100=0),"",IFERROR(SUMPRODUCT(('Unit Mix'!$A$5:$A$104='Assumptions'!$B$4)*('Unit Mix'!$I$5:$I$104="Included")*'Unit Mix'!$D$5:$D$104*'Unit Mix'!$E$5:$E$104)*(1+'Assumptions'!$B$7)^(($A100-1)/12),"")) | G100: =IF(OR($A100="",$C100=0),"",IFERROR(SUMPRODUCT(('Unit Mix'!$A$5:$A$104='Assumptions'!$B$4)*('Unit Mix'!$I$5:$I$104="Included")*'Unit Mix'!$D$5:$D$104*'Unit Mix'!$E$5:$E$104*('Unit Mix'!$F$5:$F$104+MIN(1,IFERROR(($A100-1)/'Assumptions'!$B$8,0))*('Unit Mix'!$G$5:$G$104-'Unit Mix'!$F$5:$F$104)))*(1+'Assumptions'!$B$7)^(($A100-1)/12),"")) | H100: =IF($G100="","",IFERROR($D100*'Assumptions'!$B$9*(1+'Assumptions'!$B$10)^(($A100-1)/12),"")) | I100: =IF($G100="","",IFERROR($G100*'Assumptions'!$B$11,"")) | J100: =IF($G100="","",IFERROR(SUM($G100:$I100),"")) | K100: =IF($J100="","",IFERROR($J100*'Assumptions'!$B$12,"")) | L100: =IF($J100="","",IFERROR('Assumptions'!$B$13*(1+'Assumptions'!$B$14)^(($A100-1)/12),"")) | M100: =IF($J100="","",IFERROR('Assumptions'!$B$15,"")) | N100: =IF($J100="","",IFERROR($J100-SUM($K100:$M100),"")) | O100: =IF($N100="","",IFERROR('Assumptions'!$B$16,"")) | P100: =IF($N100="","",IFERROR($N100-$O100,"")) | Q100: =IF($A100="","",IF($C100=0,"Review",IF(OR($E100<'Assumptions'!$B$18,$P100<'Assumptions'!$B$17),"Review","OK")))
A101: =IF(97<='Assumptions'!$B$6,97,"") | B101: =IF($A101="","",IFERROR(EDATE('Assumptions'!$B$5,$A101-1),"")) | C101: =IF($A101="","",IFERROR(SUMIFS('Unit Mix'!$D$5:$D$104,'Unit Mix'!$A$5:$A$104,'Assumptions'!$B$4,'Unit Mix'!$I$5:$I$104,"Included"),"")) | D101: =IF(OR($A101="",$C101=0),"",IFERROR(SUMPRODUCT(('Unit Mix'!$A$5:$A$104='Assumptions'!$B$4)*('Unit Mix'!$I$5:$I$104="Included")*'Unit Mix'!$D$5:$D$104*('Unit Mix'!$F$5:$F$104+MIN(1,IFERROR(($A101-1)/'Assumptions'!$B$8,0))*('Unit Mix'!$G$5:$G$104-'Unit Mix'!$F$5:$F$104))),"")) | E101: =IF(OR($A101="",$C101=0),"",IFERROR($D101/$C101,"")) | F101: =IF(OR($A101="",$C101=0),"",IFERROR(SUMPRODUCT(('Unit Mix'!$A$5:$A$104='Assumptions'!$B$4)*('Unit Mix'!$I$5:$I$104="Included")*'Unit Mix'!$D$5:$D$104*'Unit Mix'!$E$5:$E$104)*(1+'Assumptions'!$B$7)^(($A101-1)/12),"")) | G101: =IF(OR($A101="",$C101=0),"",IFERROR(SUMPRODUCT(('Unit Mix'!$A$5:$A$104='Assumptions'!$B$4)*('Unit Mix'!$I$5:$I$104="Included")*'Unit Mix'!$D$5:$D$104*'Unit Mix'!$E$5:$E$104*('Unit Mix'!$F$5:$F$104+MIN(1,IFERROR(($A101-1)/'Assumptions'!$B$8,0))*('Unit Mix'!$G$5:$G$104-'Unit Mix'!$F$5:$F$104)))*(1+'Assumptions'!$B$7)^(($A101-1)/12),"")) | H101: =IF($G101="","",IFERROR($D101*'Assumptions'!$B$9*(1+'Assumptions'!$B$10)^(($A101-1)/12),"")) | I101: =IF($G101="","",IFERROR($G101*'Assumptions'!$B$11,"")) | J101: =IF($G101="","",IFERROR(SUM($G101:$I101),"")) | K101: =IF($J101="","",IFERROR($J101*'Assumptions'!$B$12,"")) | L101: =IF($J101="","",IFERROR('Assumptions'!$B$13*(1+'Assumptions'!$B$14)^(($A101-1)/12),"")) | M101: =IF($J101="","",IFERROR('Assumptions'!$B$15,"")) | N101: =IF($J101="","",IFERROR($J101-SUM($K101:$M101),"")) | O101: =IF($N101="","",IFERROR('Assumptions'!$B$16,"")) | P101: =IF($N101="","",IFERROR($N101-$O101,"")) | Q101: =IF($A101="","",IF($C101=0,"Review",IF(OR($E101<'Assumptions'!$B$18,$P101<'Assumptions'!$B$17),"Review","OK")))
...

Sheet Assumptions
A1: Self Storage Pro Forma Assumptions
A2: Edit yellow scenario inputs for the fictional facility. Validation limits help identify inconsistent entries.
A3: Assumption | B3: Value | C3: Units and Limits | D3: Status Options | E3: Owner Options
A4: Facility | B4: Cedar Lantern Storage - Lake Briar (Fictional) | C4: Scenario facility label | D4: Included | E4: Facility Manager
A5: Projection Start | B5: 46388 | C5: MM/DD/YYYY | D5: Excluded | E5: Regional Operator
A6: Projection Months | B6: 60 | C6: 12 to 60 months | D6: Review | E6: Acquisition Analyst
A7: Annual Rent Growth | B7: 0.03 | C7: 0.0% to 25.0% | E7: Asset Manager
A8: Occupancy Ramp | B8: 24 | C8: 1 to 60 months
A9: Ancillary Income per Occupied Unit | B9: 9.5 | C9: US dollars per month
A10: Annual Ancillary Income Growth | B10: 0.02 | C10: 0.0% to 100.0%
A11: Other Income as % of Scheduled Rent | B11: 0.015 | C11: 0.0% to 100.0%
A12: Variable Operating Expense as % of EGI | B12: 0.08 | C12: 0.0% to 100.0%
A13: Fixed Operating Expenses per Month | B13: 14500 | C13: US dollars
A14: Annual Fixed Expense Growth | B14: 0.03 | C14: 0.0% to 100.0%
A15: Replacement Reserve per Month | B15: 1500 | C15: US dollars
A16: Debt Service per Month | B16: 10000 | C16: US dollars
A17: Minimum Monthly Cash Flow Threshold | B17: 0 | C17: US dollars
A18: Occupancy Review Threshold | B18: 0.75 | C18: 0.0% to 100.0%
